Workbook

Sheet Notes
A1: ASIAN DEVELOPMENT BANK - PNG MACROECONOMIC MODELLING DATASET
A2: CONTACT: ABATTEN@ADB.ORG
A4: Number shading
A5: Figures in black are raw data, copied as is from source
A6: Figures in blue are derived or computed from raw data
A7: Figures in red are computed figures that do not tally with those from the original data source.
A9: Cell shading
B10: excel-based data not available
B11: National Income Accounts and Prices
B12: External Sector Accounts and BOP
B13: Monetary Sector Accounts
B14: Fiscal Sector Accounts
B15: International Economic Indicators

Sheet Database Content
A1: Papua New Guinea
A2: Macro Model Database
A3: Main Cateogry | B3: Subcategory | C3: Series Description | D3: Series Code | E3: Mnemonic | F3: Unit | G3: Frequency | H3: Start Date | I3: End Date | J3: No of years | K3: Source | L3: Publication | M3: Notes
A5: National Income Accounts and Prices | B5: Gross domestic product | C5: GDP, constant (1983| 1998 prices) | D5: NGDPTOTCON | E5: GDP_R | F5: K Million | G5: annual | H5: 28490 | I5: 39082 | J5: =YEAR(I5)-YEAR(H5) -> 29 | K5: Bank of PNG | L5: Quarterly Economic Bulletin (Table 9.7) | M5: Break in series in 1994
A6: National Income Accounts and Prices | B6: Gross domestic product | C6: GDP, current prices | D6: NGDPTOTCUR | E6: GDP_N | F6: K Million | G6: annual | H6: 28490 | I6: 39082 | J6: =YEAR(I6)-YEAR(H6) -> 29 | K6: Bank of PNG | L6: Quarterly Economic Bulletin (Table 9.6) | M6: Break in series in 1994
A7: National Income Accounts and Prices | B7: Gross domestic product | C7: GDP, non-mining, current | D7: NGDPMINCUR | E7: NMIN_N | F7: K Million | G7: annual | H7: 34699 | I7: 39082 | J7: =YEAR(I7)-YEAR(H7) -> 12 | K7: PNG NSO | L7: National Accounts Statistics
A8: National Income Accounts and Prices | B8: Gross domestic product | C8: GDP, non-mining, constant (1998 price) | D8: NGDPNMICON | E8: NMIN_R | F8: K Million | G8: annual | H8: 34699 | I8: 39082 | J8: =YEAR(I8)-YEAR(H8) -> 12 | K8: PNG NSO | L8: National Accounts Statistics
A9: National Income Accounts and Prices | B9: Gross domestic product by industry | C9: Agriculture, Forestry and Fishery | D9: NGDPAGRCUR | E9: AGR_N | F9: K Million | G9: annual | H9: 34699 | I9: 40178 | J9: =YEAR(I9)-YEAR(H9) -> 15 | K9: PNG NSO, Dept of Treasury | L9: National Accounts Statistics | M9: Data beginning 2007 are estimates from the Dept of Treasury
A10: National Income Accounts and Prices | B10: Gross domestic product by industry | C10: Mining and Petroleum | D10: NGDPMINCUR | E10: MIN_N | F10: K Million | G10: annual | H10: 34699 | I10: 40178 | J10: =YEAR(I10)-YEAR(H10) -> 15 | K10: PNG NSO, Dept of Treasury | L10: National Accounts Statistics | M10: Data beginning 2007 are estimates from the Dept of Treasury
A11: National Income Accounts and Prices | B11: Gross domestic product by industry | C11: Manufacturing | D11: NGDPMANCUR | E11: MAN_N | F11: K Million | G11: annual | H11: 34699 | I11: 40178 | J11: =YEAR(I11)-YEAR(H11) -> 15 | K11: PNG NSO, Dept of Treasury | L11: National Accounts Statistics | M11: Data beginning 2007 are estimates from the Dept of Treasury
A12: National Income Accounts and Prices | B12: Gross domestic product by industry | C12: Electricity, gas and water | D12: NGDPELECUR | E12: ELE_N | F12: K Million | G12: annual | H12: 34699 | I12: 40178 | J12: =YEAR(I12)-YEAR(H12) -> 15 | K12: PNG NSO, Dept of Treasury | L12: National Accounts Statistics | M12: Data beginning 2007 are estimates from the Dept of Treasury
A13: National Income Accounts and Prices | B13: Gross domestic product by industry | C13: Construction | D13: NGDPCONCUR | E13: CTN_N | F13: K Million | G13: annual | H13: 34699 | I13: 40178 | J13: =YEAR(I13)-YEAR(H13) -> 15 | K13: PNG NSO, Dept of Treasury | L13: National Accounts Statistics | M13: Data beginning 2007 are estimates from the Dept of Treasury
A14: National Income Accounts and Prices | B14: Gross domestic product by industry | C14: Trade | D14: NGDPTRACUR | E14: TRA_N | F14: K Million | G14: annual | H14: 34699 | I14: 40178 | J14: =YEAR(I14)-YEAR(H14) -> 15 | K14: PNG NSO, Dept of Treasury | L14: National Accounts Statistics | M14: Data beginning 2007 are estimates from the Dept of Treasury
A15: National Income Accounts and Prices | B15: Gross domestic product by industry | C15: Transport and communications | D15: NGDPTRNCUR | E15: TRNS_N | F15: K Million | G15: annual | H15: 34699 | I15: 40178 | J15: =YEAR(I15)-YEAR(H15) -> 15 | K15: PNG NSO, Dept of Treasury | L15: National Accounts Statistics | M15: Data beginning 2007 are estimates from the Dept of Treasury
A16: National Income Accounts and Prices | B16: Gross domestic product by industry | C16: Financing, insurance, real estate and business service | D16: NGDPFINCUR | E16: FIN_N | F16: K Million | G16: annual | H16: 34699 | I16: 40178 | J16: =YEAR(I16)-YEAR(H16) -> 15 | K16: PNG NSO, Dept of Treasury | L16: National Accounts Statistics | M16: Data beginning 2007 are estimates from the Dept of Treasury
A17: National Income Accounts and Prices | B17: Gross domestic product by industry | C17: Public Community, social & personal services | E17: GCSS_N | F17: K Million | G17: annual | H17: 34699 | I17: 40178 | J17: =YEAR(I17)-YEAR(H17) -> 15 | K17: PNG NSO, Dept of Treasury | L17: National Accounts Statistics | M17: Data beginning 2007 are estimates from the Dept of Treasury
A18: National Income Accounts and Prices | B18: Gross domestic product by industry | C18: Private Community, social & personal services | E18: PCSS_N | F18: K Million | G18: annual | H18: 34699 | I18: 40178 | J18: =YEAR(I18)-YEAR(H18) -> 15 | K18: PNG NSO, Dept of Treasury | L18: National Accounts Statistics | M18: Data beginning 2007 are estimates from the Dept of Treasury
A19: National Income Accounts and Prices | B19: Gross domestic product by expenditure | C19: Private consumption, current | D19: NGDPPRCCUR | E19: PCON_N | F19: K Million | G19: annual | H19: 28490 | I19: 39082 | J19: =YEAR(I19)-YEAR(H19) -> 29 | K19: Bank of PNG | L19: Quarterly Economic Bulletin (Table 9.7) | M19: Break in series in 1994
A20: National Income Accounts and Prices | B20: Gross domestic product by expenditure | C20: Government consumption, current | D20: NGDPPUCCUR | E20: GCON_N | F20: K Million | G20: annual | H20: 28490 | I20: 39082 | J20: =YEAR(I20)-YEAR(H20) -> 29 | K20: Bank of PNG | L20: Quarterly Economic Bulletin (Table 9.7) | M20: Break in series in 1994
A21: National Income Accounts and Prices | B21: Gross domestic product by expenditure | C21: Gross domestic capital formation, current | D21: NGDPCAPCUR | E21: INV_N | F21: K Million | G21: annual | H21: 28490 | I21: 39082 | J21: =YEAR(I21)-YEAR(H21) -> 29 | K21: Bank of PNG | L21: Quarterly Economic Bulletin (Table 9.7) | M21: Break in series in 1994
A22: National Income Accounts and Prices | B22: Gross domestic product by expenditure | C22: Change in stocks, current | D22: NGDPSTOCUR | E22: STO_N | F22: K Million | G22: annual | H22: 28490 | I22: 39082 | J22: =YEAR(I22)-YEAR(H22) -> 29 | K22: Bank of PNG | L22: Quarterly Economic Bulletin (Table 9.7) | M22: Break in series in 1994
A23: National Income Accounts and Prices | B23: Gross domestic product by expenditure | C23: Exports of goods & services, current | D23: NGDPEXPCUR | E23: XGS_N | F23: K Million | G23: annual | H23: 28490 | I23: 39082 | J23: =YEAR(I23)-YEAR(H23) -> 29 | K23: Bank of PNG | L23: Quarterly Economic Bulletin (Table 9.7) | M23: Break in series in 1994
A24: National Income Accounts and Prices | B24: Gross domestic product by expenditure | C24: Imports of goods and services, current | D24: NGDPIMPCUR | E24: MGS_N | F24: K Million | G24: annual | H24: 28490 | I24: 39082 | J24: =YEAR(I24)-YEAR(H24) -> 29 | K24: Bank of PNG | L24: Quarterly Economic Bulletin (Table 9.7) | M24: Break in series in 1994
A25: National Income Accounts and Prices | B25: Gross domestic product by expenditure | C25: Private consumption, constant | D25: NGDPPRCCON | E25: PCON_R | F25: K Million | G25: annual | H25: 28490 | I25: 39082 | J25: =YEAR(I25)-YEAR(H25) -> 29 | K25: Bank of PNG | L25: Quarterly Economic Bulletin (Table 9.7) | M25: Break in series in 1994
A26: National Income Accounts and Prices | B26: Gross domestic product by expenditure | C26: Government consumption, constant | D26: NGDPPUCCON | E26: GCON_R | F26: K Million | G26: annual | H26: 28490 | I26: 39082 | J26: =YEAR(I26)-YEAR(H26) -> 29 | K26: Bank of PNG | L26: Quarterly Economic Bulletin (Table 9.7) | M26: Break in series in 1994
A27: National Income Accounts and Prices | B27: Gross domestic product by expenditure | C27: Gross domestic capital formation, constant | D27: NGDPCAPCON | E27: INV_R | F27: K Million | G27: annual | H27: 28490 | I27: 39082 | J27: =YEAR(I27)-YEAR(H27) -> 29 | K27: Bank of PNG | L27: Quarterly Economic Bulletin (Table 9.7) | M27: Break in series in 1994
A28: National Income Accounts and Prices | B28: Gross domestic product by expenditure | C28: Change in stocks, constant | D28: NGDPSTOCON | E28: STO_R | F28: K Million | G28: annual | H28: 28490 | I28: 39082 | J28: =YEAR(I28)-YEAR(H28) -> 29 | K28: Bank of PNG | L28: Quarterly Economic Bulletin (Table 9.7) | M28: Break in series in 1994
A29: National Income Accounts and Prices | B29: Gross domestic product by expenditure | C29: Exports of goods & services, constant | D29: NGDPEXPCON | E29: XGS_R | F29: K Million | G29: annual | H29: 28490 | I29: 39082 | J29: =YEAR(I29)-YEAR(H29) -> 29 | K29: Bank of PNG | L29: Quarterly Economic Bulletin (Table 9.7) | M29: Break in series in 1994
A30: National Income Accounts and Prices | B30: Gross domestic product by expenditure | C30: Imports of goods and services, constant | D30: NGDPIMPCON | E30: MGS_R | F30: K Million | G30: annual | H30: 28490 | I30: 39082 | J30: =YEAR(I30)-YEAR(H30) -> 29 | K30: Bank of PNG | L30: Quarterly Economic Bulletin (Table 9.7) | M30: Break in series in 1994
A31: National Income Accounts and Prices | B31: Gross domestic product by expenditure | C31: GDP | E31: GDP_D | F31: Index | G31: annual | H31: 28490 | I31: 39082 | J31: =YEAR(I31)-YEAR(H31) -> 29 | K31: Bank of PNG | L31: Quarterly Economic Bulletin (Table 9.7)
A32: National Income Accounts and Prices | B32: Deflators for GDP Expenditure Components | C32: Private consumption | D32: NGDPPRCDEF | E32: PCON_D | F32: Index | G32: annual | H32: 28490 | I32: 39082 | J32: =YEAR(I32)-YEAR(H32) -> 29 | K32: Bank of PNG | L32: Quarterly Economic Bulletin (Table 9.7) | M32: Break in series in 1994
A33: National Income Accounts and Prices | B33: Deflators for GDP Expenditure Components | C33: Government consumption | D33: NGDPPUCDEF | E33: GCON_D | F33: Index | G33: annual | H33: 28490 | I33: 39082 | J33: =YEAR(I33)-YEAR(H33) -> 29 | K33: Bank of PNG | L33: Quarterly Economic Bulletin (Table 9.7) | M33: Break in series in 1994
A34: National Income Accounts and Prices | B34: Deflators for GDP Expenditure Components | C34: Gross domestic capital formation | D34: NGDPCAPDEF | E34: INV_D | F34: Index | G34: annual | H34: 28490 | I34: 39082 | J34: =YEAR(I34)-YEAR(H34) -> 29 | K34: Bank of PNG | L34: Quarterly Economic Bulletin (Table 9.7) | M34: Break in series in 1994
A35: National Income Accounts and Prices | B35: Deflators for GDP Expenditure Components | C35: Exports of goods & services | D35: NGDPEXPDEF | E35: XGS_D | F35: Index | G35: annual | H35: 28490 | I35: 39082 | J35: =YEAR(I35)-YEAR(H35) -> 29 | K35: Bank of PNG | L35: Quarterly Economic Bulletin (Table 9.7) | M35: Break in series in 1994
A36: National Income Accounts and Prices | B36: Deflators for GDP Expenditure Components | C36: Imports of goods and services | D36: NGDPIMPDEF | E36: MGS_D | F36: Index | G36: annual | H36: 28490 | I36: 39082 | J36: =YEAR(I36)-YEAR(H36) -> 29 | K36: Bank of PNG | L36: Quarterly Economic Bulletin (Table 9.7) | M36: Break in series in 1994
A37: National Income Accounts and Prices | B37: Gross domestic product by income component | C37: Compensation of employees | D37: NGDPCOMCUR | E37: COM_N | F37: K Million | G37: annual | H37: 28490 | I37: 39082 | J37: =YEAR(I37)-YEAR(H37) -> 29 | K37: Bank of PNG | L37: Quarterly Economic Bulletin (Table 9.8)
A38: National Income Accounts and Prices | B38: Gross domestic product by income component | C38: Gross operating surplus | D38: NGDPOPECUR | E38: GOS_N | F38: K Million | G38: annual | H38: 28490 | I38: 39082 | J38: =YEAR(I38)-YEAR(H38) -> 29 | K38: Bank of PNG | L38: Quarterly Economic Bulletin (Table 9.8)
A39: National Income Accounts and Prices | B39: Gross domestic product by income component | C39: GDP at factor cost | E39: GDPF_N | F39: K Million | G39: annual | H39: 28490 | I39: 39082 | J39: =YEAR(I39)-YEAR(H39) -> 29 | K39: Bank of PNG | L39: Quarterly Economic Bulletin (Table 9.8)
A40: National Income Accounts and Prices | B40: Gross domestic product by income component | C40: Indirect taxes less subsidies | D40: NGDPTAXCUR | E40: ITAX_N | F40: K Million | G40: annual | H40: 28490 | I40: 39082 | J40: =YEAR(I40)-YEAR(H40) -> 29 | K40: Bank of PNG | L40: Quarterly Economic Bulletin (Table 9.8)
A41: National Income Accounts and Prices | B41: Gross domestic product by income component | C41: Net factor income from abroad | E41: NFIA_N | F41: K Million | G41: annual | H41: 28490 | I41: 39082 | J41: =YEAR(I41)-YEAR(H41) -> 29 | K41: Bank of PNG | L41: Quarterly Economic Bulletin (Table 9.8)
A42: National Income Accounts and Prices | B42: Gross domestic product by income component | C42: GNP | E42: GNP_N | F42: K Million | G42: annual | H42: 28490 | I42: 39082 | J42: =YEAR(I42)-YEAR(H42) -> 29 | K42: Bank of PNG | L42: Quarterly Economic Bulletin (Table 9.8)
A43: National Income Accounts and Prices | B43: Consumer price index | C43: Consumer price index (1977=100) | D43: NCPITOT | E43: CPI | F43: Index | G43: quarterly | H43: 28215 | I43: 40359 | J43: =YEAR(I43)-YEAR(H43) -> 33 | K43: Bank of PNG | L43: Quarterly Economic Bulletin (Table 9.2)
A44: National Income Accounts and Prices | B44: Consumer price index | C44: CPI - Food | D44: NCPIFOO | E44: CPIF | F44: Index | G44: quarterly | H44: 28215 | I44: 40359 | J44: =YEAR(I44)-YEAR(H44) -> 33 | K44: Bank of PNG | L44: Quarterly Economic Bulletin (Table 9.2)
A45: National Income Accounts and Prices | B45: Consumer price index | C45: CPI - Non-food | D45: NCPINFO | E45: CPINF | F45: Index | G45: quarterly | H45: 28215 | I45: 40359 | J45: =YEAR(I45)-YEAR(H45) -> 33 | K45: Bank of PNG | L45: Quarterly Economic Bulletin (Table 9.2)
A46: National Income Accounts and Prices | B46: Consumer price index | C46: Inflation | E46: INF | F46: percentage change | G46: quarterly | H46: 28215 | I46: 40359 | J46: =YEAR(I46)-YEAR(H46) -> 33 | K46: Bank of PNG | L46: Quarterly Economic Bulletin (Table 9.2)
A47: National Income Accounts and Prices | B47: Consumer price index | C47: Inflation - food | E47: INFF | F47: percentage change | G47: quarterly | H47: 28215 | I47: 40359 | J47: =YEAR(I47)-YEAR(H47) -> 33 | K47: Bank of PNG | L47: Quarterly Economic Bulletin (Table 9.2)
A48: National Income Accounts and Prices | B48: Consumer price index | C48: Inflation - non-food | E48: INFNF | F48: percentage change | G48: quarterly | H48: 28215 | I48: 40359 | J48: =YEAR(I48)-YEAR(H48) -> 33 | K48: Bank of PNG | L48: Quarterly Economic Bulletin (Table 9.2)
A49: National Income Accounts and Prices | B49: Employment by industry | C49: Employment (March 2002=100) | D49: NEMPTOT | E49: EMP | F49: Index | G49: quarterly | H49: 32963 | I49: 40268 | J49: =YEAR(I49)-YEAR(H49) -> 20 | K49: Bank of PNG | L49: Quarterly Economic Bulletin (Table 9.5)
A50: National Income Accounts and Prices | B50: Employment by industry | C50: Employment, Mineral | D50: NEMPMIN | E50: EMPM | F50: Index | G50: quarterly | H50: 32963 | I50: 40268 | J50: =YEAR(I50)-YEAR(H50) -> 20 | K50: Bank of PNG | L50: Quarterly Economic Bulletin (Table 9.5)
A51: National Income Accounts and Prices | B51: Employment by industry | C51: Employment, Non-mineral | D51: NEMPNMN | E51: EMPNM | F51: Index | G51: quarterly | H51: 32963 | I51: 40268 | J51: =YEAR(I51)-YEAR(H51) -> 20 | K51: Bank of PNG | L51: Quarterly Economic Bulletin (Table 9.5)
A52: External Sector Accounts and BOP | B52: Balance of payments | C52: Current account balance | D52: EBOPCUR | E52: CAB | F52: K Million | G52: quarterly | H52: 35611 | I52: 40359 | J52: =YEAR(I52)-YEAR(H52) -> 13 | K52: Bank of PNG | L52: Quarterly Economic Bulletin (Table 8.1)
A53: External Sector Accounts and BOP | B53: Balance of payments | C53: Trade balance | E53: TRB | F53: K Million | G53: quarterly | H53: 35611 | I53: 40359 | J53: =YEAR(I53)-YEAR(H53) -> 13 | K53: Bank of PNG | L53: Quarterly Economic Bulletin (Table 8.1)
A54: External Sector Accounts and BOP | B54: Balance of payments | C54: Credit | E54: TRBX | F54: K Million | G54: quarterly | H54: 35611 | I54: 40359 | J54: =YEAR(I54)-YEAR(H54) -> 13 | K54: Bank of PNG | L54: Quarterly Economic Bulletin (Table 8.1)
A55: External Sector Accounts and BOP | B55: Balance of payments | C55: Debit | E55: TRBM | F55: K Million | G55: quarterly | H55: 35611 | I55: 40359 | J55: =YEAR(I55)-YEAR(H55) -> 13 | K55: Bank of PNG | L55: Quarterly Economic Bulletin (Table 8.1)
A56: External Sector Accounts and BOP | B56: Balance of payments | C56: Goods balance | D56: EBOPTRA | E56: GOB | F56: K Million | G56: quarterly | H56: 35611 | I56: 40359 | J56: =YEAR(I56)-YEAR(H56) -> 13 | K56: Bank of PNG | L56: Quarterly Economic Bulletin (Table 8.1)
A57: External Sector Accounts and BOP | B57: Balance of payments | C57: Credit (exports) | E57: GOBX | F57: K Million | G57: quarterly | H57: 35611 | I57: 40359 | J57: =YEAR(I57)-YEAR(H57) -> 13 | K57: Bank of PNG | L57: Quarterly Economic Bulletin (Table 8.1)
A58: External Sector Accounts and BOP | B58: Balance of payments | C58: Debit (Imports) | E58: GOBM | F58: K Million | G58: quarterly | H58: 35611 | I58: 40359 | J58: =YEAR(I58)-YEAR(H58) -> 13 | K58: Bank of PNG | L58: Quarterly Economic Bulletin (Table 8.1)
A59: External Sector Accounts and BOP | B59: Balance of payments | C59: Service balance | E59: SEB | F59: K Million | G59: quarterly | H59: 37346 | I59: 40359 | J59: =YEAR(I59)-YEAR(H59) -> 8 | K59: Bank of PNG | L59: Quarterly Economic Bulletin (Table 8.1)
A60: External Sector Accounts and BOP | B60: Balance of payments | C60: Credit | E60: SEBC | F60: K Million | G60: quarterly | H60: 37346 | I60: 40359 | J60: =YEAR(I60)-YEAR(H60) -> 8 | K60: Bank of PNG | L60: Quarterly Economic Bulletin (Table 8.1)
A61: External Sector Accounts and BOP | B61: Balance of payments | C61: Debit | E61: SEBD | F61: K Million | G61: quarterly | H61: 37346 | I61: 40359 | J61: =YEAR(I61)-YEAR(H61) -> 8 | K61: Bank of PNG | L61: Quarterly Economic Bulletin (Table 8.1)
A62: External Sector Accounts and BOP | B62: Balance of payments | C62: Income balance | E62: INB | F62: K Million | G62: quarterly | H62: 37346 | I62: 40359 | J62: =YEAR(I62)-YEAR(H62) -> 8 | K62: Bank of PNG | L62: Quarterly Economic Bulletin (Table 8.1)
A63: External Sector Accounts and BOP | B63: Balance of payments | C63: Credit | E63: INBC | F63: K Million | G63: quarterly | H63: 37346 | I63: 40359 | J63: =YEAR(I63)-YEAR(H63) -> 8 | K63: Bank of PNG | L63: Quarterly Economic Bulletin (Table 8.1)
A64: External Sector Accounts and BOP | B64: Balance of payments | C64: Debit | E64: INBD | F64: K Million | G64: quarterly | H64: 37346 | I64: 40359 | J64: =YEAR(I64)-YEAR(H64) -> 8 | K64: Bank of PNG | L64: Quarterly Economic Bulletin (Table 8.1)
A65: External Sector Accounts and BOP | B65: Balance of payments | C65: Transfers balance | E65: TFB | F65: K Million | G65: quarterly | H65: 37346 | I65: 40359 | J65: =YEAR(I65)-YEAR(H65) -> 8 | K65: Bank of PNG | L65: Quarterly Economic Bulletin (Table 8.1)
A66: External Sector Accounts and BOP | B66: Balance of payments | C66: Credit | E66: TFBC | F66: K Million | G66: quarterly | H66: 37346 | I66: 40359 | J66: =YEAR(I66)-YEAR(H66) -> 8 | K66: Bank of PNG | L66: Quarterly Economic Bulletin (Table 8.1)
A67: External Sector Accounts and BOP | B67: Balance of payments | C67: Debit | E67: TFBD | F67: K Million | G67: quarterly | H67: 37346 | I67: 40359 | J67: =YEAR(I67)-YEAR(H67) -> 8 | K67: Bank of PNG | L67: Quarterly Economic Bulletin (Table 8.1)
A68: External Sector Accounts and BOP | B68: Balance of payments | C68: Capital account balance | D68: EBOPCAP | E68: CPB | F68: K Million | G68: quarterly | H68: 35611 | I68: 40359 | J68: =YEAR(I68)-YEAR(H68) -> 13 | K68: Bank of PNG | L68: Quarterly Economic Bulletin (Table 8.1)
A69: External Sector Accounts and BOP | B69: Balance of payments | C69: Credit | E69: CPBC | F69: K Million | G69: quarterly | H69: 37346 | I69: 40359 | J69: =YEAR(I69)-YEAR(H69) -> 8 | K69: Bank of PNG | L69: Quarterly Economic Bulletin (Table 8.1)
A70: External Sector Accounts and BOP | B70: Balance of payments | C70: Debit | E70: CPBD | F70: K Million | G70: quarterly | H70: 37346 | I70: 40359 | J70: =YEAR(I70)-YEAR(H70) -> 8 | K70: Bank of PNG | L70: Quarterly Economic Bulletin (Table 8.1)
A71: External Sector Accounts and BOP | B71: Balance of payments | C71: Financial account balance | D71: EBOPFIN | E71: FAB | F71: K Million | G71: quarterly | H71: 35611 | I71: 40359 | J71: =YEAR(I71)-YEAR(H71) -> 13 | K71: Bank of PNG | L71: Quarterly Economic Bulletin (Table 8.1)
A72: External Sector Accounts and BOP | B72: Balance of payments | C72: Credit | E72: FABC | F72: K Million | G72: quarterly | H72: 37346 | I72: 40359 | J72: =YEAR(I72)-YEAR(H72) -> 8 | K72: Bank of PNG | L72: Quarterly Economic Bulletin (Table 8.1)
A73: External Sector Accounts and BOP | B73: Balance of payments | C73: Debit | E73: FABD | F73: K Million | G73: quarterly | H73: 37346 | I73: 40359 | J73: =YEAR(I73)-YEAR(H73) -> 8 | K73: Bank of PNG | L73: Quarterly Economic Bulletin (Table 8.1)
A74: External Sector Accounts and BOP | B74: Balance of payments | C74: Overall balance | D74: EBOPOVR | E74: OVB | F74: K Million | G74: quarterly | H74: 35611 | I74: 40359 | J74: =YEAR(I74)-YEAR(H74) -> 13 | K74: Bank of PNG | L74: Quarterly Economic Bulletin (Table 8.1)
A75: External Sector Accounts and BOP | B75: NFA of Depository Corporations | C75: BPNG Holdings of Gold and Foreign Exchange | D75: ENFABHOL | E75: GFX | F75: K Million | G75: monthly | H75: 37287 | I75: 40268 | J75: =YEAR(I75)-YEAR(H75) -> 8 | K75: Bank of PNG | L75: Quarterly Economic Bulletin (Table 8.10)
A76: External Sector Accounts and BOP | B76: NFA of Depository Corporations | C76: International Reserves | D76: ENFAIRS | E76: IRES | F76: K Million | G76: monthly | H76: 37287 | I76: 40268 | J76: =YEAR(I76)-YEAR(H76) -> 8 | K76: Bank of PNG | L76: Quarterly Economic Bulletin (Table 8.10)
A77: External Sector Accounts and BOP | B77: Trade | C77: Total exports | D77: ETRATOX | E77: XGST_N | F77: K Million, fob | G77: quarterly | H77: 32963 | I77: 40359 | J77: =YEAR(I77)-YEAR(H77) -> 20 | K77: Bank of PNG | L77: Quarterly Economic Bulletin (Table 8.2) | M77: Break in series in 2001
A78: External Sector Accounts and BOP | B78: Trade | C78: Non-mineral exports | D78: ETRAXNM | E78: XNM_N | F78: K Million, fob | G78: quarterly | H78: 32963 | I78: 40359 | J78: =YEAR(I78)-YEAR(H78) -> 20 | K78: Bank of PNG | L78: Quarterly Economic Bulletin (Table 8.2) | M78: Break in series in 2001
A79: External Sector Accounts and BOP | B79: Trade | C79: Mineral exports | D79: ETRAEXPMIN | E79: XMI_N | F79: K Million, fob | G79: quarterly | H79: 32963 | I79: 40359 | J79: =YEAR(I79)-YEAR(H79) -> 20 | K79: Bank of PNG | L79: Quarterly Economic Bulletin (Table 8.2)
A80: External Sector Accounts and BOP | B80: Trade | C80: Agricultural exports | D80: ETRAEXPAG | E80: XAG_N | F80: K Million, fob | G80: quarterly | H80: 32963 | I80: 40359 | J80: =YEAR(I80)-YEAR(H80) -> 20 | K80: Bank of PNG | L80: Quarterly Economic Bulletin (Table 8.2)
A81: External Sector Accounts and BOP | B81: Trade | C81: Palm oil export, in value | D81: ETRAEXPAGPMP | E81: XPA_N | F81: K Million, fob | G81: quarterly | H81: 32963 | I81: 40359 | J81: =YEAR(I81)-YEAR(H81) -> 20 | K81: Bank of PNG | L81: Quarterly Economic Bulletin (Table 8.3) | M81: Break in series in 2001
A82: External Sector Accounts and BOP | B82: Trade | C82: Palm oil export, in volume | D82: ETRAEXPAGPMQ | E82: XPA_V | F82: '000 tonnes | G82: quarterly | H82: 32963 | I82: 40359 | J82: =YEAR(I82)-YEAR(H82) -> 20 | K82: Bank of PNG | L82: Quarterly Economic Bulletin (Table 8.4) | M82: Break in series in 2001
A83: External Sector Accounts and BOP | B83: Trade | C83: Total imports | D83: ETRAIMP | E83: MGST_N | F83: K Million, fob | G83: annual | H83: 27759 | I83: 40268 | J83: =YEAR(I83)-YEAR(H83) -> 35 | K83: Bank of PNG | L83: Quarterly Economic Bulletin (Table 8.17) | M83: Break in series in 2001
A84: External Sector Accounts and BOP | B84: Trade | C84: Export volume index | E84: XGS_V | F84: index | G84: quarterly | H84: 34424 | I84: 40359 | J84: =YEAR(I84)-YEAR(H84) -> 16 | K84: Bank of PNG | L84: Quarterly Economic Bulletin (Table 8.16) | M84: Break in series in 2001
A85: External Sector Accounts and BOP | B85: Trade | C85: Mineral export volume index | E85: XMI_V | F85: index | G85: quarterly | H85: 34424 | I85: 40359 | J85: =YEAR(I85)-YEAR(H85) -> 16 | K85: Bank of PNG | L85: Quarterly Economic Bulletin (Table 8.16) | M85: Break in series in 2001
A86: External Sector Accounts and BOP | B86: Trade | C86: Non-mineral export volume index | E86: XNM_V | F86: index | G86: quarterly | H86: 34424 | I86: 40359 | J86: =YEAR(I86)-YEAR(H86) -> 16 | K86: Bank of PNG | L86: Quarterly Economic Bulletin (Table 8.16) | M86: Break in series in 2001
A87: External Sector Accounts and BOP | B87: Trade | C87: Export price index | E87: XGS_P | F87: Index | G87: quarterly | H87: 34424 | I87: 40359 | J87: =YEAR(I87)-YEAR(H87) -> 16 | K87: Bank of PNG | L87: Quarterly Economic Bulletin (Table 8.16) | M87: Break in series in 2001
A88: External Sector Accounts and BOP | B88: Trade | C88: Mineral export price index | E88: XMN_P | F88: index | G88: quarterly | H88: 34424 | I88: 40359 | J88: =YEAR(I88)-YEAR(H88) -> 16 | K88: Bank of PNG | L88: Quarterly Economic Bulletin (Table 8.16) | M88: Break in series in 2001
A89: External Sector Accounts and BOP | B89: Trade | C89: Non-mineral export price index | E89: XNM_P | F89: index | G89: quarterly | H89: 34424 | I89: 40359 | J89: =YEAR(I89)-YEAR(H89) -> 16 | K89: Bank of PNG | L89: Quarterly Economic Bulletin (Table 8.16) | M89: Break in series in 2001
A90: External Sector Accounts and BOP | B90: External public debt | C90: Total public external debt | D90: EEPBTOT | E90: DEBTX | F90: K million | G90: quarterly | H90: 32963 | I90: 40268 | J90: =YEAR(I90)-YEAR(H90) -> 20 | K90: Bank of PNG | L90: Quarterly Economic Bulletin (Table 7.3)
A91: External Sector Accounts and BOP | B91: External public debt | C91: Drawdowns | D91: EEPBDRW | E91: DRW | F91: K million | G91: quarterly | H91: 32963 | I91: 40268 | J91: =YEAR(I91)-YEAR(H91) -> 20 | K91: Bank of PNG | L91: Quarterly Economic Bulletin (Table 7.5)
A92: External Sector Accounts and BOP | B92: External public debt | C92: Principal repayments | D92: EEPBPRE | E92: PRE | F92: K million | G92: quarterly | H92: 32963 | I92: 40268 | J92: =YEAR(I92)-YEAR(H92) -> 20 | K92: Bank of PNG | L92: Quarterly Economic Bulletin (Table 7.5)
A93: Monetary Sector Accounts | B93: Volume of Money | C93: Broad money | D93: MMONBRO | E93: BRO | F93: K million | G93: monthly | H93: 37287 | I93: 40268 | J93: =YEAR(I93)-YEAR(H93) -> 8 | K93: Bank of PNG | L93: Quarterly Economic Bulletin (Table 1.3)
A94: Monetary Sector Accounts | B94: Volume of Money | C94: Narrow money | D94: MMONNAR | E94: NAR | F94: K million | G94: monthly | H94: 37287 | I94: 40268 | J94: =YEAR(I94)-YEAR(H94) -> 8 | K94: Bank of PNG | L94: Quarterly Economic Bulletin (Table 1.5)
A95: Monetary Sector Accounts | B95: Volume of Money | C95: Net foreign assets | D95: MMONNFA | E95: NFA | F95: K million | G95: monthly | H95: 37287 | I95: 40268 | J95: =YEAR(I95)-YEAR(H95) -> 8 | K95: Bank of PNG | L95: Quarterly Economic Bulletin (Table 1.3)
A96: Monetary Sector Accounts | B96: Volume of Money | C96: Domestic claims on private sector | D96: MMONDCP | E96: CLP | F96: K million | G96: monthly | H96: 37287 | I96: 40268 | J96: =YEAR(I96)-YEAR(H96) -> 8 | K96: Bank of PNG | L96: Quarterly Economic Bulletin (Table 1.3)
A97: Monetary Sector Accounts | B97: Volume of Money | C97: Domestic claims on government | D97: MMONDCG | E97: CLG | F97: K million | G97: monthly | H97: 37287 | I97: 40268 | J97: =YEAR(I97)-YEAR(H97) -> 8 | K97: Bank of PNG | L97: Quarterly Economic Bulletin (Table 1.3)
A98: Monetary Sector Accounts | B98: Commercial banks | C98: Assets: Loans to private sector | D98: MCOMALO | E98: LOA | F98: K million | G98: monthly | H98: 37287 | I98: 40268 | J98: =YEAR(I98)-YEAR(H98) -> 8 | K98: Bank of PNG | L98: Quarterly Economic Bulletin (Table 3.3)
A99: Monetary Sector Accounts | B99: Commercial banks | C99: Interest rate: deposit | D99: MCOMIRD | E99: DEP_I | F99: percent p.a. | G99: monthly | H99: 32904 | I99: 40268 | J99: =YEAR(I99)-YEAR(H99) -> 20 | K99: Bank of PNG | L99: Quarterly Economic Bulletin (Table 6.1)
A100: Monetary Sector Accounts | B100: Commercial banks | C100: Interest rate: loans | D100: MCOMIRL | E100: LOAN_I | F100: percent p.a. | G100: monthly | H100: 32904 | I100: 40268 | J100: =YEAR(I100)-YEAR(H100) -> 20 | K100: Bank of PNG | L100: Quarterly Economic Bulletin (Table 6.1)
A101: Monetary Sector Accounts | B101: Foreign exchange rate | C101: Kina per US dollar | D101: MFERUSD | E101: KUS | F101: Kina per US$ | G101: monthly | H101: 32904 | I101: 40268 | J101: =YEAR(I101)-YEAR(H101) -> 20 | K101: Bank of PNG | L101: Quarterly Economic Bulletin (Table 8.11)
...

Sheet annual data
B2: Main Cateogry | C2: National Income Accounts and Prices | BJ2: External Sector Accounts and BOP | CU2: Monetary Sector Accounts | DE2: Fiscal Sector Accounts | EB2: International Economic Indicators
B3: Subcategory | C3: GDP | G3: GDP by industry | AA3: GDP by expenditure | AN3: Deflators for GDP Expenditure Components | AU3: GDP by income component | BA3: Consumer price index | BG3: Employment by industry | BJ3: Balance of payments | CE3: NFA of Depository Corporations | CG3: Trade | CR3: External public debt | CU3: Volume of Money | CZ3: Commercial banks | DC3: Foreign exchange rate | DE3: Central Government Fiscal Operation | DY3: Public debt outstanding | EB3: World commodity prices | EJ3: Foreign inflation | EN3: Foreign gross domestic product | ES3: Foreign trade
B4: Series Description | C4: GDP, constant (1983| 1998 prices) | D4: GDP, current prices | E4: GDP, non-mining, current | F4: GDP, non-mining, constant (1998 price) | G4: Agriculture, Forestry and Fishery | H4: Mining and Petroleum | I4: Manufacturing | J4: Electricity, gas and water | K4: Construction | L4: Trade | M4: Transport and communications | N4: Financing, insurance, real estate and business service | O4: Public Community, social & personal services | P4: Private Community, social & personal services | AA4: Private consumption, current | AB4: Government consumption, current | AC4: Gross domestic capital formation, current | AD4: Change in stocks, current | AE4: Exports of goods & services, current | AF4: Imports of goods and services, current | AN4: GDP | AO4: Private consumption | AP4: Government consumption | AQ4: Gross domestic capital formation | AR4: Change in stocks | AS4: Exports of goods & services | AT4: Imports of goods and services | AU4: Compensation of employees | AV4: Gross operating surplus | AW4: GDP at factor cost | AX4: Indirect taxes less subsidies | AY4: Net factor income from abroad | AZ4: GNP | BA4: Consumer price index (1977=100) | BB4: CPI - Food | BC4: CPI - Non-food | BD4: Inflation | BE4: Inflation - food | BF4: Inflation - non-food | BG4: Employment (March 2002=100) | BH4: Employment, Mineral | BI4: Employment, Non-mineral | BJ4: Current account balance | BK4: Trade balance | BL4: Credit (exports) | BM4: Debit (Imports) | BN4: Goods balance | BO4: Credit (exports) | BP4: Debit (Imports) | BQ4: Service balance | BR4: Credit | BS4: Debit | BT4: Income balance | BU4: Credit | BV4: Debit | BW4: Transfers balance | BX4: Credit | BY4: Debit | BZ4: Capital account balance | CA4: Credit | CB4: Debit | CC4: Financial account balance | CD4: Overall balance | CE4: BPNG Holdings of Gold and Foreign Exchange | CF4: International Reserves | CG4: Total exports | CH4: Non-mineral exports | CI4: Mineral exports | CJ4: Agricultural exports | CK4: Total imports | CL4: Export volume index (1994=100) | CM4: Mineral export volume index | CN4: Non-mineral export volume index | CO4: Export price index (1994=100) | CP4: Mineral export price index | CQ4: Non-mineral export price index | CR4: Total public external debt | CS4: Drawdowns | CT4: Principal repayments | CU4: Broad money | CV4: Narrow money | CW4: Net foreign assets | CX4: Domestic claims on private sector | CY4: Domestic claims on government | CZ4: Assets: Loans to private sector | DA4: Interest rate: deposit | DB4: Interest rate: loans | DC4: Kina per US dollar | DD4: Kina per Australian dollar | DE4: Total revenue and grants | DF4: Government revenue | DG4: Mineral revenue | DH4: Non-mineral revenue | DI4: Tax revenue | DJ4: Tax on income and profits | DK4: Personal tax | DL4: Company tax | DM4: Other taxes | DN4: Tax on goods and services | DO4: Tax on international trade | DP4: Non-tax revenue | DQ4: Injection from trust accounts | DR4: Foreign grants and tax credits | DS4: Government expenditure | DT4: Recurrent | DU4: Development | DV4: Government fiscal balance | DW4: External financing | DX4: Domestic financing | DY4: Total public debt outstanding | DZ4: Domestic debt outstanding | EA4: External debt outstanding | EB4: Crude oil | EC4: Gold | ED4: Copper | EE4: Cocoa | EF4: Coffee | EG4: Copra | EH4: Copra Oil | EI4: Palm Oil | EJ4: Consumer price index : Australia | EK4: Inflation: Australia | EL4: Consumer price index : Singapore | EM4: Inflation: Singapore | EN4: Australia: gross domestic product, constant | EO4: Singapore: gross domestic product, constant | EP4: Japan: gross domestic product, constant | EQ4: South Korea: gross domestic product, constant | ER4: World: gross domestic product, constant | ES4: World: exports of goods and services | ET4: World: imports of goods and services
B5: Mnemonic | C5: GDP_R | D5: GDP_N | E5: NMIN_N | F5: NMIN_R | G5: AGR_N | H5: MIN_N | I5: MAN_N | J5: ELE_N | K5: CTN_N | L5: TRA_N | M5: TRNS_N | N5: FIN_N | O5: GCSS_N | P5: PCSS_N | Q5: AGR_R | R5: MIN_R | S5: MAN_R | T5: ELE_R | U5: CTN_R | V5: TRA_R | W5: TRNS_R | X5: FIN_R | Y5: GCSS_R | Z5: PCSS_R | AA5: PCON_N | AB5: GCON_N | AC5: INV_N | AD5: STO_N | AE5: XGS_N | AF5: MGS_N | AG5: GDP_R* | AH5: PCON_R* | AI5: GCON_R* | AJ5: INV_R* | AK5: STO_R* | AL5: XGS_R* | AM5: MGS_R* | AN5: GDP_D | AO5: PCON_D | AP5: GCON_D | AQ5: INV_D | AR5: STO_D | AS5: XGS_D | AT5: MGS_D | AU5: COM_N | AV5: GOS_N | AW5: GDPF_N | AX5: ITAX_N | AY5: NFIA_N | AZ5: GNP_N | BA5: CPI | BB5: CPIF | BC5: CPINF | BD5: INF | BE5: INFF | BF5: INFNF | BG5: EMP | BH5: EMPM | BI5: EMPNM | BJ5: CAB | BK5: TRB | BL5: TRBX | BM5: TRBM | BN5: GOB | BO5: GOBX | BP5: GOBM | BQ5: SEB | BR5: SEBC | BS5: SEBD | BT5: INB | BU5: INBC | BV5: INBD | BW5: TFB | BX5: TFBC | BY5: TFBD | BZ5: CPB | CA5: CPBC | CB5: CPBD | CC5: FAB | CD5: OVB | CE5: GFX | CF5: IRES | CG5: XGST_N | CH5: XNM_N | CI5: XMI_N | CJ5: XAG_N | CK5: MGST_N | CL5: XGS_V | CM5: XMI_V | CN5: XNM_V | CO5: XGS_P | CP5: XMN_P | CQ5: XNM_P | CR5: DEBTX | CS5: DRW | CT5: PRE | CU5: BRO | CV5: NAR | CW5: NFA | CX5: CLP | CY5: CLG | CZ5: LOA | DA5: DEP_I | DB5: LOAN_I | DC5: KUS | DD5: KAU | DE5: REVG | DF5: REV | DG5: REVM | DH5: REVNM | DI5: TAX | DJ5: TAXY | DK5: TAXP | DL5: TAXB | DM5: TAXO | DN5: TAXGS | DO5: TAXIT | DP5: NTAX | DQ5: INJ | DR5: GRA | DS5: EXP | DT5: EXPR | DU5: EXPD | DV5: FBAL | DW5: EXF | DX5: DOF | DY5: DEBT | DZ5: DEBTD | EA5: DEBTX | EB5: CROIL | EC5: GOLD | ED5: COP | EE5: COC | EF5: COF | EG5: COP | EH5: CPOIL | EI5: PLOIL | EJ5: CPIAU | EK5: INFAU | EL5: CPISIN | EM5: INFSIN | EN5: GDPAU | EO5: GDPSIN | EP5: GDPJA | EQ5: GDPSK | ER5: GDPW | ES5: XGSW | ET5: MGSW
B6: Unit | C6: K Million | D6: K Million | E6: K Million | F6: K Million | G6: K Million | H6: K Million | I6: K Million | J6: K Million | K6: K Million | L6: K Million | M6: K Million | N6: K Million | O6: K Million | P6: K Million | Q6: K Million | R6: K Million | S6: K Million | T6: K Million | U6: K Million | V6: K Million | W6: K Million | X6: K Million | Y6: K Million | Z6: K Million | AA6: K Million | AB6: K Million | AC6: K Million | AD6: K Million | AE6: K Million | AF6: K Million | AG6: K Million | AH6: K Million | AI6: K Million | AJ6: K Million | AK6: K Million | AL6: K Million | AM6: K Million | AN6: Index | AO6: Index | AP6: Index | AQ6: Index | AR6: Index | AS6: Index | AT6: Index | AU6: K Million | AV6: K Million | AW6: K Million | AX6: K Million | AY6: K Million | AZ6: K Million | BA6: Index | BB6: Index | BC6: Index | BD6: % | BE6: % | BF6: % | BG6: Index | BH6: Index | BI6: Index | BJ6: K Million | BK6: K Million | BL6: K Million | BM6: K Million | BN6: K Million | BO6: K Million | BP6: K Million | BQ6: K Million | BR6: K Million | BS6: K Million | BT6: K Million | BU6: K Million | BV6: K Million | BW6: K Million | BX6: K Million | BY6: K Million | BZ6: K Million | CA6: K Million | CB6: K Million | CC6: K Million | CD6: K Million | CE6: K Million | CF6: K Million | CG6: K Million, fob | CH6: K Million, fob | CI6: K Million, fob | CJ6: K Million, fob | CK6: K Million, fob | CL6: index | CM6: index | CN6: index | CO6: Index | CP6: index | CQ6: index | CR6: K million | CS6: K million | CT6: K million | CU6: K million | CV6: K million | CW6: K million | CX6: K million | CY6: K million | CZ6: K million | DA6: % pa | DB6: % pa | DC6: Kina per US$ | DD6: Kina per A$ | DE6: K million | DF6: K million | DG6: K million | DH6: K million | DI6: K million | DJ6: K million | DK6: K million | DL6: K million | DM6: K million | DN6: K million | DO6: K million | DP6: K million | DQ6: K million | DR6: K million | DS6: K million | DT6: K million | DU6: K million | DV6: K million | DW6: K million | DX6: K million | DY6: K million | DZ6: K million | EA6: K million | EB6: Dated Brent, US$ per barrel | EC6: US$/oz | ED6: US$/t | EE6: ¢/kg | EF6: ¢/kg | EG6: $/mt | EH6: $/mt | EI6: $/mt | EJ6: Index | EK6: % yoy | EL6: Index | EM6: % yoy | EN6: % yoy | EO6: % yoy | EP6: % yoy | EQ6: % yoy | ER6: % yoy | ES6: USD billion | ET6: USD billion
B7: Orig Frequency | C7: annual | D7: annual | E7: annual | F7: annual | G7: annual | H7: annual | I7: annual | J7: annual | K7: annual | L7: annual | M7: annual | N7: annual | O7: annual | P7: annual | Q7: annual | R7: annual | S7: annual | T7: annual | U7: annual | V7: annual | W7: annual | X7: annual | Y7: annual | Z7: annual | AA7: annual | AB7: annual | AC7: annual | AD7: annual | AE7: annual | AF7: annual | AH7: annual | AI7: annual | AJ7: annual | AK7: annual | AL7: annual | AM7: annual | AN7: annual | AO7: annual | AP7: annual | AQ7: annual | AR7: annual | AS7: annual | AT7: annual | AU7: annual | AV7: annual | AW7: annual | AX7: annual | AY7: annual | AZ7: annual | BA7: quarterly | BB7: quarterly | BC7: quarterly | BD7: quarterly | BE7: quarterly | BF7: quarterly | BG7: quarterly | BH7: quarterly | BI7: quarterly | BJ7: quarterly | BK7: quarterly | BL7: quarterly | BM7: quarterly | BN7: quarterly | BO7: quarterly | BP7: quarterly | BQ7: quarterly | BR7: quarterly | BS7: quarterly | BT7: quarterly | BU7: quarterly | BV7: quarterly | BW7: quarterly | BX7: quarterly | BY7: quarterly | BZ7: quarterly | CA7: quarterly | CB7: quarterly | CC7: quarterly | CD7: quarterly | CE7: monthly | CF7: monthly | CG7: quarterly | CH7: quarterly | CI7: quarterly | CJ7: quarterly | CK7: annual | CL7: quarterly | CM7: quarterly | CN7: quarterly | CO7: quarterly | CP7: quarterly | CQ7: quarterly | CR7: quarterly | CS7: quarterly | CT7: quarterly | CU7: monthly | CV7: monthly | CW7: monthly | CX7: monthly | CY7: monthly | CZ7: monthly | DA7: monthly | DB7: monthly | DC7: monthly | DD7: monthly | DE7: quarterly | DF7: quarterly | DG7: quarterly | DH7: quarterly | DI7: quarterly | DJ7: quarterly | DK7: quarterly | DL7: quarterly | DM7: quarterly | DN7: quarterly | DO7: quarterly | DP7: quarterly | DQ7: quarterly | DR7: quarterly | DS7: quarterly | DT7: quarterly | DU7: quarterly | DV7: quarterly | DW7: quarterly | DX7: quarterly | DY7: quarterly | DZ7: quarterly | EA7: quarterly | EB7: monthly | EC7: monthly | ED7: monthly | EE7: monthly | EF7: monthly | EG7: monthly | EH7: monthly | EI7: monthly | EJ7: quarterly | EK7: quarterly | EL7: annual | EM7: annual | EN7: annual | EO7: annual | EP7: annual | EQ7: annual | ER7: annual | ES7: annual | ET7: annual
B8: Start Date | C8: 28490 | D8: 28490 | E8: 34699 | F8: 34699 | G8: 34699 | H8: 34699 | I8: 34699 | J8: 34699 | K8: 34699 | L8: 34699 | M8: 34699 | N8: 34699 | O8: 34699 | P8: 34699 | Q8: 34699 | R8: 34699 | S8: 34699 | T8: 34699 | U8: 34699 | V8: 34699 | W8: 34699 | X8: 34699 | Y8: 34699 | Z8: 34699 | AA8: 28490 | AB8: 28490 | AC8: 28490 | AD8: 28490 | AE8: 28490 | AF8: 28490 | AH8: 28490 | AI8: 28490 | AJ8: 28490 | AK8: 28490 | AL8: 28490 | AM8: 28490 | AN8: 28490 | AO8: 28490 | AP8: 28490 | AQ8: 28490 | AR8: 28490 | AS8: 28490 | AT8: 28490 | AU8: 28490 | AV8: 28490 | AW8: 28490 | AX8: 28490 | AY8: 28490 | AZ8: 28490 | BA8: 28215 | BB8: 28215 | BC8: 28215 | BD8: 28215 | BE8: 28215 | BF8: 28215 | BG8: 32963 | BH8: 32963 | BI8: 32963 | BJ8: 35611 | BK8: 35611 | BL8: 35611 | BM8: 35611 | BN8: 35611 | BO8: 35611 | BP8: 35611 | BQ8: 37346 | BR8: 37346 | BS8: 37346 | BT8: 37346 | BU8: 37346 | BV8: 37346 | BW8: 37346 | BX8: 37346 | BY8: 37346 | BZ8: 35611 | CA8: 37346 | CB8: 37346 | CC8: 35611 | CD8: 35611 | CE8: 37287 | CF8: 37287 | CG8: 32963 | CH8: 32963 | CI8: 32963 | CJ8: 32963 | CK8: 27759 | CL8: 34424 | CM8: 34424 | CN8: 34424 | CO8: 34424 | CP8: 34424 | CQ8: 34424 | CR8: 32963 | CS8: 32963 | CT8: 32963 | CU8: 37287 | CV8: 37287 | CW8: 37287 | CX8: 37287 | CY8: 37287 | CZ8: 37287 | DA8: 32904 | DB8: 32904 | DC8: 32904 | DD8: 32904 | DE8: 38807 | DF8: 38807 | DG8: 38807 | DH8: 38807 | DI8: 38807 | DJ8: 38807 | DK8: 38807 | DL8: 38807 | DM8: 38807 | DN8: 38807 | DO8: 38807 | DP8: 38807 | DQ8: 38807 | DR8: 38807 | DS8: 38807 | DT8: 38807 | DU8: 38807 | DV8: 38807 | DW8: 38807 | DX8: 38807 | DY8: 32963 | DZ8: 32963 | EA8: 32963 | EB8: 36556 | EC8: 36556 | ED8: 36556 | EE8: 36556 | EF8: 36556 | EG8: 38383 | EH8: 38383 | EI8: 38383 | EJ8: 17806 | EK8: 17806 | EL8: 29251 | EM8: 29251 | EN8: 29251 | EO8: 29251 | EP8: 29251 | EQ8: 29251 | ER8: 29251 | ES8: 29251 | ET8: 29251
B9: End Date | C9: 39082 | D9: 39082 | E9: 39082 | F9: 39082 | G9: 40178 | H9: 40178 | I9: 40178 | J9: 40178 | K9: 40178 | L9: 40178 | M9: 40178 | N9: 40178 | O9: 40178 | P9: 40178 | Q9: 40178 | R9: 40178 | S9: 40178 | T9: 40178 | U9: 40178 | V9: 40178 | W9: 40178 | X9: 40178 | Y9: 40178 | Z9: 40178 | AA9: 39082 | AB9: 39082 | AC9: 39082 | AD9: 39082 | AE9: 39082 | AF9: 39082 | AH9: 39082 | AI9: 39082 | AJ9: 39082 | AK9: 39082 | AL9: 39082 | AM9: 39082 | AN9: 39082 | AO9: 39082 | AP9: 39082 | AQ9: 39082 | AR9: 39082 | AS9: 39082 | AT9: 39082 | AU9: 39082 | AV9: 39082 | AW9: 39082 | AX9: 39082 | AY9: 39082 | AZ9: 39082 | BA9: 40359 | BB9: 40359 | BC9: 40359 | BD9: 40359 | BE9: 40359 | BF9: 40359 | BG9: 40268 | BH9: 40268 | BI9: 40268 | BJ9: 40359 | BK9: 40359 | BL9: 40359 | BM9: 40359 | BN9: 40359 | BO9: 40359 | BP9: 40359 | BQ9: 40359 | BR9: 40359 | BS9: 40359 | BT9: 40359 | BU9: 40359 | BV9: 40359 | BW9: 40359 | BX9: 40359 | BY9: 40359 | BZ9: 40359 | CA9: 40359 | CB9: 40359 | CC9: 40359 | CD9: 40359 | CE9: 40268 | CF9: 40268 | CG9: 40359 | CH9: 40359 | CI9: 40359 | CJ9: 40359 | CK9: 40268 | CL9: 40359 | CM9: 40359 | CN9: 40359 | CO9: 40359 | CP9: 40359 | CQ9: 40359 | CR9: 40268 | CS9: 40268 | CT9: 40268 | CU9: 40268 | CV9: 40268 | CW9: 40268 | CX9: 40268 | CY9: 40268 | CZ9: 40268 | DA9: 40268 | DB9: 40268 | DC9: 40268 | DD9: 40268 | DE9: 40268 | DF9: 40268 | DG9: 40268 | DH9: 40268 | DI9: 40268 | DJ9: 40268 | DK9: 40268 | DL9: 40268 | DM9: 40268 | DN9: 40268 | DO9: 40268 | DP9: 40268 | DQ9: 40268 | DR9: 40268 | DS9: 40268 | DT9: 40268 | DU9: 40268 | DV9: 40268 | DW9: 40268 | DX9: 40268 | DY9: 40268 | DZ9: 40268 | EA9: 40268 | EB9: 40389 | EC9: 40389 | ED9: 40389 | EE9: 40389 | EF9: 40389 | EG9: 40389 | EH9: 40389 | EI9: 40389 | EJ9: 40359 | EK9: 40359 | EL9: 40178 | EM9: 40178 | EN9: 40178 | EO9: 40178 | EP9: 40178 | EQ9: 40178 | ER9: 40178 | ES9: 40178 | ET9: 40178
DE10: REVG=a+m | DF10: a=d+k+l | DG10: b | DH10: c | DI10: d=e+i+j | DJ10: e=f+g+h | DK10: f | DL10: g | DM10: h | DN10: i | DO10: j | DP10: k | DQ10: l | DR10: m | DS10: n | DT10: o | DU10: p | DV10: q=REVG-n | DW10: r
A11: 25903 | B11: _1970 | DE11: 175.4 | DF11: 74.2 | DG11: 0 | DI11: 61.8 | DJ11: 29.4 | DK11: 18.4 | DL11: 11 | DM11: 0 | DO11: 22.7 | DP11: 12.4 | DR11: 101.2 | DY11: 92.9 | DZ11: 36.6 | EA11: 56.3
A12: 26268 | B12: _1971 | DE12: 193.3 | DF12: 85.1 | DG12: 0 | DI12: 71.6 | DJ12: 36.1 | DK12: 20.5 | DL12: 15.6 | DM12: 0 | DO12: 24 | DP12: 13.5 | DR12: 108.2 | DY12: 136.1 | DZ12: 39.4 | EA12: 96.7
A13: 26634 | B13: _1972 | DE13: 215.1 | DF13: 93.3 | DG13: 0 | DI13: 74.5 | DJ13: 38.2 | DK13: 22.1 | DL13: 14.1 | DM13: 2 | DO13: 22.5 | DP13: 18.8 | DR13: 121.8 | DS13: 250.4 | DV13: -35.3 | DY13: 169.7 | DZ13: 42 | EA13: 127.7
A14: 26999 | B14: _1973 | DE14: 261 | DF14: 108.7 | DG14: 0 | DI14: 67.1 | DJ14: 34.2 | DK14: 15 | DL14: 8 | DM14: 11.2 | DO14: 22.9 | DP14: 41.6 | DR14: 152.3 | DS14: 307.5 | DV14: 18.5 | DY14: 213.6 | DZ14: 48 | EA14: 165.6
A15: 27364 | B15: _1974 | DE15: 282.4 | DF15: 144.8 | DG15: 28 | DI15: 100.1 | DJ15: 64 | DK15: 19.9 | DL15: 34.5 | DM15: 9.6 | DO15: 30.8 | DP15: 44.7 | DR15: 137.6 | DS15: 373.9 | DV15: 56.8 | DY15: 269.8 | DZ15: 58.4 | EA15: 211.4
A16: 27729 | B16: _1975 | DE16: 327.7 | DF16: 175.3 | DG16: 34.7 | DI16: 133.8 | DJ16: 130.3 | DK16: 27.5 | DL16: 98 | DM16: 4.8 | DO16: 31.7 | DP16: 41.5 | DR16: 152.4 | DS16: 415.2 | DV16: -42.6 | DY16: 313.9 | DZ16: 79.210991 | EA16: 234.68901
A17: 28095 | B17: _1976 | DE17: 363.4 | DF17: 188.6 | DG17: 45 | DI17: 151.5 | DJ17: 91.8 | DK17: 26 | DL17: 61.4 | DM17: 4.4 | DO17: 41.8 | DP17: 37.1 | DR17: 174.8 | DS17: 409.4 | DV17: -11 | DY17: 315 | DZ17: 79.48857 | EA17: 235.51143
A18: 28460 | B18: _1977 | C18: 1732.3 | D18: 1298.5 | AA18: 693.1 | AB18: 337.7 | AC18: 239.3 | AD18: 41.2 | AE18: 584 | AF18: 600.8 | AG18: =HLOOKUP($A18,computation!$1:$1048576,ROW(computation!$49:$49)-ROW(computation!$1:$1)+1,0) -> 3535.2098 | AH18: =HLOOKUP($A18,computation!$1:$1048576,ROW(computation!$51:$51)-ROW(computation!$1:$1)+1,0) -> 1508.7056 | AI18: =HLOOKUP($A18,computation!$1:$1048576,ROW(computation!$53:$53)-ROW(computation!$1:$1)+1,0) -> 1240.6194 | AJ18: =HLOOKUP($A18,computation!$1:$1048576,ROW(computation!$55:$55)-ROW(computation!$1:$1)+1,0) -> 836.05311 | AK18: =HLOOKUP($A18,computation!$1:$1048576,ROW(computation!$57:$57)-ROW(computation!$1:$1)+1,0) -> 126.9951 | AL18: =HLOOKUP($A18,computation!$1:$1048576,ROW(computation!$59:$59)-ROW(computation!$1:$1)+1,0) -> 1761.1271 | AM18: =HLOOKUP($A18,computation!$1:$1048576,ROW(computation!$61:$61)-ROW(computation!$1:$1)+1,0) -> 2425.1527 | AN18: =D18/AG18*100 -> 36.730494 | AO18: =AA18/AH18*100 -> 45.940044 | AP18: =AB18/AI18*100 -> 27.220274 | AQ18: =AC18/AJ18*100 -> 28.622584 | AR18: =AD18/AK18*100 -> 32.442195 | AS18: =AE18/AL18*100 -> 33.160582 | AT18: =AF18/AM18*100 -> 24.773698 | AU18: 518 | AV18: 616.1 | AW18: 1218.7 | AX18: 79.7 | AY18: -26.7 | AZ18: 1271.7 | BA18: 99.975 | BB18: 40.89 | BC18: =BA18-BB18 -> 59.085 | DE18: 176.6 | DF18: 88.9 | DG18: 35 | DI18: 74.5 | DJ18: 49.7 | DK18: 13.9 | DL18: 33.5 | DM18: 2.3 | DO18: 26 | DP18: 14.4 | DR18: 87.7 | DS18: 211.1 | DV18: -17.5 | DY18: 341.2 | DZ18: 86.1 | EA18: 255.1 | EJ18: =SUMIF(quarterly!$D:CK,$B18,quarterly!CK:CK)/COUNTIF(quarterly!$D:$D,$B18) -> 36.475
A19: 28825 | B19: _1978 | C19: 1834.7 | D19: 1380.9 | AA19: 771.8 | AB19: 353.3 | AC19: 268.5 | AD19: 43.9 | AE19: 579.1 | AF19: 627.2 | AG19: =HLOOKUP($A19,computation!$1:$1048576,ROW(computation!$49:$49)-ROW(computation!$1:$1)+1,0) -> 3744.1837 | AH19: =HLOOKUP($A19,computation!$1:$1048576,ROW(computation!$51:$51)-ROW(computation!$1:$1)+1,0) -> 1543.985 | AI19: =HLOOKUP($A19,computation!$1:$1048576,ROW(computation!$53:$53)-ROW(computation!$1:$1)+1,0) -> 1272.229 | AJ19: =HLOOKUP($A19,computation!$1:$1048576,ROW(computation!$55:$55)-ROW(computation!$1:$1)+1,0) -> 914.19981 | AK19: =HLOOKUP($A19,computation!$1:$1048576,ROW(computation!$57:$57)-ROW(computation!$1:$1)+1,0) -> 133.22221 | AL19: =HLOOKUP($A19,computation!$1:$1048576,ROW(computation!$59:$59)-ROW(computation!$1:$1)+1,0) -> 1920.1829 | AM19: =HLOOKUP($A19,computation!$1:$1048576,ROW(computation!$61:$61)-ROW(computation!$1:$1)+1,0) -> 2475.4966 | AN19: =D19/AG19*100 -> 36.881203 | AO19: =AA19/AH19*100 -> 49.987533 | AP19: =AB19/AI19*100 -> 27.770157 | AQ19: =AC19/AJ19*100 -> 29.369947 | AR19: =AD19/AK19*100 -> 32.952465 | AS19: =AE19/AL19*100 -> 30.158586 | AT19: =AF19/AM19*100 -> 25.336331 | AU19: 540.9 | AV19: 659.5 | AW19: 1298.5 | AX19: 82.5 | AY19: -19.4 | AZ19: 1361.6 | BA19: 105.775 | BB19: 42.556268 | BC19: =BA19-BB19 -> 63.218733 | BD19: =(BA19/BA18-1)*100 -> 5.8014504 | BE19: =(BB19/BB18-1)*100 -> 4.075 | BF19: =(BC19/BC18-1)*100 -> 6.9962469 | DE19: 414.2 | DF19: 242.3 | DG19: 31.2 | DI19: 205.8 | DJ19: 136 | DK19: 67.1 | DL19: 62.7 | DM19: 6.2 | DO19: 47.8 | DP19: 36.5 | DR19: 171.9 | DS19: 461.3 | DV19: -15.9 | DY19: 350.2 | DZ19: 97.1 | EA19: 253.1 | EJ19: =SUMIF(quarterly!$D:CK,$B19,quarterly!CK:CK)/COUNTIF(quarterly!$D:$D,$B19) -> 39.375 | EK19: =(EJ19/EJ18-1)*100 -> 7.9506511
A20: 29190 | B20: _1979 | C20: 1888.9 | D20: 1614.5 | AA20: 852.9 | AB20: 367.7 | AC20: 318.7 | AD20: 54.8 | AE20: 742.5 | AF20: 744.3 | AG20: =HLOOKUP($A20,computation!$1:$1048576,ROW(computation!$49:$49)-ROW(computation!$1:$1)+1,0) -> 3854.7929 | AH20: =HLOOKUP($A20,computation!$1:$1048576,ROW(computation!$51:$51)-ROW(computation!$1:$1)+1,0) -> 1592.4772 | AI20: =HLOOKUP($A20,computation!$1:$1048576,ROW(computation!$53:$53)-ROW(computation!$1:$1)+1,0) -> 1278.9201 | AJ20: =HLOOKUP($A20,computation!$1:$1048576,ROW(computation!$55:$55)-ROW(computation!$1:$1)+1,0) -> 1030.6034 | AK20: =HLOOKUP($A20,computation!$1:$1048576,ROW(computation!$57:$57)-ROW(computation!$1:$1)+1,0) -> 150.39391 | AL20: =HLOOKUP($A20,computation!$1:$1048576,ROW(computation!$59:$59)-ROW(computation!$1:$1)+1,0) -> 1910.2753 | AM20: =HLOOKUP($A20,computation!$1:$1048576,ROW(computation!$61:$61)-ROW(computation!$1:$1)+1,0) -> 2668.4816 | AN20: =D20/AG20*100 -> 41.882924 | AO20: =AA20/AH20*100 -> 53.558068 | AP20: =AB20/AI20*100 -> 28.750819 | AQ20: =AC20/AJ20*100 -> 30.923631 | AR20: =AD20/AK20*100 -> 36.437647 | AS20: =AE20/AL20*100 -> 38.868742 | AT20: =AF20/AM20*100 -> 27.892267 | AU20: 590.5 | AV20: 819.4 | AW20: 1515.5 | AX20: 99 | AY20: -39.6 | AZ20: 1574.9 | BA20: 111.9 | BB20: 44.508765 | BC20: =BA20-BB20 -> 67.391235 | BD20: =(BA20/BA19-1)*100 -> 5.7905932 | BE20: =(BB20/BB19-1)*100 -> 4.5880375 | BF20: =(BC20/BC19-1)*100 -> 6.6001046 | DE20: 421.1 | DF20: 244.9 | DG20: 38.5 | DI20: 206.2 | DJ20: 135.3 | DK20: 61.6 | DL20: 63.9 | DM20: 9.8 | DO20: 56.3 | DP20: 38.7 | DR20: 176.2 | DS20: 504.4 | DV20: -44.8 | DY20: 411.8 | DZ20: 141.7 | EA20: 270.1 | EJ20: =SUMIF(quarterly!$D:CK,$B20,quarterly!CK:CK)/COUNTIF(quarterly!$D:$D,$B20) -> 42.95 | EK20: =(EJ20/EJ19-1)*100 -> 9.0793651
A21: 29556 | B21: _1980 | C21: 1870.7 | D21: 1708.1 | AA21: 1051.3 | AB21: 411.2 | AC21: 394.2 | AD21: 36.4 | AE21: 737.6 | AF21: 910.8 | AG21: =HLOOKUP($A21,computation!$1:$1048576,ROW(computation!$49:$49)-ROW(computation!$1:$1)+1,0) -> 3817.6511 | AH21: =HLOOKUP($A21,computation!$1:$1048576,ROW(computation!$51:$51)-ROW(computation!$1:$1)+1,0) -> 1728.5549 | AI21: =HLOOKUP($A21,computation!$1:$1048576,ROW(computation!$53:$53)-ROW(computation!$1:$1)+1,0) -> 1241.0809 | AJ21: =HLOOKUP($A21,computation!$1:$1048576,ROW(computation!$55:$55)-ROW(computation!$1:$1)+1,0) -> 1185.2639 | AK21: =HLOOKUP($A21,computation!$1:$1048576,ROW(computation!$57:$57)-ROW(computation!$1:$1)+1,0) -> 90.009903 | AL21: =HLOOKUP($A21,computation!$1:$1048576,ROW(computation!$59:$59)-ROW(computation!$1:$1)+1,0) -> 1915.8985 | AM21: =HLOOKUP($A21,computation!$1:$1048576,ROW(computation!$61:$61)-ROW(computation!$1:$1)+1,0) -> 2920.2011 | AN21: =D21/AG21*100 -> 44.742172 | AO21: =AA21/AH21*100 -> 60.819591 | AP21: =AB21/AI21*100 -> 33.13241 | AQ21: =AC21/AJ21*100 -> 33.258416 | AR21: =AD21/AK21*100 -> 40.439994 | AS21: =AE21/AL21*100 -> 38.498908 | AT21: =AF21/AM21*100 -> 31.189633 | AU21: 676.1 | AV21: 797.1 | AW21: 1598.1 | AX21: 110 | AY21: -58.7 | AZ21: 1649.4 | BA21: 125.425 | BB21: 51.981412 | BC21: =BA21-BB21 -> 73.443588 | BD21: =(BA21/BA20-1)*100 -> 12.086685 | BE21: =(BB21/BB20-1)*100 -> 16.789159 | BF21: =(BC21/BC20-1)*100 -> 8.9809194 | DE21: 465.6 | DF21: 290.1 | DG21: 56.5 | DI21: 241.6 | DJ21: 214.6 | DK21: 75.9 | DL21: 120.9 | DM21: 17.8 | DO21: 64.5 | DP21: 48.5 | DR21: 175.5 | DS21: 597.8 | DV21: -75.7 | DY21: 480.4 | DZ21: 176.2 | EA21: 304.2 | EJ21: =SUMIF(quarterly!$D:CK,$B21,quarterly!CK:CK)/COUNTIF(quarterly!$D:$D,$B21) -> 47.325 | EK21: =(EJ21/EJ20-1)*100 -> 10.186263 | EL21: 59.187 | EM21: 8.531 | EN21: 2.598 | EO21: 10.047 | EP21: 3.181 | EQ21: -1.891 | ER21: 1.847 | ES21: 2295.48 | ET21: -2318.295
A22: 29921 | B22: _1981 | C22: 1892.2 | D22: 1681.2 | AA22: 1104.2 | AB22: 454.4 | AC22: 450.7 | AD22: 7.4 | AE22: 642.9 | AF22: 987.6 | AG22: =HLOOKUP($A22,computation!$1:$1048576,ROW(computation!$49:$49)-ROW(computation!$1:$1)+1,0) -> 3861.5274 | AH22: =HLOOKUP($A22,computation!$1:$1048576,ROW(computation!$51:$51)-ROW(computation!$1:$1)+1,0) -> 1673.3882 | AI22: =HLOOKUP($A22,computation!$1:$1048576,ROW(computation!$53:$53)-ROW(computation!$1:$1)+1,0) -> 1193.3204 | AJ22: =HLOOKUP($A22,computation!$1:$1048576,ROW(computation!$55:$55)-ROW(computation!$1:$1)+1,0) -> 1215.1229 | AK22: =HLOOKUP($A22,computation!$1:$1048576,ROW(computation!$57:$57)-ROW(computation!$1:$1)+1,0) -> 16.416901 | AL22: =HLOOKUP($A22,computation!$1:$1048576,ROW(computation!$59:$59)-ROW(computation!$1:$1)+1,0) -> 2019.258 | AM22: =HLOOKUP($A22,computation!$1:$1048576,ROW(computation!$61:$61)-ROW(computation!$1:$1)+1,0) -> 2925.2864 | AN22: =D22/AG22*100 -> 43.537176 | AO22: =AA22/AH22*100 -> 65.985883 | AP22: =AB22/AI22*100 -> 38.078626 | AQ22: =AC22/AJ22*100 -> 37.090897 | AR22: =AD22/AK22*100 -> 45.0755 | AS22: =AE22/AL22*100 -> 31.838428 | AT22: =AF22/AM22*100 -> 33.760797 | AU22: 747.7 | AV22: 681.4 | AW22: 1566.7 | AX22: 114.6 | AY22: -60.4 | AZ22: 1620.9 | BA22: 135.55 | BB22: 56.10108 | BC22: =BA22-BB22 -> 79.44892 | BD22: =(BA22/BA21-1)*100 -> 8.0725533 | BE22: =(BB22/BB21-1)*100 -> 7.9252704 | BF22: =(BC22/BC21-1)*100 -> 8.1767962 | DE22: 486.8 | DF22: 302.8 | DG22: 81.4 | DI22: 263.3 | DJ22: 201.3 | DK22: 94.8 | DL22: 95.3 | DM22: 11.2 | DO22: 68.2 | DP22: 39.5 | DR22: 184 | DS22: 658.8 | DV22: -90.6 | DY22: 544.2 | DZ22: 154.3 | EA22: 389.9 | EJ22: =SUMIF(quarterly!$D:CK,$B22,quarterly!CK:CK)/COUNTIF(quarterly!$D:$D,$B22) -> 51.875 | EK22: =(EJ22/EJ21-1)*100 -> 9.6143687 | EL22: 64.033 | EM22: 8.186 | EN22: 4.156 | EO22: 10.726 | EP22: 4.177 | EQ22: 7.404 | ER22: 2.242 | ES22: 2286.295 | ET22: -2304.761
A23: 30286 | B23: _1982 | C23: 1930.4 | D23: 1749.1 | AA23: 1117.9 | AB23: 468.1 | AC23: 576.7 | AD23: -14.2 | AE23: 644.3 | AF23: 1058.2 | AG23: =HLOOKUP($A23,computation!$1:$1048576,ROW(computation!$49:$49)-ROW(computation!$1:$1)+1,0) -> 3939.4845 | AH23: =HLOOKUP($A23,computation!$1:$1048576,ROW(computation!$51:$51)-ROW(computation!$1:$1)+1,0) -> 1629.6636 | AI23: =HLOOKUP($A23,computation!$1:$1048576,ROW(computation!$53:$53)-ROW(computation!$1:$1)+1,0) -> 1162.1722 | AJ23: =HLOOKUP($A23,computation!$1:$1048576,ROW(computation!$55:$55)-ROW(computation!$1:$1)+1,0) -> 1433.2339 | AK23: =HLOOKUP($A23,computation!$1:$1048576,ROW(computation!$57:$57)-ROW(computation!$1:$1)+1,0) -> -28.305001 | AL23: =HLOOKUP($A23,computation!$1:$1048576,ROW(computation!$59:$59)-ROW(computation!$1:$1)+1,0) -> 2011.7604 | AM23: =HLOOKUP($A23,computation!$1:$1048576,ROW(computation!$61:$61)-ROW(computation!$1:$1)+1,0) -> 2890.7067 | AN23: =D23/AG23*100 -> 44.39921 | AO23: =AA23/AH23*100 -> 68.596981 | AP23: =AB23/AI23*100 -> 40.278024 | AQ23: =AC23/AJ23*100 -> 40.237675 | AR23: =AD23/AK23*100 -> 50.167813 | AS23: =AE23/AL23*100 -> 32.026677 | AT23: =AF23/AM23*100 -> 36.606965 | AU23: 763.4 | AV23: 701.2 | AW23: 1614.6 | AX23: 134.4 | AY23: -72.5 | AZ23: 1676.5 | BA23: 143.05 | BB23: 58.820265 | BC23: =BA23-BB23 -> 84.229735 | BD23: =(BA23/BA22-1)*100 -> 5.5330136 | BE23: =(BB23/BB22-1)*100 -> 4.8469388 | BF23: =(BC23/BC22-1)*100 -> 6.0174701 | DE23: 534 | DF23: 347.3 | DG23: 40 | DI23: 292.7 | DJ23: 176.4 | DK23: 108.7 | DL23: 61.7 | DM23: 6 | DO23: 82.1 | DP23: 54.6 | DR23: 186.7 | DS23: 667.1 | DV23: -93.1 | DY23: 654.7 | DZ23: 169.3 | EA23: 485.4 | EJ23: =SUMIF(quarterly!$D:CK,$B23,quarterly!CK:CK)/COUNTIF(quarterly!$D:$D,$B23) -> 57.7 | EK23: =(EJ23/EJ22-1)*100 -> 11.228916 | EL23: 66.542 | EM23: 3.92 | EN23: -0.01 | EO23: 7.186 | EP23: 3.377 | EQ23: 8.291 | ER23: 0.708 | ES23: 2123.577 | ET23: -2160.732
A24: 30651 | B24: _1983 | C24: 2145.4999 | D24: 2145.4 | AA24: 1385.6 | AB24: 498.8 | AC24: 636.9 | AD24: -6.2 | AE24: 775.5 | AF24: 1145.2 | AG24: =HLOOKUP($A24,computation!$1:$1048576,ROW(computation!$49:$49)-ROW(computation!$1:$1)+1,0) -> 4378.4519 | AH24: =HLOOKUP($A24,computation!$1:$1048576,ROW(computation!$51:$51)-ROW(computation!$1:$1)+1,0) -> 1887.3803 | AI24: =HLOOKUP($A24,computation!$1:$1048576,ROW(computation!$53:$53)-ROW(computation!$1:$1)+1,0) -> 1150.8666 | AJ24: =HLOOKUP($A24,computation!$1:$1048576,ROW(computation!$55:$55)-ROW(computation!$1:$1)+1,0) -> 1485.7205 | AK24: =HLOOKUP($A24,computation!$1:$1048576,ROW(computation!$57:$57)-ROW(computation!$1:$1)+1,0) -> -11.6994 | AL24: =HLOOKUP($A24,computation!$1:$1048576,ROW(computation!$59:$59)-ROW(computation!$1:$1)+1,0) -> 2076.6945 | AM24: =HLOOKUP($A24,computation!$1:$1048576,ROW(computation!$61:$61)-ROW(computation!$1:$1)+1,0) -> 2911.6833 | AN24: =D24/AG24*100 -> 48.999054 | AO24: =AA24/AH24*100 -> 73.413926 | AP24: =AB24/AI24*100 -> 43.341253 | AQ24: =AC24/AJ24*100 -> 42.86809 | AR24: =AD24/AK24*100 -> 52.994169 | AS24: =AE24/AL24*100 -> 37.342999 | AT24: =AF24/AM24*100 -> 39.3312 | AU24: 843.65 | AV24: 977.145 | AW24: 1993.545 | AX24: 151.901 | AY24: -119.4 | AZ24: 2026.046 | BA24: 154.3 | BB24: 61.437225 | BC24: =BA24-BB24 -> 92.862775 | BD24: =(BA24/BA23-1)*100 -> 7.8643831 | BE24: =(BB24/BB23-1)*100 -> 4.4490789 | BF24: =(BC24/BC23-1)*100 -> 10.249397 | DE24: 628.5 | DF24: 415.7 | DG24: 13 | DI24: 337 | DJ24: 183.4 | DK24: 118.6 | DL24: 57.3 | DM24: 7.5 | DN24: 51.5 | DO24: 93.3 | DP24: 78.7 | DR24: 212.8 | DS24: 713.1 | DV24: -81.9 | DY24: 806.5 | DZ24: 146 | EA24: 660.5 | EJ24: =SUMIF(quarterly!$D:CK,$B24,quarterly!CK:CK)/COUNTIF(quarterly!$D:$D,$B24) -> 63.5 | EK24: =(EJ24/EJ23-1)*100 -> 10.051993 | EL24: 67.231 | EM24: 1.034 | EN24: -0.526 | EO24: 8.568 | EP24: 3.061 | EQ24: 12.182 | ER24: 2.819 | ES24: 2066.685 | ET24: -2101.628
A25: 31017 | B25: _1984 | C25: 2124.259 | D25: 2282.2 | AA25: 1445.7 | AB25: 531.8 | AC25: 547.5 | AD25: 71.5 | AE25: 904.7 | AF25: 1219 | AG25: =HLOOKUP($A25,computation!$1:$1048576,ROW(computation!$49:$49)-ROW(computation!$1:$1)+1,0) -> 4335.1043 | AH25: =HLOOKUP($A25,computation!$1:$1048576,ROW(computation!$51:$51)-ROW(computation!$1:$1)+1,0) -> 1865.3137 | AI25: =HLOOKUP($A25,computation!$1:$1048576,ROW(computation!$53:$53)-ROW(computation!$1:$1)+1,0) -> 1158.7113 | AJ25: =HLOOKUP($A25,computation!$1:$1048576,ROW(computation!$55:$55)-ROW(computation!$1:$1)+1,0) -> 1198.094 | AK25: =HLOOKUP($A25,computation!$1:$1048576,ROW(computation!$57:$57)-ROW(computation!$1:$1)+1,0) -> 120.0132 | AL25: =HLOOKUP($A25,computation!$1:$1048576,ROW(computation!$59:$59)-ROW(computation!$1:$1)+1,0) -> 2142.0281 | AM25: =HLOOKUP($A25,computation!$1:$1048576,ROW(computation!$61:$61)-ROW(computation!$1:$1)+1,0) -> 2859.1528 | AN25: =D25/AG25*100 -> 52.644639 | AO25: =AA25/AH25*100 -> 77.504391 | AP25: =AB25/AI25*100 -> 45.895815 | AQ25: =AC25/AJ25*100 -> 45.697584 | AR25: =AD25/AK25*100 -> 59.576778 | AS25: =AE25/AL25*100 -> 42.235674 | AT25: =AF25/AM25*100 -> 42.635008 | AU25: 881 | AV25: 1004 | AW25: 2102.9 | AX25: 179.3 | AY25: -72.4 | AZ25: 2209.8 | BA25: 165.75 | BB25: 65.822677 | BC25: =BA25-BB25 -> 99.927323 | BD25: =(BA25/BA24-1)*100 -> 7.4206092 | BE25: =(BB25/BB24-1)*100 -> 7.1381032 | BF25: =(BC25/BC24-1)*100 -> 7.6075128 | DE25: 719.3 | DF25: 490.9 | DG25: 39.3 | DI25: 412.8 | DJ25: 231 | DK25: 132.2 | DL25: 88 | DM25: 10.8 | DN25: 58.5 | DO25: 112.3 | DP25: 78.1 | DR25: 228.4 | DS25: 771.9 | DV25: -102 | DY25: 939.85 | DZ25: 169.95 | EA25: 769.9 | EJ25: =SUMIF(quarterly!$D:CK,$B25,quarterly!CK:CK)/COUNTIF(quarterly!$D:$D,$B25) -> 66 | EK25: =(EJ25/EJ24-1)*100 -> 3.9370079 | EL25: 68.983 | EM25: 2.607 | EN25: 6.414 | EO25: 8.825 | EP25: 4.464 | EQ25: 9.859 | ER25: 4.898 | ES25: 2178.558 | ET25: -2213.544
A26: 31382 | B26: _1985 | C26: 2200.7 | D26: 2402.6 | AA26: 1599.9 | AB26: 572.4 | AC26: 446.8 | AD26: 33.8 | AE26: 1020.9 | AF26: 1271.2 | AG26: =HLOOKUP($A26,computation!$1:$1048576,ROW(computation!$49:$49)-ROW(computation!$1:$1)+1,0) -> 4491.1021 | AH26: =HLOOKUP($A26,computation!$1:$1048576,ROW(computation!$51:$51)-ROW(computation!$1:$1)+1,0) -> 2000.9828 | AI26: =HLOOKUP($A26,computation!$1:$1048576,ROW(computation!$53:$53)-ROW(computation!$1:$1)+1,0) -> 1200.7036 | AJ26: =HLOOKUP($A26,computation!$1:$1048576,ROW(computation!$55:$55)-ROW(computation!$1:$1)+1,0) -> 911.40053 | AK26: =HLOOKUP($A26,computation!$1:$1048576,ROW(computation!$57:$57)-ROW(computation!$1:$1)+1,0) -> 45.854102 | AL26: =HLOOKUP($A26,computation!$1:$1048576,ROW(computation!$59:$59)-ROW(computation!$1:$1)+1,0) -> 2404.3121 | AM26: =HLOOKUP($A26,computation!$1:$1048576,ROW(computation!$61:$61)-ROW(computation!$1:$1)+1,0) -> 2800.9522 | AN26: =D26/AG26*100 -> 53.496891 | AO26: =AA26/AH26*100 -> 79.955712 | AP26: =AB26/AI26*100 -> 47.672047 | AQ26: =AC26/AJ26*100 -> 49.023452 | AR26: =AD26/AK26*100 -> 73.712053 | AS26: =AE26/AL26*100 -> 42.46121 | AT26: =AF26/AM26*100 -> 45.384567 | AU26: 944.2 | AV26: 1045.3 | AW26: 2212.9 | AX26: 189.7 | AY26: -88.5 | AZ26: 2314.1 | BA26: 171.85 | BB26: 68.36808 | BC26: =BA26-BB26 -> 103.48192 | BD26: =(BA26/BA25-1)*100 -> 3.6802413 | BE26: =(BB26/BB25-1)*100 -> 3.8670601 | BF26: =(BC26/BC25-1)*100 -> 3.5571828 | DE26: 739.2 | DF26: 523.7 | DG26: 15.2 | DI26: 421.5 | DJ26: 225.8 | DK26: 133 | DL26: 84.8 | DM26: 8 | DN26: 61.8 | DO26: 117 | DP26: 102.2 | DR26: 215.5 | DS26: 804.16667 | DV26: -64.966667 | DY26: 1073.2 | DZ26: 193.9 | EA26: 879.3 | EJ26: =SUMIF(quarterly!$D:CK,$B26,quarterly!CK:CK)/COUNTIF(quarterly!$D:$D,$B26) -> 70.45 | EK26: =(EJ26/EJ25-1)*100 -> 6.7424242 | EL26: 69.322 | EM26: 0.491 | EN26: 5.716 | EO26: -0.65 | EP26: 6.333 | EQ26: 7.471 | ER26: 3.944 | ES26: 2208.692 | ET26: -2232.917
A27: 31747 | B27: _1986 | C27: 2324.51 | D27: 2572.5 | AA27: 1673.6 | AB27: 591.1 | AC27: 539.2 | AD27: -31.5 | AE27: 1121 | AF27: 1321 | AG27: =HLOOKUP($A27,computation!$1:$1048576,ROW(computation!$49:$49)-ROW(computation!$1:$1)+1,0) -> 4743.7687 | AH27: =HLOOKUP($A27,computation!$1:$1048576,ROW(computation!$51:$51)-ROW(computation!$1:$1)+1,0) -> 1977.9626 | AI27: =HLOOKUP($A27,computation!$1:$1048576,ROW(computation!$53:$53)-ROW(computation!$1:$1)+1,0) -> 1178.7846 | AJ27: =HLOOKUP($A27,computation!$1:$1048576,ROW(computation!$55:$55)-ROW(computation!$1:$1)+1,0) -> 1070.2599 | AK27: =HLOOKUP($A27,computation!$1:$1048576,ROW(computation!$57:$57)-ROW(computation!$1:$1)+1,0) -> -44.721902 | AL27: =HLOOKUP($A27,computation!$1:$1048576,ROW(computation!$59:$59)-ROW(computation!$1:$1)+1,0) -> 2692.859 | AM27: =HLOOKUP($A27,computation!$1:$1048576,ROW(computation!$61:$61)-ROW(computation!$1:$1)+1,0) -> 2744.122 | AN27: =D27/AG27*100 -> 54.229036 | AO27: =AA27/AH27*100 -> 84.612318 | AP27: =AB27/AI27*100 -> 50.144871 | AQ27: =AC27/AJ27*100 -> 50.380284 | AR27: =AD27/AK27*100 -> 70.435287 | AS27: =AE27/AL27*100 -> 41.628619 | AT27: =AF27/AM27*100 -> 48.139259 | AU27: 981.976 | AV27: 1119.542 | AW27: 2342.97 | AX27: 229.509 | AY27: -72.1 | AZ27: 2500.379 | BA27: 181.25 | BB27: 70.08546 | BC27: =BA27-BB27 -> 111.16454 | BD27: =(BA27/BA26-1)*100 -> 5.4698865 | BE27: =(BB27/BB26-1)*100 -> 2.5119617 | BF27: =(BC27/BC26-1)*100 -> 7.4241181 | DE27: 787.4 | DF27: 582.7 | DG27: 18.8 | DI27: 441.3 | DJ27: 227 | DK27: 145 | DL27: 70.8 | DM27: 11.2 | DN27: 65.2 | DO27: 137 | DP27: 141.4 | DR27: 204.7 | DS27: 836.43333 | DV27: -49.033333 | DY27: 1175.3 | DZ27: 233.5 | EA27: 941.8 | EJ27: =SUMIF(quarterly!$D:CK,$B27,quarterly!CK:CK)/COUNTIF(quarterly!$D:$D,$B27) -> 76.85 | EK27: =(EJ27/EJ26-1)*100 -> 9.0844571 | EL27: 68.366 | EM27: -1.379 | EN27: 2.111 | EO27: 1.287 | EP27: 2.831 | EQ27: 12.24 | ER27: 3.464 | ES27: 2456.437 | ET27: -2466.841
A28: 32112 | B28: _1987 | C28: 2388.899 | D28: 2854.4 | AA28: 1814.9 | AB28: 639.7 | AC28: 551.2 | AD28: 34.1 | AE28: 1232.1 | AF28: 1417.8 | AG28: =HLOOKUP($A28,computation!$1:$1048576,ROW(computation!$49:$49)-ROW(computation!$1:$1)+1,0) -> 4875.1712 | AH28: =HLOOKUP($A28,computation!$1:$1048576,ROW(computation!$51:$51)-ROW(computation!$1:$1)+1,0) -> 2043.2091 | AI28: =HLOOKUP($A28,computation!$1:$1048576,ROW(computation!$53:$53)-ROW(computation!$1:$1)+1,0) -> 1214.778 | AJ28: =HLOOKUP($A28,computation!$1:$1048576,ROW(computation!$55:$55)-ROW(computation!$1:$1)+1,0) -> 1056.3802 | AK28: =HLOOKUP($A28,computation!$1:$1048576,ROW(computation!$57:$57)-ROW(computation!$1:$1)+1,0) -> 47.269352 | AL28: =HLOOKUP($A28,computation!$1:$1048576,ROW(computation!$59:$59)-ROW(computation!$1:$1)+1,0) -> 2665.7874 | AM28: =HLOOKUP($A28,computation!$1:$1048576,ROW(computation!$61:$61)-ROW(computation!$1:$1)+1,0) -> 2824.9799 | AN28: =D28/AG28*100 -> 58.549739 | AO28: =AA28/AH28*100 -> 88.825956 | AP28: =AB28/AI28*100 -> 52.659829 | AQ28: =AC28/AJ28*100 -> 52.178185 | AR28: =AD28/AK28*100 -> 72.139766 | AS28: =AE28/AL28*100 -> 46.21899 | AT28: =AF28/AM28*100 -> 50.187967 | AU28: 1052.241 | AV28: 1276.204 | AW28: 2590.411 | AX28: 263.941 | AY28: -130.5 | AZ28: 2723.852 | BA28: 187.325 | BB28: 71.76195 | BC28: =BA28-BB28 -> 115.56305 | BD28: =(BA28/BA27-1)*100 -> 3.3517241 | BE28: =(BB28/BB27-1)*100 -> 2.3920653 | BF28: =(BC28/BC27-1)*100 -> 3.9567564 | DE28: 850.7 | DF28: 666.4 | DG28: 50.4 | DI28: 501.4 | DJ28: 271.6 | DK28: 146.8 | DL28: 65.7 | DM28: 59.1 | DN28: 68.3 | DO28: 161.5 | DP28: 165 | DQ28: 0 | DR28: 184.3 | DS28: 868.7 | DV28: -30.9 | DY28: 1210.4 | DZ28: 249 | EA28: 961.4 | EJ28: =SUMIF(quarterly!$D:CK,$B28,quarterly!CK:CK)/COUNTIF(quarterly!$D:$D,$B28) -> 83.375 | EK28: =(EJ28/EJ27-1)*100 -> 8.490566 | EL28: 68.695 | EM28: 0.481 | EN28: 4.396 | EO28: 10.772 | EP28: 4.107 | EQ28: 12.266 | ER28: 3.749 | ES28: 2928.78 | ET28: -2925.994
A29: 32478 | B29: _1988 | C29: 2458.398 | D29: 3169.939 | AA29: 1919.4 | AB29: 662.899 | AC29: 737 | AD29: 125.5 | AE29: 1371.14 | AF29: 1646 | AG29: =HLOOKUP($A29,computation!$1:$1048576,ROW(computation!$49:$49)-ROW(computation!$1:$1)+1,0) -> 5017.002 | AH29: =HLOOKUP($A29,computation!$1:$1048576,ROW(computation!$51:$51)-ROW(computation!$1:$1)+1,0) -> 2049.3387 | AI29: =HLOOKUP($A29,computation!$1:$1048576,ROW(computation!$53:$53)-ROW(computation!$1:$1)+1,0) -> 1194.1256 | AJ29: =HLOOKUP($A29,computation!$1:$1048576,ROW(computation!$55:$55)-ROW(computation!$1:$1)+1,0) -> 1334.6734 | AK29: =HLOOKUP($A29,computation!$1:$1048576,ROW(computation!$57:$57)-ROW(computation!$1:$1)+1,0) -> 192.85141 | AL29: =HLOOKUP($A29,computation!$1:$1048576,ROW(computation!$59:$59)-ROW(computation!$1:$1)+1,0) -> 2627.6327 | AM29: =HLOOKUP($A29,computation!$1:$1048576,ROW(computation!$61:$61)-ROW(computation!$1:$1)+1,0) -> 3100.2187 | AN29: =D29/AG29*100 -> 63.183929 | AO29: =AA29/AH29*100 -> 93.659481 | AP29: =AB29/AI29*100 -> 55.51334 | AQ29: =AC29/AJ29*100 -> 55.219501 | AR29: =AD29/AK29*100 -> 65.076009 | AS29: =AE29/AL29*100 -> 52.18157 | AT29: =AF29/AM29*100 -> 53.093028 | AU29: 1160.34 | AV29: 1447.1 | AW29: 2886.64 | AX29: 283.249 | AY29: -122.1 | AZ29: 3047.789 | BA29: 197.525 | BB29: 74.54247 | BC29: =BA29-BB29 -> 122.98253 | BD29: =(BA29/BA28-1)*100 -> 5.4450821 | BE29: =(BB29/BB28-1)*100 -> 3.8746439 | BF29: =(BC29/BC28-1)*100 -> 6.4202875 | DE29: 905 | DF29: 715.1 | DG29: 91.8 | DI29: 570.4 | DJ29: 330 | DK29: 156.8 | DL29: 82.6 | DM29: 90.6 | DN29: 67 | DO29: 173.4 | DP29: 144.7 | DQ29: 0 | DR29: 189.9 | DS29: 953.3 | DV29: -30.4 | DY29: 1154.3 | DZ29: 304 | EA29: 850.3 | EJ29: =SUMIF(quarterly!$D:CK,$B29,quarterly!CK:CK)/COUNTIF(quarterly!$D:$D,$B29) -> 89.425 | EK29: =(EJ29/EJ28-1)*100 -> 7.2563718 | EL29: 69.742 | EM29: 1.524 | EN29: 4.03 | EO29: 11.073 | EP29: 7.147 | EQ29: 11.661 | ER29: 4.476 | ES29: 3326.027 | ET29: -3323.226
A30: 32843 | B30: _1989 | C30: 2423.401 | D30: 3045.73 | AA30: 1962 | AB30: 744.879 | AC30: 790.7 | AD30: -83.4 | AE30: 1238.04 | AF30: 1606.489 | AG30: =HLOOKUP($A30,computation!$1:$1048576,ROW(computation!$49:$49)-ROW(computation!$1:$1)+1,0) -> 4945.5815 | AH30: =HLOOKUP($A30,computation!$1:$1048576,ROW(computation!$51:$51)-ROW(computation!$1:$1)+1,0) -> 2024.684 | AI30: =HLOOKUP($A30,computation!$1:$1048576,ROW(computation!$53:$53)-ROW(computation!$1:$1)+1,0) -> 1265.5379 | AJ30: =HLOOKUP($A30,computation!$1:$1048576,ROW(computation!$55:$55)-ROW(computation!$1:$1)+1,0) -> 1368.2672 | AK30: =HLOOKUP($A30,computation!$1:$1048576,ROW(computation!$57:$57)-ROW(computation!$1:$1)+1,0) -> -139.54177 | AL30: =HLOOKUP($A30,computation!$1:$1048576,ROW(computation!$59:$59)-ROW(computation!$1:$1)+1,0) -> 2604.0689 | AM30: =HLOOKUP($A30,computation!$1:$1048576,ROW(computation!$61:$61)-ROW(computation!$1:$1)+1,0) -> 2788.239 | AN30: =D30/AG30*100 -> 61.584871 | AO30: =AA30/AH30*100 -> 96.904012 | AP30: =AB30/AI30*100 -> 58.858686 | AQ30: =AC30/AJ30*100 -> 57.788422 | AR30: =AD30/AK30*100 -> 59.767051 | AS30: =AE30/AL30*100 -> 47.542521 | AT30: =AF30/AM30*100 -> 57.616617 | AU30: 1268.5 | AV30: 1115.6 | AW30: 2699.64 | AX30: 346.04 | AY30: -115 | AZ30: 2930.68 | BA30: 206.375 | BB30: 77.435437 | BC30: =BA30-BB30 -> 128.93956 | BD30: =(BA30/BA29-1)*100 -> 4.4804455 | BE30: =(BB30/BB29-1)*100 -> 3.8809654 | BF30: =(BC30/BC29-1)*100 -> 4.8438038 | DE30: 1013.4 | DF30: 823.7 | DG30: 123.2 | DI30: 688.7 | DJ30: 390.2 | DK30: 172.7 | DL30: 85.3 | DM30: 132.2 | DN30: 82.5 | DO30: 216 | DP30: 135 | DQ30: 0 | DR30: 189.7 | DS30: 1049.1 | DV30: -35.2 | DY30: 1211 | DZ30: 367.9 | EA30: 843.1 | EJ30: =SUMIF(quarterly!$D:CK,$B30,quarterly!CK:CK)/COUNTIF(quarterly!$D:$D,$B30) -> 96.175 | EK30: =(EJ30/EJ29-1)*100 -> 7.5482248 | EL30: 71.342 | EM30: 2.294 | EN30: 4.241 | EO30: 10.228 | EP30: 5.37 | EQ30: 6.752 | ER30: 3.843 | ES30: 3596.742 | ET30: -3607.072
A31: 33208 | B31: _1990 | C31: 2350.81 | D31: 3076.139 | AA31: 1816.3 | AB31: 763.94 | AC31: 772.8 | AD31: -21 | AE31: 1249.749 | AF31: 1505.65 | AG31: =HLOOKUP($A31,computation!$1:$1048576,ROW(computation!$49:$49)-ROW(computation!$1:$1)+1,0) -> 4797.4407 | AH31: =HLOOKUP($A31,computation!$1:$1048576,ROW(computation!$51:$51)-ROW(computation!$1:$1)+1,0) -> 1752.9372 | AI31: =HLOOKUP($A31,computation!$1:$1048576,ROW(computation!$53:$53)-ROW(computation!$1:$1)+1,0) -> 1230.006 | AJ31: =HLOOKUP($A31,computation!$1:$1048576,ROW(computation!$55:$55)-ROW(computation!$1:$1)+1,0) -> 1243.5823 | AK31: =HLOOKUP($A31,computation!$1:$1048576,ROW(computation!$57:$57)-ROW(computation!$1:$1)+1,0) -> -32.456401 | AL31: =HLOOKUP($A31,computation!$1:$1048576,ROW(computation!$59:$59)-ROW(computation!$1:$1)+1,0) -> 2485.0449 | AM31: =HLOOKUP($A31,computation!$1:$1048576,ROW(computation!$61:$61)-ROW(computation!$1:$1)+1,0) -> 2321.7697 | AN31: =D31/AG31*100 -> 64.120418 | AO31: =AA31/AH31*100 -> 103.61467 | AP31: =AB31/AI31*100 -> 62.108642 | AQ31: =AC31/AJ31*100 -> 62.14305 | AR31: =AD31/AK31*100 -> 64.702183 | AS31: =AE31/AL31*100 -> 50.290802 | AT31: =AF31/AM31*100 -> 64.849241 | AU31: 1262.4 | AV31: 1144.6 | AW31: 2746.4 | AX31: 329.6 | AY31: -117.9 | AZ31: 2958.1 | BA31: 220.725 | BB31: 84.84675 | BC31: =BA31-BB31 -> 135.87825 | BD31: =(BA31/BA30-1)*100 -> 6.9533616 | BE31: =(BB31/BB30-1)*100 -> 9.5709571 | BF31: =(BC31/BC30-1)*100 -> 5.3813487 | BH31: 69.182292 | BI31: 98.660292 | BJ31: -110 | BK31: 64 | BL31: 1121 | BM31: -1057 | CD31: 43 | CG31: =SUMIF(quarterly!$D:AL,$B31,quarterly!AL:AL) -> 1122.4 | CH31: =SUMIF(quarterly!$D:AM,$B31,quarterly!AM:AM) -> 364.9 | CI31: =SUMIF(quarterly!$D:AN,$B31,quarterly!AN:AN) -> 757.5 | CJ31: =SUMIF(quarterly!$D:AO,$B31,quarterly!AO:AO) -> 204.6 | CR31: =VLOOKUP($A31,quarterly!$B$2:$CL$143,COLUMN(quarterly!$AV:$AV)) -> 1407.2 | CS31: =SUMIF(quarterly!$D:AX,$B31,quarterly!AX:AX) -> 207 | CT31: =SUMIF(quarterly!$D:AY,$B31,quarterly!AY:AY) -> -134.9 | DA31: 7.6 | DB31: 15.2 | DC31: 0.95138426 | DD31: 0.73443008 | DE31: 988.7 | DF31: 766.6 | DG31: 5.6 | DI31: 599.6 | DJ31: 315.9 | DK31: 186.2 | DL31: 94.5 | DM31: 35.2 | DN31: 90 | DO31: 193.7 | DP31: 167 | DQ31: 0 | DR31: 222.1 | DS31: 1089.1 | DV31: -100.3 | DY31: =VLOOKUP($A31,quarterly!$B$2:$CQ$153,COLUMN($BY:$BY)) -> 1407.2 | DZ31: =VLOOKUP($A31,quarterly!$B$2:$CQ$153,COLUMN($BZ:$BZ)) -> 407.5 | EA31: =VLOOKUP($A31,quarterly!$B$2:$CQ$153,COLUMN($CA:$CA)) -> 999.7 | EJ31: =SUMIF(quarterly!$D:CK,$B31,quarterly!CK:CK)/COUNTIF(quarterly!$D:$D,$B31) -> 103.175 | EK31: =(EJ31/EJ30-1)*100 -> 7.2783988 | EL31: 73.803 | EM31: 3.45 | EN31: 1.319 | EO31: 10.107 | EP31: 5.572 | EQ31: 9.297 | ER31: 3.193 | ES31: 4172.746 | ET31: -4167.75
A32: 33573 | B32: _1991 | C32: 2575.4 | D32: 3605.535 | AA32: 2121.3 | AB32: 852.7 | AC32: 1010.09 | AD32: -22 | AE32: 1523.945 | AF32: 1880.5 | AG32: =HLOOKUP($A32,computation!$1:$1048576,ROW(computation!$49:$49)-ROW(computation!$1:$1)+1,0) -> 5255.7751 | AH32: =HLOOKUP($A32,computation!$1:$1048576,ROW(computation!$51:$51)-ROW(computation!$1:$1)+1,0) -> 1915.3042 | AI32: =HLOOKUP($A32,computation!$1:$1048576,ROW(computation!$53:$53)-ROW(computation!$1:$1)+1,0) -> 1283.3039 | AJ32: =HLOOKUP($A32,computation!$1:$1048576,ROW(computation!$55:$55)-ROW(computation!$1:$1)+1,0) -> 1522.811 | AK32: =HLOOKUP($A32,computation!$1:$1048576,ROW(computation!$57:$57)-ROW(computation!$1:$1)+1,0) -> -34.532101 | AL32: =HLOOKUP($A32,computation!$1:$1048576,ROW(computation!$59:$59)-ROW(computation!$1:$1)+1,0) -> 2878.5338 | AM32: =HLOOKUP($A32,computation!$1:$1048576,ROW(computation!$61:$61)-ROW(computation!$1:$1)+1,0) -> 2787.9848 | AN32: =D32/AG32*100 -> 68.601394 | AO32: =AA32/AH32*100 -> 110.75525 | AP32: =AB32/AI32*100 -> 66.445679 | AQ32: =AC32/AJ32*100 -> 66.330621 | AR32: =AD32/AK32*100 -> 63.708837 | AS32: =AE32/AL32*100 -> 52.94171 | AT32: =AF32/AM32*100 -> 67.450153 | AU32: 1348.7 | AV32: 1455.8 | AW32: 3221.4 | AX32: 384.1 | AY32: -205.3 | AZ32: 3400.2 | BA32: 236.1 | BB32: 91.419817 | BC32: =BA32-BB32 -> 144.68018 | BD32: =(BA32/BA31-1)*100 -> 6.9656813 | BE32: =(BB32/BB31-1)*100 -> 7.746988 | BF32: =(BC32/BC31-1)*100 -> 6.4778083 | BH32: 68.612802 | BI32: 95.146033 | BJ32: -144 | BK32: 75 | BL32: 1411 | BM32: -1336 | CD32: -81 | CG32: =SUMIF(quarterly!$D:AL,$B32,quarterly!AL:AL) -> 1390.5 | CH32: =SUMIF(quarterly!$D:AM,$B32,quarterly!AM:AM) -> 385.2 | CI32: =SUMIF(quarterly!$D:AN,$B32,quarterly!AN:AN) -> 1005.3 | CJ32: =SUMIF(quarterly!$D:AO,$B32,quarterly!AO:AO) -> 204.6 | CR32: =VLOOKUP($A32,quarterly!$B$2:$CL$143,COLUMN(quarterly!$AV:$AV)) -> 1566.7 | CS32: =SUMIF(quarterly!$D:AX,$B32,quarterly!AX:AX) -> 157.4 | CT32: =SUMIF(quarterly!$D:AY,$B32,quarterly!AY:AY) -> -194 | DA32: 7 | DB32: 14.5 | DC32: 0.95256239 | DD32: 0.72369373 | DE32: 1123.1 | DF32: 811.4 | DG32: 13.3 | DI32: 624.2 | DJ32: 337 | DK32: 206.2 | DL32: 89.9 | DM32: 40.9 | DN32: 79.3 | DO32: 207.9 | DP32: 187.2 | DQ32: 0 | DR32: 311.7 | DS32: 1187.8 | DV32: -64.8 | DY32: =VLOOKUP($A32,quarterly!$B$2:$CQ$153,COLUMN($BY:$BY)) -> 1566.7 | DZ32: =VLOOKUP($A32,quarterly!$B$2:$CQ$153,COLUMN($BZ:$BZ)) -> 555.9 | EA32: =VLOOKUP($A32,quarterly!$B$2:$CQ$153,COLUMN($CA:$CA)) -> 1010.8 | EJ32: =SUMIF(quarterly!$D:CK,$B32,quarterly!CK:CK)/COUNTIF(quarterly!$D:$D,$B32) -> 106.5 | EK32: =(EJ32/EJ31-1)*100 -> 3.2226799 | EL32: 76.326 | EM32: 3.419 | EN32: -0.885 | EO32: 6.485 | EP32: 3.324 | EQ32: 9.713 | ER32: 2.208 | ES32: 4325.25 | ET32: -4342.923
A33: 33939 | B33: _1992 | C33: 2931.5 | D33: 4223 | AA33: 2143.7 | AB33: 1004.5 | AC33: 914.1 | AD33: 70 | AE33: 2020.7 | AF33: 1930 | AG33: =HLOOKUP($A33,computation!$1:$1048576,ROW(computation!$49:$49)-ROW(computation!$1:$1)+1,0) -> 5982.49 | AH33: =HLOOKUP($A33,computation!$1:$1048576,ROW(computation!$51:$51)-ROW(computation!$1:$1)+1,0) -> 1831.3964 | AI33: =HLOOKUP($A33,computation!$1:$1048576,ROW(computation!$53:$53)-ROW(computation!$1:$1)+1,0) -> 1422.2016 | AJ33: =HLOOKUP($A33,computation!$1:$1048576,ROW(computation!$55:$55)-ROW(computation!$1:$1)+1,0) -> 1404.5412 | AK33: =HLOOKUP($A33,computation!$1:$1048576,ROW(computation!$57:$57)-ROW(computation!$1:$1)+1,0) -> 103.785 | AL33: =HLOOKUP($A33,computation!$1:$1048576,ROW(computation!$59:$59)-ROW(computation!$1:$1)+1,0) -> 3686.3976 | AM33: =HLOOKUP($A33,computation!$1:$1048576,ROW(computation!$61:$61)-ROW(computation!$1:$1)+1,0) -> 2703.5697 | AN33: =D33/AG33*100 -> 70.589336 | AO33: =AA33/AH33*100 -> 117.05276 | AP33: =AB33/AI33*100 -> 70.62993 | AQ33: =AC33/AJ33*100 -> 65.081749 | AR33: =AD33/AK33*100 -> 67.447124 | AS33: =AE33/AL33*100 -> 54.815031 | AT33: =AF33/AM33*100 -> 71.387099 | AU33: 1462.4 | AV33: 1908.4 | AW33: 3809.8 | AX33: 413.2 | AY33: -333.6 | AZ33: 3889.4 | BA33: 246.275 | BB33: 94.394565 | BC33: =BA33-BB33 -> 151.88044 | BD33: =(BA33/BA32-1)*100 -> 4.3096146 | BE33: =(BB33/BB32-1)*100 -> 3.2539416 | BF33: =(BC33/BC32-1)*100 -> 4.9766681 | BH33: 73.742784 | BI33: 98.175 | BJ33: 94 | BK33: 607 | BL33: 1882 | BM33: -1275 | CD33: -68 | CG33: =SUMIF(quarterly!$D:AL,$B33,quarterly!AL:AL) -> 1862.6 | CH33: =SUMIF(quarterly!$D:AM,$B33,quarterly!AM:AM) -> 491.1 | CI33: =SUMIF(quarterly!$D:AN,$B33,quarterly!AN:AN) -> 1371.5 | CJ33: =SUMIF(quarterly!$D:AO,$B33,quarterly!AO:AO) -> 223.6 | CR33: =VLOOKUP($A33,quarterly!$B$2:$CL$143,COLUMN(quarterly!$AV:$AV)) -> 1945.2 | CS33: =SUMIF(quarterly!$D:AX,$B33,quarterly!AX:AX) -> 121.8 | CT33: =SUMIF(quarterly!$D:AY,$B33,quarterly!AY:AY) -> -64.5 | DC33: 0.98745927 | DD33: 0.67990209 | DE33: 1125.5 | DF33: 929.2 | DG33: 82.7 | DI33: 762.5 | DJ33: 445.2 | DK33: 235.5 | DL33: 92 | DM33: 117.7 | DN33: 93.3 | DO33: 224 | DP33: 166.7 | DQ33: 0 | DR33: 196.3 | DS33: 1358.3 | DV33: -232.8 | DY33: =VLOOKUP($A33,quarterly!$B$2:$CQ$153,COLUMN($BY:$BY)) -> 1945.2 | DZ33: =VLOOKUP($A33,quarterly!$B$2:$CQ$153,COLUMN($BZ:$BZ)) -> 824.4 | EA33: =VLOOKUP($A33,quarterly!$B$2:$CQ$153,COLUMN($CA:$CA)) -> 1120.8 | EJ33: =SUMIF(quarterly!$D:CK,$B33,quarterly!CK:CK)/COUNTIF(quarterly!$D:$D,$B33) -> 107.55 | EK33: =(EJ33/EJ32-1)*100 -> 0.98591549 | EL33: 78.055 | EM33: 2.265 | EN33: 2.735 | EO33: 7.031 | EP33: 0.819 | EQ33: 5.765 | ER33: 2.214 | ES33: 4762.68 | ET33: -4753.046
A34: 34304 | B34: _1993 | C34: 3465.1 | D34: 4867.1 | AA34: 2045.6 | AB34: 1199.3 | AC34: 900.8 | AD34: -42.5 | AE34: 2562.2 | AF34: 1798.2 | AG34: =HLOOKUP($A34,computation!$1:$1048576,ROW(computation!$49:$49)-ROW(computation!$1:$1)+1,0) -> 7071.4399 | AH34: =HLOOKUP($A34,computation!$1:$1048576,ROW(computation!$51:$51)-ROW(computation!$1:$1)+1,0) -> 1907.54 | AI34: =HLOOKUP($A34,computation!$1:$1048576,ROW(computation!$53:$53)-ROW(computation!$1:$1)+1,0) -> 1667.003 | AJ34: =HLOOKUP($A34,computation!$1:$1048576,ROW(computation!$55:$55)-ROW(computation!$1:$1)+1,0) -> 1282.3058 | AK34: =HLOOKUP($A34,computation!$1:$1048576,ROW(computation!$57:$57)-ROW(computation!$1:$1)+1,0) -> -60.572702 | AL34: =HLOOKUP($A34,computation!$1:$1048576,ROW(computation!$59:$59)-ROW(computation!$1:$1)+1,0) -> 4670.4545 | AM34: =HLOOKUP($A34,computation!$1:$1048576,ROW(computation!$61:$61)-ROW(computation!$1:$1)+1,0) -> 2338.4493 | AN34: =D34/AG34*100 -> 68.827566 | AO34: =AA34/AH34*100 -> 107.23759 | AP34: =AB34/AI34*100 -> 71.943481 | AQ34: =AC34/AJ34*100 -> 70.248455 | AR34: =AD34/AK34*100 -> 70.163619 | AS34: =AE34/AL34*100 -> 54.859757 | AT34: =AF34/AM34*100 -> 76.897115 | AU34: 1468.3 | AV34: 2506.2 | AW34: 4407.1 | AX34: 460 | AY34: -323.2 | AZ34: 4543.9 | BA34: 258.53325 | BB34: 96.726419 | BC34: =BA34-BB34 -> 161.80683 | BD34: =(BA34/BA33-1)*100 -> 4.9774642 | BE34: =(BB34/BB33-1)*100 -> 2.4703271 | BF34: =(BC34/BC33-1)*100 -> 6.5356644 | BH34: 73.146577 | BI34: 95.390822 | BJ34: 632 | BK34: 1437 | BL34: 2547 | BM34: -1110 | CD34: -96 | CG34: =SUMIF(quarterly!$D:AL,$B34,quarterly!AL:AL) -> 2527.3 | CH34: =SUMIF(quarterly!$D:AM,$B34,quarterly!AM:AM) -> 759.5 | CI34: =SUMIF(quarterly!$D:AN,$B34,quarterly!AN:AN) -> 1767.8 | CJ34: =SUMIF(quarterly!$D:AO,$B34,quarterly!AO:AO) -> 270.1 | CR34: =VLOOKUP($A34,quarterly!$B$2:$CL$143,COLUMN(quarterly!$AV:$AV)) -> 2319.915 | CS34: =SUMIF(quarterly!$D:AX,$B34,quarterly!AX:AX) -> 154.9 | CT34: =SUMIF(quarterly!$D:AY,$B34,quarterly!AY:AY) -> -91.3 | DA34: 3.7 | DB34: 9.2 | DC34: 0.98135427 | DD34: 0.66326192 | DE34: 1308.6 | DF34: 1127 | DG34: 273.6 | DI34: 977.9 | DJ34: 612.3 | DK34: 188.9 | DL34: 109.6 | DM34: 313.8 | DN34: 93.9 | DO34: 271.7 | DP34: 149.1 | DQ34: 0 | DR34: 181.6 | DS34: 1605.1 | DV34: -296.5 | DY34: =VLOOKUP($A34,quarterly!$B$2:$CQ$153,COLUMN($BY:$BY)) -> 2319.915 | DZ34: =VLOOKUP($A34,quarterly!$B$2:$CQ$153,COLUMN($BZ:$BZ)) -> 1036.615 | EA34: =VLOOKUP($A34,quarterly!$B$2:$CQ$153,COLUMN($CA:$CA)) -> 1283.3 | EJ34: =SUMIF(quarterly!$D:CK,$B34,quarterly!CK:CK)/COUNTIF(quarterly!$D:$D,$B34) -> 109.5 | EK34: =(EJ34/EJ33-1)*100 -> 1.8131102 | EL34: 79.842 | EM34: 2.29 | EN34: 3.824 | EO34: 11.479 | EP34: 0.171 | EQ34: 6.329 | ER34: 2.078 | ES34: 4739.926 | ET34: -4686.645
A35: 34669 | B35: _1994 | C35: 7733.2792 | D35: 5530.2104 | E35: =D35-H35 -> 4522.2104 | F35: =C35-R35 -> 6212.7792 | G35: 1789.8 | H35: 1008 | I35: 454.3 | J35: 90 | K35: 265.6 | L35: 477.4 | M35: 285 | N35: 155.3 | O35: 637.6 | P35: 180 | Q35: 2633.3 | R35: 1520.5 | S35: 575.8 | T35: 93.7 | U35: 360.8 | V35: 646.9 | W35: 359.4 | X35: 244 | Y35: 853 | Z35: 240.8 | AA35: 2558.2 | AB35: 1029.0543 | AC35: 1039.9351 | AD35: 141.721 | AE35: 2960.6 | AF35: 2199.3 | AG35: =HLOOKUP($A35,computation!$1:$1048576,ROW(computation!$49:$49)-ROW(computation!$1:$1)+1,0) -> 7733.2792 | AH35: =HLOOKUP($A35,computation!$1:$1048576,ROW(computation!$51:$51)-ROW(computation!$1:$1)+1,0) -> 2296 | AI35: =HLOOKUP($A35,computation!$1:$1048576,ROW(computation!$53:$53)-ROW(computation!$1:$1)+1,0) -> 1376.6746 | AJ35: =HLOOKUP($A35,computation!$1:$1048576,ROW(computation!$55:$55)-ROW(computation!$1:$1)+1,0) -> 1424.8 | AK35: =HLOOKUP($A35,computation!$1:$1048576,ROW(computation!$57:$57)-ROW(computation!$1:$1)+1,0) -> 194.40466 | AL35: =HLOOKUP($A35,computation!$1:$1048576,ROW(computation!$59:$59)-ROW(computation!$1:$1)+1,0) -> 5194.1 | AM35: =HLOOKUP($A35,computation!$1:$1048576,ROW(computation!$61:$61)-ROW(computation!$1:$1)+1,0) -> 2752.7 | AN35: =D35/AG35*100 -> 71.511841 | AO35: =AA35/AH35*100 -> 111.41986 | AP35: =AB35/AI35*100 -> 74.749277 | AQ35: =AC35/AJ35*100 -> 72.988145 | AR35: =AD35/AK35*100 -> 72.9 | AS35: =AE35/AL35*100 -> 56.999288 | AT35: =AF35/AM35*100 -> 79.896102 | AU35: 1603.7 | AV35: 2853.1 | AW35: 4944.3 | AX35: 586 | AY35: -246.2 | AZ35: 5284.1 | BA35: 265.9 | BB35: 98.493787 | BC35: =BA35-BB35 -> 167.40621 | BD35: =(BA35/BA34-1)*100 -> 2.8494401 | BE35: =(BB35/BB34-1)*100 -> 1.8271823 | BF35: =(BC35/BC34-1)*100 -> 3.460535 | BH35: 72.101746 | BI35: 102.4388 | BJ35: 576 | BK35: 1346 | BL35: 2682 | BM35: -1336 | CD35: -26 | CG35: =SUMIF(quarterly!$D:AL,$B35,quarterly!AL:AL) -> 2662 | CH35: =SUMIF(quarterly!$D:AM,$B35,quarterly!AM:AM) -> 879.3 | CI35: =SUMIF(quarterly!$D:AN,$B35,quarterly!AN:AN) -> 1782.7 | CJ35: =SUMIF(quarterly!$D:AO,$B35,quarterly!AO:AO) -> 374.6 | CR35: =VLOOKUP($A35,quarterly!$B$2:$CL$143,COLUMN(quarterly!$AV:$AV)) -> 2937.5 | CS35: =SUMIF(quarterly!$D:AX,$B35,quarterly!AX:AX) -> 582.88 | CT35: =SUMIF(quarterly!$D:AY,$B35,quarterly!AY:AY) -> -158.422 | DA35: 4.5 | DB35: 10 | DC35: 1.1785504 | DD35: 0.91516427 | DE35: 1447.5 | DF35: 1282.7 | DG35: 281.8 | DI35: 1124.3 | DJ35: 636 | DK35: 193.7 | DL35: 109.4 | DM35: 332.9 | DN35: 104.2 | DO35: 384.1 | DP35: 158.4 | DQ35: 0 | DR35: 164.8 | DS35: 1582.6 | DV35: -135.1 | DY35: =VLOOKUP($A35,quarterly!$B$2:$CQ$153,COLUMN($BY:$BY)) -> 2937.5 | DZ35: =VLOOKUP($A35,quarterly!$B$2:$CQ$153,COLUMN($BZ:$BZ)) -> 1424.3 | EA35: =VLOOKUP($A35,quarterly!$B$2:$CQ$153,COLUMN($CA:$CA)) -> 1513.2 | EJ35: =SUMIF(quarterly!$D:CK,$B35,quarterly!CK:CK)/COUNTIF(quarterly!$D:$D,$B35) -> 111.575 | EK35: =(EJ35/EJ34-1)*100 -> 1.8949772 | EL35: 82.314 | EM35: 3.095 | EN35: 4.818 | EO35: 10.575 | EP35: 0.864 | EQ35: 8.772 | ER35: 3.375 | ES35: 5296.024 | ET35: -5211.514
A36: 35034 | B36: _1995 | C36: 7466.7111 | D36: 6194.7652 | E36: =D36-H36 -> 5023.6652 | F36: =C36-R36 -> 6133.4111 | G36: 2094.6 | H36: 1171.1 | I36: 496.7 | J36: 91 | K36: 227.7 | L36: 520.9 | M36: 298.1 | N36: 202.4 | O36: 679.6 | P36: 189 | Q36: 2614.8 | R36: 1333.3 | S36: 578.9 | T36: 92.3 | U36: 292.3 | V36: 624.6 | W36: 346.6 | X36: 280.8 | Y36: 836.5 | Z36: 232.6 | AA36: 2703.5 | AB36: 1058.0995 | AC36: 1210.1667 | AD36: 148.899 | AE36: 3781.2 | AF36: 2707.1 | AG36: =HLOOKUP($A36,computation!$1:$1048576,ROW(computation!$49:$49)-ROW(computation!$1:$1)+1,0) -> 7466.7111 | AH36: =HLOOKUP($A36,computation!$1:$1048576,ROW(computation!$51:$51)-ROW(computation!$1:$1)+1,0) -> 1858.9 | AI36: =HLOOKUP($A36,computation!$1:$1048576,ROW(computation!$53:$53)-ROW(computation!$1:$1)+1,0) -> 1302.426 | AJ36: =HLOOKUP($A36,computation!$1:$1048576,ROW(computation!$55:$55)-ROW(computation!$1:$1)+1,0) -> 1577.6 | AK36: =HLOOKUP($A36,computation!$1:$1048576,ROW(computation!$57:$57)-ROW(computation!$1:$1)+1,0) -> 194.38512 | AL36: =HLOOKUP($A36,computation!$1:$1048576,ROW(computation!$59:$59)-ROW(computation!$1:$1)+1,0) -> 5652 | AM36: =HLOOKUP($A36,computation!$1:$1048576,ROW(computation!$61:$61)-ROW(computation!$1:$1)+1,0) -> 3118.6 | AN36: =D36/AG36*100 -> 82.965112 | AO36: =AA36/AH36*100 -> 145.43547 | AP36: =AB36/AI36*100 -> 81.240661 | AQ36: =AC36/AJ36*100 -> 76.709352 | AR36: =AD36/AK36*100 -> 76.6 | AS36: =AE36/AL36*100 -> 66.900212 | AT36: =AF36/AM36*100 -> 86.804977 | AU36: 1635.9 | AV36: 3347.6 | AW36: 5547.2 | AX36: 647.5 | AY36: -208.1 | AZ36: 5986.6 | BA36: 311.85 | BB36: 116.24005 | BC36: =BA36-BB36 -> 195.60995 | BD36: =(BA36/BA35-1)*100 -> 17.280933 | BE36: =(BB36/BB35-1)*100 -> 18.017644 | BF36: =(BC36/BC35-1)*100 -> 16.847487 | BH36: 77.087757 | BI36: 97.748048 | BJ36: 859 | BK36: 1800 | BL36: 3420 | BM36: -1620 | CD36: 244 | CG36: =SUMIF(quarterly!$D:AL,$B36,quarterly!AL:AL) -> 3399.8 | CH36: =SUMIF(quarterly!$D:AM,$B36,quarterly!AM:AM) -> 964.4 | CI36: =SUMIF(quarterly!$D:AN,$B36,quarterly!AN:AN) -> 2435.4 | CJ36: =SUMIF(quarterly!$D:AO,$B36,quarterly!AO:AO) -> 502.4 | CR36: =VLOOKUP($A36,quarterly!$B$2:$CL$143,COLUMN(quarterly!$AV:$AV)) -> 3324.196 | CS36: =SUMIF(quarterly!$D:AX,$B36,quarterly!AX:AX) -> 192 | CT36: =SUMIF(quarterly!$D:AY,$B36,quarterly!AY:AY) -> -220.4 | DA36: 9.4 | DB36: 15.4 | DC36: 1.325381 | DD36: 0.9827044 | DE36: 1721.5 | DF36: 1484.8 | DG36: 281.8 | DI36: 1207.2 | DJ36: 677.2 | DK36: 257.8 | DL36: 99 | DM36: 320.4 | DN36: 103.3 | DO36: 426.7 | DP36: 277.6 | DQ36: 0 | DR36: 236.7 | DS36: 1755 | DV36: -33.5 | DY36: =VLOOKUP($A36,quarterly!$B$2:$CQ$153,COLUMN($BY:$BY)) -> 3324.196 | DZ36: =VLOOKUP($A36,quarterly!$B$2:$CQ$153,COLUMN($BZ:$BZ)) -> 1605.7 | EA36: =VLOOKUP($A36,quarterly!$B$2:$CQ$153,COLUMN($CA:$CA)) -> 1718.496 | EJ36: =SUMIF(quarterly!$D:CK,$B36,quarterly!CK:CK)/COUNTIF(quarterly!$D:$D,$B36) -> 116.75 | EK36: =(EJ36/EJ35-1)*100 -> 4.6381358 | EL36: 83.733 | EM36: 1.725 | EN36: 3.356 | EO36: 7.278 | EP36: 1.882 | EQ36: 8.931 | ER36: 3.262 | ES36: 6309.267 | ET36: -6219.334
A37: 35400 | B37: _1996 | C37: 7959.5141 | D37: 6794.7336 | E37: =D37-H37 -> 5547.7336 | F37: =C37-R37 -> 6636.0141 | G37: 2150.2 | H37: 1247 | I37: 607 | J37: 95 | K37: 415.6 | L37: 608.5 | M37: 328.5 | N37: 258.4 | O37: 650.8 | P37: 198.5 | Q37: 2810.7 | R37: 1323.5 | S37: 668.5 | T37: 101.1 | U37: 500 | V37: 671.6 | W37: 361.8 | X37: 319.6 | Y37: 742.3 | Z37: 226.3 | AA37: 3148.8 | AB37: 1352.677 | AC37: 1170.6896 | AD37: 374.767 | AE37: 4036.4 | AF37: 3288.6 | AG37: =HLOOKUP($A37,computation!$1:$1048576,ROW(computation!$49:$49)-ROW(computation!$1:$1)+1,0) -> 7959.5141 | AH37: =HLOOKUP($A37,computation!$1:$1048576,ROW(computation!$51:$51)-ROW(computation!$1:$1)+1,0) -> 2915.4 | AI37: =HLOOKUP($A37,computation!$1:$1048576,ROW(computation!$53:$53)-ROW(computation!$1:$1)+1,0) -> 1542.7998 | AJ37: =HLOOKUP($A37,computation!$1:$1048576,ROW(computation!$55:$55)-ROW(computation!$1:$1)+1,0) -> 1419 | AK37: =HLOOKUP($A37,computation!$1:$1048576,ROW(computation!$57:$57)-ROW(computation!$1:$1)+1,0) -> 454.81432 | AL37: =HLOOKUP($A37,computation!$1:$1048576,ROW(computation!$59:$59)-ROW(computation!$1:$1)+1,0) -> 5208.2 | AM37: =HLOOKUP($A37,computation!$1:$1048576,ROW(computation!$61:$61)-ROW(computation!$1:$1)+1,0) -> 3580.7 | AN37: =D37/AG37*100 -> 85.366186 | AO37: =AA37/AH37*100 -> 108.00576 | AP37: =AB37/AI37*100 -> 87.676768 | AQ37: =AC37/AJ37*100 -> 82.501031 | AR37: =AD37/AK37*100 -> 82.4 | AS37: =AE37/AL37*100 -> 77.500864 | AT37: =AF37/AM37*100 -> 91.842377 | AU37: 1614.1 | AV37: 3884.7 | AW37: 6058.3 | AX37: 736.5 | AY37: -307.1 | AZ37: 6487.7 | BA37: 348.125 | BB37: 132.19737 | BC37: =BA37-BB37 -> 215.92763 | BD37: =(BA37/BA36-1)*100 -> 11.632195 | BE37: =(BB37/BB36-1)*100 -> 13.727904 | BF37: =(BC37/BC36-1)*100 -> 10.386832 | BH37: 79.828657 | BI37: 104.89887 | BJ37: 411 | BK37: 1338 | BL37: 3334 | BM37: -1996 | CD37: 432 | CG37: =SUMIF(quarterly!$D:AL,$B37,quarterly!AL:AL) -> 3313.9 | CH37: =SUMIF(quarterly!$D:AM,$B37,quarterly!AM:AM) -> 1069.3 | CI37: =SUMIF(quarterly!$D:AN,$B37,quarterly!AN:AN) -> 2244.6 | CJ37: =SUMIF(quarterly!$D:AO,$B37,quarterly!AO:AO) -> 578.6 | CR37: =VLOOKUP($A37,quarterly!$B$2:$CL$143,COLUMN(quarterly!$AV:$AV)) -> 3780.8 | CS37: =SUMIF(quarterly!$D:AX,$B37,quarterly!AX:AX) -> 156 | CT37: =SUMIF(quarterly!$D:AY,$B37,quarterly!AY:AY) -> -124.1 | DA37: 4 | DB37: 10.2 | DC37: 1.3239772 | DD37: 1.0359474 | DE37: 1897.7 | DF37: 1727.6 | DG37: 424.2 | DI37: 1526.3 | DJ37: 911.6 | DK37: 317.3 | DL37: 118 | DM37: 476.3 | DN37: 114.9 | DO37: 498.4 | DP37: 201.3 | DQ37: 0 | DR37: 170.1 | DS37: 1860.8 | DV37: 36.9 | DY37: =VLOOKUP($A37,quarterly!$B$2:$CQ$153,COLUMN($BY:$BY)) -> 3780.8 | DZ37: =VLOOKUP($A37,quarterly!$B$2:$CQ$153,COLUMN($BZ:$BZ)) -> 1969.5 | EA37: =VLOOKUP($A37,quarterly!$B$2:$CQ$153,COLUMN($CA:$CA)) -> 1811.3 | EJ37: =SUMIF(quarterly!$D:CK,$B37,quarterly!CK:CK)/COUNTIF(quarterly!$D:$D,$B37) -> 119.8 | EK37: =(EJ37/EJ36-1)*100 -> 2.6124197 | EL37: 84.888 | EM37: 1.379 | EN37: 4.279 | EO37: 7.74 | EP37: 2.637 | EQ37: 7.186 | ER37: 3.743 | ES37: 6684.53 | ET37: -6584.505
A38: 35765 | B38: _1997 | C38: 7454.5415 | D38: 7079.611 | E38: =D38-H38 -> 6126.811 | F38: =C38-R38 -> 6478.2415 | G38: 2480.2 | H38: 952.8 | I38: 651.3 | J38: 95.5 | K38: 410.5 | L38: 673.7 | M38: 356.2 | N38: 277.3 | O38: 719.4 | P38: 208.4 | Q38: 2574.7 | R38: 976.3 | S38: 702.6 | T38: 100.4 | U38: 421 | V38: 726.8 | W38: 384.3 | X38: 311.6 | Y38: 770.8 | Z38: 223.3 | AA38: 4287.8 | AB38: 1364.3276 | AC38: 1081.7924 | AD38: 408.891 | AE38: 3480.2 | AF38: 3543.4 | AG38: =HLOOKUP($A38,computation!$1:$1048576,ROW(computation!$49:$49)-ROW(computation!$1:$1)+1,0) -> 7454.5415 | AH38: =HLOOKUP($A38,computation!$1:$1048576,ROW(computation!$51:$51)-ROW(computation!$1:$1)+1,0) -> 4276.4 | AI38: =HLOOKUP($A38,computation!$1:$1048576,ROW(computation!$53:$53)-ROW(computation!$1:$1)+1,0) -> 1461.7796 | AJ38: =HLOOKUP($A38,computation!$1:$1048576,ROW(computation!$55:$55)-ROW(computation!$1:$1)+1,0) -> 1105.7 | AK38: =HLOOKUP($A38,computation!$1:$1048576,ROW(computation!$57:$57)-ROW(computation!$1:$1)+1,0) -> 417.6619 | AL38: =HLOOKUP($A38,computation!$1:$1048576,ROW(computation!$59:$59)-ROW(computation!$1:$1)+1,0) -> 3977.3 | AM38: =HLOOKUP($A38,computation!$1:$1048576,ROW(computation!$61:$61)-ROW(computation!$1:$1)+1,0) -> 3784.3 | AN38: =D38/AG38*100 -> 94.970442 | AO38: =AA38/AH38*100 -> 100.26658 | AP38: =AB38/AI38*100 -> 93.333333 | AQ38: =AC38/AJ38*100 -> 97.837785 | AR38: =AD38/AK38*100 -> 97.9 | AS38: =AE38/AL38*100 -> 87.501571 | AT38: =AF38/AM38*100 -> 93.634226 | AU38: 1744.6 | AV38: 4010.3 | AW38: 6273.2 | AX38: 806.4 | AY38: -310 | AZ38: 6769.6 | BA38: 361.85 | BB38: 140.73316 | BC38: =BA38-BB38 -> 221.11684 | BD38: =(BA38/BA37-1)*100 -> 3.9425494 | BE38: =(BB38/BB37-1)*100 -> 6.4568512 | BF38: =(BC38/BC37-1)*100 -> 2.4032184 | BH38: 83.673935 | BI38: 104.73624 | BJ38: -167 | BK38: 950 | BL38: 3079 | BM38: -2129 | CD38: -123 | CG38: =SUMIF(quarterly!$D:AL,$B38,quarterly!AL:AL) -> 3059.3 | CH38: =SUMIF(quarterly!$D:AM,$B38,quarterly!AM:AM) -> 1220.4 | CI38: =SUMIF(quarterly!$D:AN,$B38,quarterly!AN:AN) -> 1838.9 | CJ38: =SUMIF(quarterly!$D:AO,$B38,quarterly!AO:AO) -> 777.2 | CR38: =VLOOKUP($A38,quarterly!$B$2:$CL$143,COLUMN(quarterly!$AV:$AV)) -> 4418 | CS38: =SUMIF(quarterly!$D:AX,$B38,quarterly!AX:AX) -> 168.27 | CT38: =SUMIF(quarterly!$D:AY,$B38,quarterly!AY:AY) -> -206.04 | DA38: 5.1 | DB38: 10.6 | DC38: 1.4345144 | DD38: 1.0678057 | DE38: 2203 | DF38: 1890.4 | DG38: 450.8 | DI38: 1678.8 | DJ38: 1008.3 | DK38: 370.4 | DL38: 150.2 | DM38: 487.7 | DN38: 148.9 | DO38: 521.6 | DP38: 211.6 | DQ38: 0 | DR38: 312.6 | DS38: 2188.5 | DV38: 14.4 | DY38: =VLOOKUP($A38,quarterly!$B$2:$CQ$153,COLUMN($BY:$BY)) -> 4418 | DZ38: =VLOOKUP($A38,quarterly!$B$2:$CQ$153,COLUMN($BZ:$BZ)) -> 2251.7 | EA38: =VLOOKUP($A38,quarterly!$B$2:$CQ$153,COLUMN($CA:$CA)) -> 2166.3 | EJ38: =SUMIF(quarterly!$D:CK,$B38,quarterly!CK:CK)/COUNTIF(quarterly!$D:$D,$B38) -> 120.1 | EK38: =(EJ38/EJ37-1)*100 -> 0.25041736 | EL38: 86.605 | EM38: 2.023 | EN38: 4.045 | EO38: 8.554 | EP38: 1.564 | EQ38: 5.767 | ER38: 4.24 | ES38: 6949.792 | ET38: -6821.432
A39: 36130 | B39: _1998 | C39: 7803.5815 | D39: 7803.5855 | E39: =D39-H39 -> 6595.2855 | F39: =C39-R39 -> 6595.2815 | G39: 2629.2 | H39: 1208.3 | I39: 722.3 | J39: 106.1 | K39: 410.1 | L39: 691.6 | M39: 386.1 | N39: 349 | O39: 845.9 | P39: 218.8 | Q39: 2629.2 | R39: 1208.3 | S39: 722.3 | T39: 106.1 | U39: 410.1 | V39: 691.6 | W39: 386.1 | X39: 349 | Y39: 845.9 | Z39: 218.8 | AA39: 4589.4 | AB39: 1409.3195 | AC39: 1090.7041 | AD39: 306.662 | AE39: 4217.2 | AF39: 3809.7 | AG39: =HLOOKUP($A39,computation!$1:$1048576,ROW(computation!$49:$49)-ROW(computation!$1:$1)+1,0) -> 7803.5815 | AH39: =HLOOKUP($A39,computation!$1:$1048576,ROW(computation!$51:$51)-ROW(computation!$1:$1)+1,0) -> 4589.4 | AI39: =HLOOKUP($A39,computation!$1:$1048576,ROW(computation!$53:$53)-ROW(computation!$1:$1)+1,0) -> 1409.3195 | AJ39: =HLOOKUP($A39,computation!$1:$1048576,ROW(computation!$55:$55)-ROW(computation!$1:$1)+1,0) -> 1090.7 | AK39: =HLOOKUP($A39,computation!$1:$1048576,ROW(computation!$57:$57)-ROW(computation!$1:$1)+1,0) -> 306.662 | AL39: =HLOOKUP($A39,computation!$1:$1048576,ROW(computation!$59:$59)-ROW(computation!$1:$1)+1,0) -> 4217.2 | AM39: =HLOOKUP($A39,computation!$1:$1048576,ROW(computation!$61:$61)-ROW(computation!$1:$1)+1,0) -> 3809.7 | AN39: =D39/AG39*100 -> 100.00005 | AO39: =AA39/AH39*100 -> 100 | AP39: =AB39/AI39*100 -> 100 | AQ39: =AC39/AJ39*100 -> 100.00037 | AR39: =AD39/AK39*100 -> 100 | AS39: =AE39/AL39*100 -> 100 | AT39: =AF39/AM39*100 -> 100 | AU39: 1786.1 | AV39: 4773.6 | AW39: 7092.2 | AX39: 711.5 | AY39: -342.7 | AZ39: 7461 | BA39: 411.025 | BB39: 159.53233 | BC39: =BA39-BB39 -> 251.49266 | BD39: =(BA39/BA38-1)*100 -> 13.589885 | BE39: =(BB39/BB38-1)*100 -> 13.35803 | BF39: =(BC39/BC38-1)*100 -> 13.737453 | BH39: 93.433236 | BI39: 102.31243 | BJ39: =SUMIF(quarterly!$D:O,$B39,quarterly!O:O) -> 124 | BK39: =SUMIF(quarterly!$D:P,$B39,quarterly!P:P) -> 1476 | BL39: =SUMIF(quarterly!$D:Q,$B39,quarterly!Q:Q) -> 3707 | BM39: =SUMIF(quarterly!$D:R,$B39,quarterly!R:R) -> -2231 | CD39: =SUMIF(quarterly!$D:AI,$B39,quarterly!AI:AI) -> -276 | CG39: =SUMIF(quarterly!$D:AL,$B39,quarterly!AL:AL) -> 3687.7 | CH39: =SUMIF(quarterly!$D:AM,$B39,quarterly!AM:AM) -> 1235.6 | CI39: =SUMIF(quarterly!$D:AN,$B39,quarterly!AN:AN) -> 2452.1 | CJ39: =SUMIF(quarterly!$D:AO,$B39,quarterly!AO:AO) -> 1020.2 | CR39: =VLOOKUP($A39,quarterly!$B$2:$CL$143,COLUMN(quarterly!$AV:$AV)) -> 5195.008 | CS39: =SUMIF(quarterly!$D:AX,$B39,quarterly!AX:AX) -> 159.3 | CT39: =SUMIF(quarterly!$D:AY,$B39,quarterly!AY:AY) -> -203.2 | DA39: 8.7 | DB39: 20.2 | DC39: 2.0593081 | DD39: 1.2973534 | DE39: 2348.1 | DF39: 1877.8 | DG39: 306.4 | DI39: 1598.3 | DJ39: 1007.9 | DK39: 448.8 | DL39: 185.5 | DM39: 373.6 | DN39: 152.5 | DO39: 437.9 | DP39: 279.5 | DQ39: 0 | DR39: 470.3 | DS39: 2475.2 | DV39: -127.1 | DY39: =VLOOKUP($A39,quarterly!$B$2:$CQ$153,COLUMN($BY:$BY)) -> 5195.008 | DZ39: =VLOOKUP($A39,quarterly!$B$2:$CQ$153,COLUMN($BZ:$BZ)) -> 2473.008 | EA39: =VLOOKUP($A39,quarterly!$B$2:$CQ$153,COLUMN($CA:$CA)) -> 2722 | EJ39: =SUMIF(quarterly!$D:CK,$B39,quarterly!CK:CK)/COUNTIF(quarterly!$D:$D,$B39) -> 121.125 | EK39: =(EJ39/EJ38-1)*100 -> 0.85345545 | EL39: 86.371 | EM39: -0.271 | EN39: 5.075 | EO39: -2.108 | EP39: -2.049 | EQ39: -5.714 | ER39: 2.558 | ES39: 6842.771 | ET39: -6771.164
A40: 36495 | B40: _1999 | C40: 7948.3605 | D40: 8828.2526 | E40: =D40-H40 -> 6954.4526 | F40: =C40-R40 -> 6637.9605 | G40: 3024.3 | H40: 1873.8 | I40: 727.5 | J40: 116.7 | K40: 379.4 | L40: 475 | M40: 346.2 | N40: 434.8 | O40: 972.1 | P40: 229.7 | Q40: 2992.2 | R40: 1310.4 | S40: 667.5 | T40: 108.7 | U40: 365.6 | V40: 435.8 | W40: 317 | X40: 385.7 | Y40: 908.1 | Z40: 214.6 | AA40: 4983.8 | AB40: 1496.3232 | AC40: 1068.4175 | AD40: 376.612 | AE40: 5572.2 | AF40: 4669.1 | AG40: =HLOOKUP($A40,computation!$1:$1048576,ROW(computation!$49:$49)-ROW(computation!$1:$1)+1,0) -> 7948.3605 | AH40: =HLOOKUP($A40,computation!$1:$1048576,ROW(computation!$51:$51)-ROW(computation!$1:$1)+1,0) -> 4612 | AI40: =HLOOKUP($A40,computation!$1:$1048576,ROW(computation!$53:$53)-ROW(computation!$1:$1)+1,0) -> 1397.7797 | AJ40: =HLOOKUP($A40,computation!$1:$1048576,ROW(computation!$55:$55)-ROW(computation!$1:$1)+1,0) -> 1033.7 | AK40: =HLOOKUP($A40,computation!$1:$1048576,ROW(computation!$57:$57)-ROW(computation!$1:$1)+1,0) -> 364.58083 | AL40: =HLOOKUP($A40,computation!$1:$1048576,ROW(computation!$59:$59)-ROW(computation!$1:$1)+1,0) -> 4883.6 | AM40: =HLOOKUP($A40,computation!$1:$1048576,ROW(computation!$61:$61)-ROW(computation!$1:$1)+1,0) -> 4343.3 | AN40: =D40/AG40*100 -> 111.07011 | AO40: =AA40/AH40*100 -> 108.06158 | AP40: =AB40/AI40*100 -> 107.05 | AQ40: =AC40/AJ40*100 -> 103.35856 | AR40: =AD40/AK40*100 -> 103.3 | AS40: =AE40/AL40*100 -> 114.10025 | AT40: =AF40/AM40*100 -> 107.50121 | AU40: 1858.6 | AV40: 5592.3 | AW40: 7954.5 | AX40: 873.7 | AY40: -359.4 | AZ40: 8468.8 | BA40: 472.4 | BB40: 186.67307 | BC40: =BA40-BB40 -> 285.72693 | BD40: =(BA40/BA39-1)*100 -> 14.932182 | BE40: =(BB40/BB39-1)*100 -> 17.012687 | BF40: =(BC40/BC39-1)*100 -> 13.61243 | BH40: 94.481454 | BI40: 104.88749 | BJ40: =SUMIF(quarterly!$D:O,$B40,quarterly!O:O) -> 405 | BK40: =SUMIF(quarterly!$D:P,$B40,quarterly!P:P) -> 2270 | BL40: =SUMIF(quarterly!$D:Q,$B40,quarterly!Q:Q) -> 4930 | BM40: =SUMIF(quarterly!$D:R,$B40,quarterly!R:R) -> -2660 | CD40: =SUMIF(quarterly!$D:AI,$B40,quarterly!AI:AI) -> 160 | CG40: =SUMIF(quarterly!$D:AL,$B40,quarterly!AL:AL) -> 4985.3 | CH40: =SUMIF(quarterly!$D:AM,$B40,quarterly!AM:AM) -> 1461.3 | CI40: =SUMIF(quarterly!$D:AN,$B40,quarterly!AN:AN) -> 3524 | CJ40: =SUMIF(quarterly!$D:AO,$B40,quarterly!AO:AO) -> 1165 | CR40: =VLOOKUP($A40,quarterly!$B$2:$CL$143,COLUMN(quarterly!$AV:$AV)) -> 5656.3 | CS40: =SUMIF(quarterly!$D:AX,$B40,quarterly!AX:AX) -> 223.2 | CT40: =SUMIF(quarterly!$D:AY,$B40,quarterly!AY:AY) -> -230.4 | DA40: 8.5 | DB40: 18.2 | DC40: 2.5497195 | DD40: 1.6431153 | DE40: 2568.4 | DF40: 2091.3 | DG40: 327.8 | DH40: 1763.5 | DI40: 1920.1 | DJ40: 1197.9 | DK40: 525.5 | DL40: 246.4 | DM40: 426 | DN40: 324.6 | DO40: 397.6 | DP40: 171.2 | DQ40: 0 | DR40: 477.1 | DS40: 2749.1 | DV40: -172.3 | DY40: =VLOOKUP($A40,quarterly!$B$2:$CQ$153,COLUMN($BY:$BY)) -> 5656.3 | DZ40: =VLOOKUP($A40,quarterly!$B$2:$CQ$153,COLUMN($BZ:$BZ)) -> 2021.3 | EA40: =VLOOKUP($A40,quarterly!$B$2:$CQ$153,COLUMN($CA:$CA)) -> 3635 | EJ40: =SUMIF(quarterly!$D:CK,$B40,quarterly!CK:CK)/COUNTIF(quarterly!$D:$D,$B40) -> 122.9 | EK40: =(EJ40/EJ39-1)*100 -> 1.4654283 | EL40: 86.391 | EM40: 0.024 | EN40: 4.233 | EO40: 6.213 | EP40: -0.141 | EQ40: 10.731 | ER40: 3.501 | ES40: 7091.423 | ET40: -7046.044
A41: 36861 | B41: _2000 | C41: 7753.2356 | D41: 9735.8994 | E41: =D41-H41 -> 7272.3994 | F41: =C41-R41 -> 6502.0356 | G41: 3306.9 | H41: 2463.5 | I41: 697.7 | J41: 139.6 | K41: 528.1 | L41: 320.9 | M41: 258.1 | N41: 395.6 | O41: 1056.1 | P41: 241.2 | Q41: 3053.9 | R41: 1251.2 | S41: 593.8 | T41: 116.3 | U41: 472.5 | V41: 263.5 | W41: 219.2 | X41: 326 | Y41: 948.7 | Z41: 216.7 | AA41: 4342.7 | AB41: 1613.0364 | AC41: 1987.6984 | AD41: 143.66466 | AE41: 6443 | AF41: 4794.2 | AG41: =HLOOKUP($A41,computation!$1:$1048576,ROW(computation!$49:$49)-ROW(computation!$1:$1)+1,0) -> 7753.2356 | AH41: =HLOOKUP($A41,computation!$1:$1048576,ROW(computation!$51:$51)-ROW(computation!$1:$1)+1,0) -> 3298.2 | AI41: =HLOOKUP($A41,computation!$1:$1048576,ROW(computation!$53:$53)-ROW(computation!$1:$1)+1,0) -> 1449.0234 | AJ41: =HLOOKUP($A41,computation!$1:$1048576,ROW(computation!$55:$55)-ROW(computation!$1:$1)+1,0) -> 1784.4 | AK41: =HLOOKUP($A41,computation!$1:$1048576,ROW(computation!$57:$57)-ROW(computation!$1:$1)+1,0) -> 129.01223 | AL41: =HLOOKUP($A41,computation!$1:$1048576,ROW(computation!$59:$59)-ROW(computation!$1:$1)+1,0) -> 5229.7 | AM41: =HLOOKUP($A41,computation!$1:$1048576,ROW(computation!$61:$61)-ROW(computation!$1:$1)+1,0) -> 4137.1 | AN41: =D41/AG41*100 -> 125.57208 | AO41: =AA41/AH41*100 -> 131.66879 | AP41: =AB41/AI41*100 -> 111.31887 | AQ41: =AC41/AJ41*100 -> 111.39309 | AR41: =AD41/AK41*100 -> 111.3574 | AS41: =AE41/AL41*100 -> 123.20018 | AT41: =AF41/AM41*100 -> 115.88311 | AU41: 1915 | AV41: 6388.5 | AW41: 8848.6 | AX41: 887.3 | AY41: -391.3 | AZ41: 9344.6 | BA41: 546.075 | BB41: 212.01465 | BC41: =BA41-BB41 -> 334.06035 | BD41: =(BA41/BA40-1)*100 -> 15.595893 | BE41: =(BB41/BB40-1)*100 -> 13.575379 | BF41: =(BC41/BC40-1)*100 -> 16.915949 | BH41: 103.35726 | BI41: 106.49391 | BJ41: =SUMIF(quarterly!$D:O,$B41,quarterly!O:O) -> 973 | BK41: =SUMIF(quarterly!$D:P,$B41,quarterly!P:P) -> 3034 | BL41: =SUMIF(quarterly!$D:Q,$B41,quarterly!Q:Q) -> 5813 | BM41: =SUMIF(quarterly!$D:R,$B41,quarterly!R:R) -> -2779 | CD41: =SUMIF(quarterly!$D:AI,$B41,quarterly!AI:AI) -> 359 | CG41: =SUMIF(quarterly!$D:AL,$B41,quarterly!AL:AL) -> 5741.7 | CH41: =SUMIF(quarterly!$D:AM,$B41,quarterly!AM:AM) -> 1298 | CI41: =SUMIF(quarterly!$D:AN,$B41,quarterly!AN:AN) -> 4443.7 | CJ41: =SUMIF(quarterly!$D:AO,$B41,quarterly!AO:AO) -> 955.5 | CR41: =VLOOKUP($A41,quarterly!$B$2:$CL$143,COLUMN(quarterly!$AV:$AV)) -> 6066.3 | CS41: =SUMIF(quarterly!$D:AX,$B41,quarterly!AX:AX) -> 596.6 | CT41: =SUMIF(quarterly!$D:AY,$B41,quarterly!AY:AY) -> -292.2 | DA41: 6.7 | DB41: 15.5 | DC41: 2.7601435 | DD41: 1.5984655 | DE41: 3024.1 | DF41: 2465 | DG41: 512.9 | DH41: 1952.1 | DI41: 2320.5 | DJ41: 1475 | DK41: 549.2 | DL41: 265.1 | DM41: 660.7 | DN41: 504 | DO41: 341.5 | DP41: 144.5 | DQ41: 0 | DR41: 559.1 | DS41: 3081.8 | DV41: -215.1 | DY41: =VLOOKUP($A41,quarterly!$B$2:$CQ$153,COLUMN($BY:$BY)) -> 6066.3 | DZ41: =VLOOKUP($A41,quarterly!$B$2:$CQ$153,COLUMN($BZ:$BZ)) -> 1783.3 | EA41: =VLOOKUP($A41,quarterly!$B$2:$CQ$153,COLUMN($CA:$CA)) -> 4283 | EB41: =SUMIF(monthly!$D:R,$B41,monthly!R:R)/COUNTIF(monthly!$D:$D,$B41) -> 28.3075 | EC41: =SUMIF(monthly!$D:S,$B41,monthly!S:S)/COUNTIF(monthly!$D:$D,$B41) -> 279.05917 | ED41: =SUMIF(monthly!$D:T,$B41,monthly!T:T)/COUNTIF(monthly!$D:$D,$B41) -> 1814.5233 | EE41: =SUMIF(monthly!$D:U,$B41,monthly!U:U)/COUNTIF(monthly!$D:$D,$B41) -> 903.90583 | EF41: =SUMIF(monthly!$D:V,$B41,monthly!V:V)/COUNTIF(monthly!$D:$D,$B41) -> 167.17296 | EJ41: =SUMIF(quarterly!$D:CK,$B41,quarterly!CK:CK)/COUNTIF(quarterly!$D:$D,$B41) -> 128.4 | EK41: =(EJ41/EJ40-1)*100 -> 4.4751831 | EL41: 87.556 | EM41: 1.348 | EN41: 3.285 | EO41: 9.074 | EP41: 2.86 | EQ41: 8.798 | ER41: 4.774 | ES41: 7892.084 | ET41: -7904.335
A42: 37226 | B42: _2001 | C42: 7749.6418 | D42: 10396.29 | E42: =D42-H42 -> 7995.1896 | F42: =C42-R42 -> 6628.7418 | G42: 3577.5 | H42: 2401.1 | I42: 731.1 | J42: 167.2 | K42: 702.3 | L42: 558 | M42: 258.4 | N42: 406.7 | O42: 987.3 | P42: 253.3 | Q42: 2909 | R42: 1120.9 | S42: 594.5 | T42: 116.1 | U42: 600.9 | V42: 428.2 | W42: 209.7 | X42: 343.2 | Y42: 907.5 | Z42: 232.8 | AA42: 4962.3 | AB42: 1688.0426 | AC42: 2199.8374 | AD42: 186.30961 | AE42: 6791.9 | AF42: 5432.1 | AG42: =HLOOKUP($A42,computation!$1:$1048576,ROW(computation!$49:$49)-ROW(computation!$1:$1)+1,0) -> 7749.6418 | AH42: =HLOOKUP($A42,computation!$1:$1048576,ROW(computation!$51:$51)-ROW(computation!$1:$1)+1,0) -> 2854.8 | AI42: =HLOOKUP($A42,computation!$1:$1048576,ROW(computation!$53:$53)-ROW(computation!$1:$1)+1,0) -> 1551.6681 | AJ42: =HLOOKUP($A42,computation!$1:$1048576,ROW(computation!$55:$55)-ROW(computation!$1:$1)+1,0) -> 1887.1 | AK42: =HLOOKUP($A42,computation!$1:$1048576,ROW(computation!$57:$57)-ROW(computation!$1:$1)+1,0) -> 159.87367 | AL42: =HLOOKUP($A42,computation!$1:$1048576,ROW(computation!$59:$59)-ROW(computation!$1:$1)+1,0) -> 5775.4 | AM42: =HLOOKUP($A42,computation!$1:$1048576,ROW(computation!$61:$61)-ROW(computation!$1:$1)+1,0) -> 4479.2 | AN42: =D42/AG42*100 -> 134.15187 | AO42: =AA42/AH42*100 -> 173.82303 | AP42: =AB42/AI42*100 -> 108.78889 | AQ42: =AC42/AJ42*100 -> 116.57238 | AR42: =AD42/AK42*100 -> 116.53552 | AS42: =AE42/AL42*100 -> 117.60051 | AT42: =AF42/AM42*100 -> 121.27389 | AU42: 2050.3 | AV42: 6785.1 | AW42: 9473.4 | AX42: 922.9 | AY42: -408.1 | AZ42: 9988.2 | BA42: 596.85 | BB42: 232.33698 | BC42: =BA42-BB42 -> 364.51302 | BD42: =(BA42/BA41-1)*100 -> 9.2981733 | BE42: =(BB42/BB41-1)*100 -> 9.5853423 | BF42: =(BC42/BC41-1)*100 -> 9.1159187 | BH42: 96.931306 | BI42: 100.55 | BJ42: =SUMIF(quarterly!$D:O,$B42,quarterly!O:O) -> 943 | BK42: =SUMIF(quarterly!$D:P,$B42,quarterly!P:P) -> 2940 | BL42: =SUMIF(quarterly!$D:Q,$B42,quarterly!Q:Q) -> 6105 | BM42: =SUMIF(quarterly!$D:R,$B42,quarterly!R:R) -> -3165 | CD42: =SUMIF(quarterly!$D:AI,$B42,quarterly!AI:AI) -> 708 | CG42: =SUMIF(quarterly!$D:AL,$B42,quarterly!AL:AL) -> 6084.8 | CH42: =SUMIF(quarterly!$D:AM,$B42,quarterly!AM:AM) -> 1189.2 | CI42: =SUMIF(quarterly!$D:AN,$B42,quarterly!AN:AN) -> 4895.6 | CJ42: =SUMIF(quarterly!$D:AO,$B42,quarterly!AO:AO) -> 801.1 | CL42: 87.6 | CM42: 86.3 | CN42: 94.5 | CO42: 343.3 | CP42: 376.1 | CQ42: 179.6 | CR42: =VLOOKUP($A42,quarterly!$B$2:$CL$143,COLUMN(quarterly!$AV:$AV)) -> 7409.1 | CS42: =SUMIF(quarterly!$D:AX,$B42,quarterly!AX:AX) -> 623.2 | CT42: =SUMIF(quarterly!$D:AY,$B42,quarterly!AY:AY) -> -355.8 | DA42: 4.1 | DB42: 14.6 | DC42: 3.3602151 | DD42: 1.8261505 | DE42: 3248.1 | DF42: 2466.4 | DG42: 535.1 | DH42: 1931.3 | DI42: 2294.9 | DJ42: 1509.2 | DK42: 598.8 | DL42: 252 | DM42: 658.4 | DN42: 505.4 | DO42: 280.3 | DP42: 171.5 | DQ42: 0 | DR42: 781.7 | DS42: 2845.9 | DV42: 48.1 | DY42: =VLOOKUP($A42,quarterly!$B$2:$CQ$153,COLUMN($BY:$BY)) -> 7409.1 | DZ42: =VLOOKUP($A42,quarterly!$B$2:$CQ$153,COLUMN($BZ:$BZ)) -> 2115.1 | EA42: =VLOOKUP($A42,quarterly!$B$2:$CQ$153,COLUMN($CA:$CA)) -> 5294 | EB42: =SUMIF(monthly!$D:R,$B42,monthly!R:R)/COUNTIF(monthly!$D:$D,$B42) -> 24.411667 | EC42: =SUMIF(monthly!$D:S,$B42,monthly!S:S)/COUNTIF(monthly!$D:$D,$B42) -> 270.99 | ED42: =SUMIF(monthly!$D:T,$B42,monthly!T:T)/COUNTIF(monthly!$D:$D,$B42) -> 1580.17 | EE42: =SUMIF(monthly!$D:U,$B42,monthly!U:U)/COUNTIF(monthly!$D:$D,$B42) -> 1088.3758 | EF42: =SUMIF(monthly!$D:V,$B42,monthly!V:V)/COUNTIF(monthly!$D:$D,$B42) -> 121.6953 | EJ42: =SUMIF(quarterly!$D:CK,$B42,quarterly!CK:CK)/COUNTIF(quarterly!$D:$D,$B42) -> 134.025 | EK42: =(EJ42/EJ41-1)*100 -> 4.3808411 | EL42: 88.443 | EM42: 1.014 | EN42: 2.564 | EO42: -1.22 | EP42: 0.184 | EQ42: 3.973 | ER42: 2.288 | ES42: 7631.025 | ET42: -7666.121
A43: 37591 | B43: _2002 | C43: 7905.4 | D43: 11871.9 | E43: =D43-H43 -> 9506.9 | F43: =C43-R43 -> 6903.1 | G43: 4428 | H43: 2365 | I43: 729.3 | J43: 194.8 | K43: 995.7 | L43: 745.5 | M43: 268 | N43: 407 | O43: 1085.8 | P43: 265.9 | Q43: 2891.9 | R43: 1002.3 | S43: 560 | T43: 120.7 | U43: 805 | V43: 525.5 | W43: 205.5 | X43: 324.2 | Y43: 942.8 | Z43: 230.9 | AA43: 6574.9 | AB43: 1987.6 | AC43: 2463.9 | AD43: 506.1 | AE43: 7100 | AF43: 6760.6 | AG43: =HLOOKUP($A43,computation!$1:$1048576,ROW(computation!$49:$49)-ROW(computation!$1:$1)+1,0) -> 7905.4 | AH43: =HLOOKUP($A43,computation!$1:$1048576,ROW(computation!$51:$51)-ROW(computation!$1:$1)+1,0) -> 3334.9 | AI43: =HLOOKUP($A43,computation!$1:$1048576,ROW(computation!$53:$53)-ROW(computation!$1:$1)+1,0) -> 1725.8 | AJ43: =HLOOKUP($A43,computation!$1:$1048576,ROW(computation!$55:$55)-ROW(computation!$1:$1)+1,0) -> 1995.9 | AK43: =HLOOKUP($A43,computation!$1:$1048576,ROW(computation!$57:$57)-ROW(computation!$1:$1)+1,0) -> 410.1 | AL43: =HLOOKUP($A43,computation!$1:$1048576,ROW(computation!$59:$59)-ROW(computation!$1:$1)+1,0) -> 5702.8 | AM43: =HLOOKUP($A43,computation!$1:$1048576,ROW(computation!$61:$61)-ROW(computation!$1:$1)+1,0) -> 5264.1 | AN43: =D43/AG43*100 -> 150.17456 | AO43: =AA43/AH43*100 -> 197.15434 | AP43: =AB43/AI43*100 -> 115.16978 | AQ43: =AC43/AJ43*100 -> 123.44807 | AR43: =AD43/AK43*100 -> 123.40892 | AS43: =AE43/AL43*100 -> 124.50025 | AT43: =AF43/AM43*100 -> 128.42841 | AU43: 2245.4 | AV43: 8007.5 | AW43: 11000.1 | AX43: 871.8 | AY43: -415.2 | AZ43: 11456.7 | BA43: 667.275 | BB43: 272.00028 | BC43: =BA43-BB43 -> 395.27472 | BD43: =(BA43/BA42-1)*100 -> 11.799447 | BE43: =(BB43/BB42-1)*100 -> 17.071454 | BF43: =(BC43/BC42-1)*100 -> 8.4391224 | BG43: 101.89595 | BH43: 98.781718 | BI43: 102.19282 | BJ43: =SUMIF(quarterly!$D:O,$B43,quarterly!O:O) -> -502.5 | BK43: =SUMIF(quarterly!$D:P,$B43,quarterly!P:P) -> 179.3 | BL43: =SUMIF(quarterly!$D:Q,$B43,quarterly!Q:Q) -> 7016.3 | BM43: =SUMIF(quarterly!$D:R,$B43,quarterly!R:R) -> -6837 | BN43: =SUMIF(quarterly!$D:S,$B43,quarterly!S:S) -> 2190 | BO43: =SUMIF(quarterly!$D:T,$B43,quarterly!T:T) -> 6387 | BP43: =SUMIF(quarterly!$D:U,$B43,quarterly!U:U) -> -4197 | BQ43: =SUMIF(quarterly!$D:V,$B43,quarterly!V:V) -> -2010.7 | BR43: =SUMIF(quarterly!$D:W,$B43,quarterly!W:W) -> 629.3 | BS43: =SUMIF(quarterly!$D:X,$B43,quarterly!X:X) -> -2640 | BT43: =SUMIF(quarterly!$D:Y,$B43,quarterly!Y:Y) -> -787.5 | BU43: =SUMIF(quarterly!$D:Z,$B43,quarterly!Z:Z) -> 106.2 | BV43: =SUMIF(quarterly!$D:AA,$B43,quarterly!AA:AA) -> -893.7 | BW43: =SUMIF(quarterly!$D:AB,$B43,quarterly!AB:AB) -> 105.7 | BX43: =SUMIF(quarterly!$D:AC,$B43,quarterly!AC:AC) -> 334.2 | BY43: =SUMIF(quarterly!$D:AD,$B43,quarterly!AD:AD) -> -228.5 | BZ43: =SUMIF(quarterly!$D:AE,$B43,quarterly!AE:AE) -> 0 | CA43: =SUMIF(quarterly!$D:AF,$B43,quarterly!AF:AF) -> 0 | CB43: =SUMIF(quarterly!$D:AG,$B43,quarterly!AG:AG) -> 0 | CC43: =SUMIF(quarterly!$D:AH,$B43,quarterly!AH:AH) -> 320.1 | CD43: =SUMIF(quarterly!$D:AI,$B43,quarterly!AI:AI) -> -239.2 | CE43: =VLOOKUP($A43,monthly!$B$3:$Y$1260,COLUMN(monthly!$E:$E)) -> 1350.3883 | CF43: =VLOOKUP($A43,monthly!$B$3:$Y$1260,COLUMN(monthly!$F:$F)) -> 1376.5081 | CG43: =SUMIF(quarterly!$D:AL,$B43,quarterly!AL:AL) -> 6367.1 | CH43: =SUMIF(quarterly!$D:AM,$B43,quarterly!AM:AM) -> 1593.1 | CI43: =SUMIF(quarterly!$D:AN,$B43,quarterly!AN:AN) -> 4774 | CJ43: =SUMIF(quarterly!$D:AO,$B43,quarterly!AO:AO) -> 1084.9 | CL43: 82.4 | CM43: 78.1 | CN43: 101.5 | CO43: 377.4 | CP43: 401.8 | CQ43: 270.3 | CR43: =VLOOKUP($A43,quarterly!$B$2:$CL$143,COLUMN(quarterly!$AV:$AV)) -> 8365.3 | CS43: =SUMIF(quarterly!$D:AX,$B43,quarterly!AX:AX) -> 257 | CT43: =SUMIF(quarterly!$D:AY,$B43,quarterly!AY:AY) -> -363.7 | CU43: =VLOOKUP($A43,monthly!$B$3:$Q$269,COLUMN($G:$G)) -> 3569.1939 | CV43: =VLOOKUP($A43,monthly!$B$3:$Q$269,COLUMN($H:$H)) -> 1598.6767 | CW43: =VLOOKUP($A43,monthly!$B$3:$Q$269,COLUMN($I:$I)) -> 1421.2665 | CX43: =VLOOKUP($A43,monthly!$B$3:$Q$269,COLUMN($J:$J)) -> 1780.194 | CY43: =VLOOKUP($A43,monthly!$B$3:$Q$269,COLUMN($K:$K)) -> 1365.9509 | CZ43: =VLOOKUP($A43,monthly!$B$3:$Q$269,COLUMN($L:$L)) -> 1251.824 | DA43: 4.7 | DB43: 13.7 | DC43: 3.8865138 | DD43: 2.1097046 | DE43: 3286.4 | DF43: 2539.8 | DG43: 437.3 | DH43: 2102.5 | DI43: =DJ43+DN43+DO43 -> 2369.9 | DJ43: 1491 | DK43: 694.3 | DL43: 310.9 | DM43: =DJ43-DK43-DL43 -> 485.8 | DN43: 469.8 | DO43: 409.1 | DP43: 169.9 | DQ43: 0 | DR43: 746.6 | DS43: 3736.5 | DT43: 2541.5 | DU43: 1195 | DV43: =DE43-DS43 -> -450.1 | DW43: -126.6 | DX43: 576.6 | DY43: =VLOOKUP($A43,quarterly!$B$2:$CQ$153,COLUMN($BY:$BY)) -> 8365.3 | DZ43: =VLOOKUP($A43,quarterly!$B$2:$CQ$153,COLUMN($BZ:$BZ)) -> 2588.3 | EA43: =VLOOKUP($A43,quarterly!$B$2:$CQ$153,COLUMN($CA:$CA)) -> 5777 | EB43: =SUMIF(monthly!$D:R,$B43,monthly!R:R)/COUNTIF(monthly!$D:$D,$B43) -> 24.999167 | EC43: =SUMIF(monthly!$D:S,$B43,monthly!S:S)/COUNTIF(monthly!$D:$D,$B43) -> 310.0325 | ED43: =SUMIF(monthly!$D:T,$B43,monthly!T:T)/COUNTIF(monthly!$D:$D,$B43) -> 1560.29 | EE43: =SUMIF(monthly!$D:U,$B43,monthly!U:U)/COUNTIF(monthly!$D:$D,$B43) -> 1779.0425 | EF43: =SUMIF(monthly!$D:V,$B43,monthly!V:V)/COUNTIF(monthly!$D:$D,$B43) -> 118.65832 | EJ43: =SUMIF(quarterly!$D:CK,$B43,quarterly!CK:CK)/COUNTIF(quarterly!$D:$D,$B43) -> 138.05 | EK43: =(EJ43/EJ42-1)*100 -> 3.0031711 | EL43: 88.098 | EM43: -0.39 | EN43: 3.913 | EO43: 4.239 | EP43: 0.262 | EQ43: 7.15 | ER43: 2.892 | ES43: 8020.275 | ET43: -7999.668
A44: 37956 | B44: _2003 | C44: 8252.4 | D44: 13241.4 | E44: =D44-H44 -> 10315.9 | F44: =C44-R44 -> 7119.3 | G44: 4820 | H44: 2925.5 | I44: 820.8 | J44: 228.7 | K44: 1128.9 | L44: 849.9 | M44: 293.9 | N44: 422.9 | O44: 1123.8 | P44: 279.2 | Q44: 3115.8 | R44: 1133.1 | S44: 587.1 | T44: 124.9 | U44: 848.7 | V44: 539.4 | W44: 209.8 | X44: 313.3 | Y44: 907.4 | Z44: 225.5 | AA44: 6676.9 | AB44: 1837.6 | AC44: 2281.2 | AD44: 546 | AE44: 8724 | AF44: 6824.3 | AG44: =HLOOKUP($A44,computation!$1:$1048576,ROW(computation!$49:$49)-ROW(computation!$1:$1)+1,0) -> 8252.4 | AH44: =HLOOKUP($A44,computation!$1:$1048576,ROW(computation!$51:$51)-ROW(computation!$1:$1)+1,0) -> 3068.8 | AI44: =HLOOKUP($A44,computation!$1:$1048576,ROW(computation!$53:$53)-ROW(computation!$1:$1)+1,0) -> 1483.8 | AJ44: =HLOOKUP($A44,computation!$1:$1048576,ROW(computation!$55:$55)-ROW(computation!$1:$1)+1,0) -> 1720.8 | AK44: =HLOOKUP($A44,computation!$1:$1048576,ROW(computation!$57:$57)-ROW(computation!$1:$1)+1,0) -> 412.1 | AL44: =HLOOKUP($A44,computation!$1:$1048576,ROW(computation!$59:$59)-ROW(computation!$1:$1)+1,0) -> 6516.3 | AM44: =HLOOKUP($A44,computation!$1:$1048576,ROW(computation!$61:$61)-ROW(computation!$1:$1)+1,0) -> 4949.4 | AN44: =D44/AG44*100 -> 160.45514 | AO44: =AA44/AH44*100 -> 217.57364 | AP44: =AB44/AI44*100 -> 123.84418 | AQ44: =AC44/AJ44*100 -> 132.56625 | AR44: =AD44/AK44*100 -> 132.49211 | AS44: =AE44/AL44*100 -> 133.87966 | AT44: =AF44/AM44*100 -> 137.88136 | AU44: 2436.2 | AV44: 9063.7 | AW44: 12320.7 | AX44: 920.8 | AY44: -425.4 | AZ44: 12816.1 | BA44: 765.425 | BB44: 308.08571 | BC44: =BA44-BB44 -> 457.33929 | BD44: =(BA44/BA43-1)*100 -> 14.709078 | BE44: =(BB44/BB43-1)*100 -> 13.266687 | BF44: =(BC44/BC43-1)*100 -> 15.70163 | BG44: 107.58422 | BH44: 97.585473 | BI44: 108.5093 | BJ44: =SUMIF(quarterly!$D:O,$B44,quarterly!O:O) -> 496 | BK44: =SUMIF(quarterly!$D:P,$B44,quarterly!P:P) -> 1348 | BL44: =SUMIF(quarterly!$D:Q,$B44,quarterly!Q:Q) -> 8671 | BM44: =SUMIF(quarterly!$D:R,$B44,quarterly!R:R) -> -7323 | BN44: =SUMIF(quarterly!$D:S,$B44,quarterly!S:S) -> 3611 | BO44: =SUMIF(quarterly!$D:T,$B44,quarterly!T:T) -> 7842 | BP44: =SUMIF(quarterly!$D:U,$B44,quarterly!U:U) -> -4231 | BQ44: =SUMIF(quarterly!$D:V,$B44,quarterly!V:V) -> -2263 | BR44: =SUMIF(quarterly!$D:W,$B44,quarterly!W:W) -> 829 | BS44: =SUMIF(quarterly!$D:X,$B44,quarterly!X:X) -> -3092 | BT44: =SUMIF(quarterly!$D:Y,$B44,quarterly!Y:Y) -> -1699 | BU44: =SUMIF(quarterly!$D:Z,$B44,quarterly!Z:Z) -> 58 | BV44: =SUMIF(quarterly!$D:AA,$B44,quarterly!AA:AA) -> -1757 | BW44: =SUMIF(quarterly!$D:AB,$B44,quarterly!AB:AB) -> 847 | BX44: =SUMIF(quarterly!$D:AC,$B44,quarterly!AC:AC) -> 1137 | BY44: =SUMIF(quarterly!$D:AD,$B44,quarterly!AD:AD) -> -290 | BZ44: =SUMIF(quarterly!$D:AE,$B44,quarterly!AE:AE) -> 0 | CA44: =SUMIF(quarterly!$D:AF,$B44,quarterly!AF:AF) -> 0 | CB44: =SUMIF(quarterly!$D:AG,$B44,quarterly!AG:AG) -> 0 | CC44: =SUMIF(quarterly!$D:AH,$B44,quarterly!AH:AH) -> -184.7 | CD44: =SUMIF(quarterly!$D:AI,$B44,quarterly!AI:AI) -> 353.1 | CE44: =VLOOKUP($A44,monthly!$B$3:$Y$1260,COLUMN(monthly!$E:$E)) -> 1728.3179 | CF44: =VLOOKUP($A44,monthly!$B$3:$Y$1260,COLUMN(monthly!$F:$F)) -> 1742.6513 | CG44: =SUMIF(quarterly!$D:AL,$B44,quarterly!AL:AL) -> 7822.1 | CH44: =SUMIF(quarterly!$D:AM,$B44,quarterly!AM:AM) -> 1932.1 | CI44: =SUMIF(quarterly!$D:AN,$B44,quarterly!AN:AN) -> 5890 | CJ44: =SUMIF(quarterly!$D:AO,$B44,quarterly!AO:AO) -> 1390.8 | CL44: 98.4 | CM44: 93.6 | CN44: 115.4 | CO44: 407.3 | CP44: 438.5 | CQ44: 292.7 | CR44: =VLOOKUP($A44,quarterly!$B$2:$CL$143,COLUMN(quarterly!$AV:$AV)) -> 7924 | CS44: =SUMIF(quarterly!$D:AX,$B44,quarterly!AX:AX) -> 141 | CT44: =SUMIF(quarterly!$D:AY,$B44,quarterly!AY:AY) -> -446.9 | CU44: =VLOOKUP($A44,monthly!$B$3:$Q$269,COLUMN($G:$G)) -> 3410.4992 | CV44: =VLOOKUP($A44,monthly!$B$3:$Q$269,COLUMN($H:$H)) -> 1706.5163 | CW44: =VLOOKUP($A44,monthly!$B$3:$Q$269,COLUMN($I:$I)) -> 1621.1052 | CX44: =VLOOKUP($A44,monthly!$B$3:$Q$269,COLUMN($J:$J)) -> 1707.4158 | CY44: =VLOOKUP($A44,monthly!$B$3:$Q$269,COLUMN($K:$K)) -> 1252.9771 | CZ44: =VLOOKUP($A44,monthly!$B$3:$Q$269,COLUMN($L:$L)) -> 1302.142 | DA44: 1.6 | DB44: 8.8 | DC44: 3.5511364 | DD44: 2.3116043 | DE44: 3650.2 | DF44: 2917.2 | DG44: 693.6 | DH44: 2223.6 | DI44: =DJ44+DN44+DO44 -> 2678 | DJ44: 1786.6 | DK44: 758.4 | DL44: 334.5 | DM44: =DJ44-DK44-DL44 -> 693.7 | DN44: 494.3 | DO44: 397.1 | DP44: 239.2 | DQ44: 0 | DR44: 733 | DS44: 3774.4 | DT44: 2695.4 | DU44: 1079 | DV44: =DE44-DS44 -> -124.2 | DW44: -307 | DX44: 431.3 | DY44: =VLOOKUP($A44,quarterly!$B$2:$CQ$153,COLUMN($BY:$BY)) -> 7924 | DZ44: =VLOOKUP($A44,quarterly!$B$2:$CQ$153,COLUMN($BZ:$BZ)) -> 3022.9 | EA44: =VLOOKUP($A44,quarterly!$B$2:$CQ$153,COLUMN($CA:$CA)) -> 4901.1 | EB44: =SUMIF(monthly!$D:R,$B44,monthly!R:R)/COUNTIF(monthly!$D:$D,$B44) -> 28.8525 | EC44: =SUMIF(monthly!$D:S,$B44,monthly!S:S)/COUNTIF(monthly!$D:$D,$B44) -> 363.5775 | ED44: =SUMIF(monthly!$D:T,$B44,monthly!T:T)/COUNTIF(monthly!$D:$D,$B44) -> 1779.3633 | EE44: =SUMIF(monthly!$D:U,$B44,monthly!U:U)/COUNTIF(monthly!$D:$D,$B44) -> 1753.0733 | EF44: =SUMIF(monthly!$D:V,$B44,monthly!V:V)/COUNTIF(monthly!$D:$D,$B44) -> 125.89203 | EJ44: =SUMIF(quarterly!$D:CK,$B44,quarterly!CK:CK)/COUNTIF(quarterly!$D:$D,$B44) -> 141.875 | EK44: =(EJ44/EJ43-1)*100 -> 2.7707352 | EL44: 88.527 | EM44: 0.487 | EN44: 3.233 | EO44: 4.599 | EP44: 1.414 | EQ44: 2.803 | ER44: 3.623 | ES44: 9342.073 | ET44: -9273.952
A45: 38322 | B45: _2004 | C45: 8299.1 | D45: 13459.3 | E45: =D45-H45 -> 10259.8 | F45: =C45-R45 -> 7186.8 | G45: 4549.6 | H45: 3199.5 | I45: 848.3 | J45: 263.7 | K45: 1177 | L45: 890.5 | M45: 304.7 | N45: 415.2 | O45: 1101.8 | P45: 293.2 | Q45: 3109.4 | R45: 1112.3 | S45: 600.4 | T45: 127 | U45: 875.7 | V45: 556.4 | W45: 215.3 | X45: 302.5 | Y45: 873.1 | Z45: 232.4 | AA45: 7047.5 | AB45: 2237.6 | AC45: 2294.3 | AD45: 580.2 | AE45: 9143.4 | AF45: 7843.7 | AG45: =HLOOKUP($A45,computation!$1:$1048576,ROW(computation!$49:$49)-ROW(computation!$1:$1)+1,0) -> 8299.1 | AH45: =HLOOKUP($A45,computation!$1:$1048576,ROW(computation!$51:$51)-ROW(computation!$1:$1)+1,0) -> 3306.4 | AI45: =HLOOKUP($A45,computation!$1:$1048576,ROW(computation!$53:$53)-ROW(computation!$1:$1)+1,0) -> 1773.2 | AJ45: =HLOOKUP($A45,computation!$1:$1048576,ROW(computation!$55:$55)-ROW(computation!$1:$1)+1,0) -> 1712.5 | AK45: =HLOOKUP($A45,computation!$1:$1048576,ROW(computation!$57:$57)-ROW(computation!$1:$1)+1,0) -> 433.3 | AL45: =HLOOKUP($A45,computation!$1:$1048576,ROW(computation!$59:$59)-ROW(computation!$1:$1)+1,0) -> 6702.9 | AM45: =HLOOKUP($A45,computation!$1:$1048576,ROW(computation!$61:$61)-ROW(computation!$1:$1)+1,0) -> 5629.2 | AN45: =D45/AG45*100 -> 162.17783 | AO45: =AA45/AH45*100 -> 213.14723 | AP45: =AB45/AI45*100 -> 126.18994 | AQ45: =AC45/AJ45*100 -> 133.97372 | AR45: =AD45/AK45*100 -> 133.90261 | AS45: =AE45/AL45*100 -> 136.40961 | AT45: =AF45/AM45*100 -> 139.33952 | AU45: 2450.5 | AV45: 9163.8 | AW45: 12443.2 | AX45: 1016.3 | AY45: -1408.8 | AZ45: 12050.7 | BA45: 781.95 | BB45: 309.69064 | BC45: =BA45-BB45 -> 472.25936 | BD45: =(BA45/BA44-1)*100 -> 2.1589313 | BE45: =(BB45/BB44-1)*100 -> 0.52093702 | BF45: =(BC45/BC44-1)*100 -> 3.2623629 | BG45: 108.05666 | BH45: 95.566817 | BI45: 109.22363 | BJ45: =SUMIF(quarterly!$D:O,$B45,quarterly!O:O) -> 393 | BK45: =SUMIF(quarterly!$D:P,$B45,quarterly!P:P) -> 969 | BL45: =SUMIF(quarterly!$D:Q,$B45,quarterly!Q:Q) -> 8889 | BM45: =SUMIF(quarterly!$D:R,$B45,quarterly!R:R) -> -7920 | BN45: =SUMIF(quarterly!$D:S,$B45,quarterly!S:S) -> 3530 | BO45: =SUMIF(quarterly!$D:T,$B45,quarterly!T:T) -> 8233 | BP45: =SUMIF(quarterly!$D:U,$B45,quarterly!U:U) -> -4703 | BQ45: =SUMIF(quarterly!$D:V,$B45,quarterly!V:V) -> -2561 | BR45: =SUMIF(quarterly!$D:W,$B45,quarterly!W:W) -> 656 | BS45: =SUMIF(quarterly!$D:X,$B45,quarterly!X:X) -> -3217 | BT45: =SUMIF(quarterly!$D:Y,$B45,quarterly!Y:Y) -> -1406 | BU45: =SUMIF(quarterly!$D:Z,$B45,quarterly!Z:Z) -> 64 | BV45: =SUMIF(quarterly!$D:AA,$B45,quarterly!AA:AA) -> -1470 | BW45: =SUMIF(quarterly!$D:AB,$B45,quarterly!AB:AB) -> 830 | BX45: =SUMIF(quarterly!$D:AC,$B45,quarterly!AC:AC) -> 1080 | BY45: =SUMIF(quarterly!$D:AD,$B45,quarterly!AD:AD) -> -250 | BZ45: =SUMIF(quarterly!$D:AE,$B45,quarterly!AE:AE) -> 0 | CA45: =SUMIF(quarterly!$D:AF,$B45,quarterly!AF:AF) -> 0 | CB45: =SUMIF(quarterly!$D:AG,$B45,quarterly!AG:AG) -> 0 | CC45: =SUMIF(quarterly!$D:AH,$B45,quarterly!AH:AH) -> -80.7 | CD45: =SUMIF(quarterly!$D:AI,$B45,quarterly!AI:AI) -> 329.4 | CE45: =VLOOKUP($A45,monthly!$B$3:$Y$1260,COLUMN(monthly!$E:$E)) -> 2067.9205 | CF45: =VLOOKUP($A45,monthly!$B$3:$Y$1260,COLUMN(monthly!$F:$F)) -> 2072.3044 | CG45: =SUMIF(quarterly!$D:AL,$B45,quarterly!AL:AL) -> 8417.1 | CH45: =SUMIF(quarterly!$D:AM,$B45,quarterly!AM:AM) -> 2409.6 | CI45: =SUMIF(quarterly!$D:AN,$B45,quarterly!AN:AN) -> 6007.5 | CJ45: =SUMIF(quarterly!$D:AO,$B45,quarterly!AO:AO) -> 1688 | CL45: 93.1 | CM45: 87.4 | CN45: 117.7 | CO45: 459.8 | CP45: 502.15 | CQ45: 279.075 | CR45: =VLOOKUP($A45,quarterly!$B$2:$CL$143,COLUMN(quarterly!$AV:$AV)) -> 7590.7 | CS45: =SUMIF(quarterly!$D:AX,$B45,quarterly!AX:AX) -> 111.6 | CT45: =SUMIF(quarterly!$D:AY,$B45,quarterly!AY:AY) -> -434.6 | CU45: =VLOOKUP($A45,monthly!$B$3:$Q$269,COLUMN($G:$G)) -> 3914.8042 | CV45: =VLOOKUP($A45,monthly!$B$3:$Q$269,COLUMN($H:$H)) -> 2231.7815 | CW45: =VLOOKUP($A45,monthly!$B$3:$Q$269,COLUMN($I:$I)) -> 2164.8535 | CX45: =VLOOKUP($A45,monthly!$B$3:$Q$269,COLUMN($J:$J)) -> 1723.6336 | CY45: =VLOOKUP($A45,monthly!$B$3:$Q$269,COLUMN($K:$K)) -> 1293.4538 | CZ45: =VLOOKUP($A45,monthly!$B$3:$Q$269,COLUMN($L:$L)) -> 1228.744 | DA45: 1.1 | DB45: 12.1 | DC45: 3.2247662 | DD45: 2.3685457 | DE45: 4349.5 | DF45: 3465.1 | DG45: 923.1 | DH45: 2542 | DI45: =DJ45+DN45+DO45 -> 3220 | DJ45: 2223.3 | DK45: 826.5 | DL45: 436.7 | DM45: =DJ45-DK45-DL45 -> 960.1 | DN45: 519.5 | DO45: 477.2 | DP45: 245.1 | DQ45: 0 | DR45: 884.4 | DS45: 4148 | DT45: 2820.6 | DU45: 1327.4 | DV45: =DE45-DS45 -> 201.5 | DW45: -325.4 | DX45: 123.5 | DY45: =VLOOKUP($A45,quarterly!$B$2:$CQ$153,COLUMN($BY:$BY)) -> 7590.7 | DZ45: =VLOOKUP($A45,quarterly!$B$2:$CQ$153,COLUMN($BZ:$BZ)) -> 3181.2 | EA45: =VLOOKUP($A45,quarterly!$B$2:$CQ$153,COLUMN($CA:$CA)) -> 4409.5 | EB45: =SUMIF(monthly!$D:R,$B45,monthly!R:R)/COUNTIF(monthly!$D:$D,$B45) -> 38.2975 | EC45: =SUMIF(monthly!$D:S,$B45,monthly!S:S)/COUNTIF(monthly!$D:$D,$B45) -> 409.15833 | ED45: =SUMIF(monthly!$D:T,$B45,monthly!T:T)/COUNTIF(monthly!$D:$D,$B45) -> 2863.4717 | EE45: =SUMIF(monthly!$D:U,$B45,monthly!U:U)/COUNTIF(monthly!$D:$D,$B45) -> 1550.7442 | EF45: =SUMIF(monthly!$D:V,$B45,monthly!V:V)/COUNTIF(monthly!$D:$D,$B45) -> 157.42319 | EJ45: =SUMIF(quarterly!$D:CK,$B45,quarterly!CK:CK)/COUNTIF(quarterly!$D:$D,$B45) -> 145.2 | EK45: =(EJ45/EJ44-1)*100 -> 2.3436123 | EL45: 90.006 | EM45: 1.671 | EN45: 3.629 | EO45: 9.236 | EP45: 2.744 | EQ45: 4.619 | ER45: 4.933 | ES45: 11331.789 | ET45: -11234.214
A46: 38687 | B46: _2005 | C46: 8625.2 | D46: 15094.7 | E46: =D46-H46 -> 11033 | F46: =C46-R46 -> 7499.4 | G46: 5019.9 | H46: 4061.7 | I46: 928.1 | J46: 301.3 | K46: 1245.8 | L46: 942.6 | M46: 317 | N46: 488.7 | O46: 1140 | P46: 307.9 | Q46: 3284 | R46: 1125.8 | S46: 650.4 | T46: 133.5 | U46: 917.7 | V46: 575.6 | W46: 221.8 | X46: 333.3 | Y46: 887.4 | Z46: 239.7 | AA46: 7239.2 | AB46: 2437.6 | AC46: 2489.3 | AD46: 150 | AE46: 11245.7 | AF46: 8467.1 | AG46: =HLOOKUP($A46,computation!$1:$1048576,ROW(computation!$49:$49)-ROW(computation!$1:$1)+1,0) -> 8625.2 | AH46: =HLOOKUP($A46,computation!$1:$1048576,ROW(computation!$51:$51)-ROW(computation!$1:$1)+1,0) -> 3630.2 | AI46: =HLOOKUP($A46,computation!$1:$1048576,ROW(computation!$53:$53)-ROW(computation!$1:$1)+1,0) -> 1793 | AJ46: =HLOOKUP($A46,computation!$1:$1048576,ROW(computation!$55:$55)-ROW(computation!$1:$1)+1,0) -> 1824.5 | AK46: =HLOOKUP($A46,computation!$1:$1048576,ROW(computation!$57:$57)-ROW(computation!$1:$1)+1,0) -> 110 | AL46: =HLOOKUP($A46,computation!$1:$1048576,ROW(computation!$59:$59)-ROW(computation!$1:$1)+1,0) -> 7159.1 | AM46: =HLOOKUP($A46,computation!$1:$1048576,ROW(computation!$61:$61)-ROW(computation!$1:$1)+1,0) -> 5891.6 | AN46: =D46/AG46*100 -> 175.00696 | AO46: =AA46/AH46*100 -> 199.41601 | AP46: =AB46/AI46*100 -> 135.95092 | AQ46: =AC46/AJ46*100 -> 136.43738 | AR46: =AD46/AK46*100 -> 136.36364 | AS46: =AE46/AL46*100 -> 157.08259 | AT46: =AF46/AM46*100 -> 143.71478 | AU46: 2491.1 | AV46: 10505.1 | AW46: 13872.9 | AX46: 1221.8 | AY46: -1670 | AZ46: 13424.7 | BA46: 795.875 | BB46: 320.62871 | BC46: =BA46-BB46 -> 475.24629 | BD46: =(BA46/BA45-1)*100 -> 1.7808044 | BE46: =(BB46/BB45-1)*100 -> 3.531936 | BF46: =(BC46/BC45-1)*100 -> 0.63247555 | BG46: 110.16593 | BH46: 101.45002 | BI46: 111.01045 | BJ46: =SUMIF(quarterly!$D:O,$B46,quarterly!O:O) -> 2009 | BK46: =SUMIF(quarterly!$D:P,$B46,quarterly!P:P) -> 2877 | BL46: =SUMIF(quarterly!$D:Q,$B46,quarterly!Q:Q) -> 11229.1 | BM46: =SUMIF(quarterly!$D:R,$B46,quarterly!R:R) -> -8351.8 | BN46: =SUMIF(quarterly!$D:S,$B46,quarterly!S:S) -> 5559.5 | BO46: =SUMIF(quarterly!$D:T,$B46,quarterly!T:T) -> 10291.1 | BP46: =SUMIF(quarterly!$D:U,$B46,quarterly!U:U) -> -4731.3 | BQ46: =SUMIF(quarterly!$D:V,$B46,quarterly!V:V) -> -2682.5 | BR46: =SUMIF(quarterly!$D:W,$B46,quarterly!W:W) -> 938 | BS46: =SUMIF(quarterly!$D:X,$B46,quarterly!X:X) -> -3620.5 | BT46: =SUMIF(quarterly!$D:Y,$B46,quarterly!Y:Y) -> -1670 | BU46: =SUMIF(quarterly!$D:Z,$B46,quarterly!Z:Z) -> 81.1 | BV46: =SUMIF(quarterly!$D:AA,$B46,quarterly!AA:AA) -> -1751.1 | BW46: =SUMIF(quarterly!$D:AB,$B46,quarterly!AB:AB) -> 802 | BX46: =SUMIF(quarterly!$D:AC,$B46,quarterly!AC:AC) -> 1092 | BY46: =SUMIF(quarterly!$D:AD,$B46,quarterly!AD:AD) -> -290 | BZ46: =SUMIF(quarterly!$D:AE,$B46,quarterly!AE:AE) -> 101 | CA46: =SUMIF(quarterly!$D:AF,$B46,quarterly!AF:AF) -> 101 | CB46: =SUMIF(quarterly!$D:AG,$B46,quarterly!AG:AG) -> 0 | CC46: =SUMIF(quarterly!$D:AH,$B46,quarterly!AH:AH) -> -1689.2 | CD46: =SUMIF(quarterly!$D:AI,$B46,quarterly!AI:AI) -> 295.5 | CE46: =VLOOKUP($A46,monthly!$B$3:$Y$1260,COLUMN(monthly!$E:$E)) -> 2365.9267 | CF46: =VLOOKUP($A46,monthly!$B$3:$Y$1260,COLUMN(monthly!$F:$F)) -> 2367.943 | CG46: =SUMIF(quarterly!$D:AL,$B46,quarterly!AL:AL) -> 10271.1 | CH46: =SUMIF(quarterly!$D:AM,$B46,quarterly!AM:AM) -> 2619.2 | CI46: =SUMIF(quarterly!$D:AN,$B46,quarterly!AN:AN) -> 7651.9 | CJ46: =SUMIF(quarterly!$D:AO,$B46,quarterly!AO:AO) -> 1949.9 | CK46: 4731.6 | CL46: 99.8 | CM46: 94.7 | CN46: 123.2 | CO46: 550.3 | CP46: 614.2 | CQ46: 255.9 | CR46: =VLOOKUP($A46,quarterly!$B$2:$CL$143,COLUMN(quarterly!$AV:$AV)) -> 7261.2 | CS46: =SUMIF(quarterly!$D:AX,$B46,quarterly!AX:AX) -> 139.4 | CT46: =SUMIF(quarterly!$D:AY,$B46,quarterly!AY:AY) -> -352.6 | CU46: =VLOOKUP($A46,monthly!$B$3:$Q$269,COLUMN($G:$G)) -> 5069.2811 | CV46: =VLOOKUP($A46,monthly!$B$3:$Q$269,COLUMN($H:$H)) -> 3017.3468 | CW46: =VLOOKUP($A46,monthly!$B$3:$Q$269,COLUMN($I:$I)) -> 2928.6473 | CX46: =VLOOKUP($A46,monthly!$B$3:$Q$269,COLUMN($J:$J)) -> 2132.7601 | CY46: =VLOOKUP($A46,monthly!$B$3:$Q$269,COLUMN($K:$K)) -> 1114.0923 | CZ46: =VLOOKUP($A46,monthly!$B$3:$Q$269,COLUMN($L:$L)) -> 1573.173 | DA46: 0.8 | DB46: 10.7 | DC46: 3.101737 | DD46: 2.3646252 | DE46: 5326.9 | DF46: 4023.5 | DG46: 1475.6 | DH46: 2547.9 | DI46: =DJ46+DN46+DO46 -> 3744.1 | DJ46: 2770.9 | DK46: 841 | DL46: 516.5 | DM46: =DJ46-DK46-DL46 -> 1413.4 | DN46: 584.2 | DO46: 389 | DP46: 279.4 | DQ46: 0 | DR46: 1303.4 | DS46: 5319.2 | DT46: 3447.7 | DU46: 1871.5 | DV46: =DE46-DS46 -> 7.7 | DW46: -163.2 | DX46: 236.2 | DY46: =VLOOKUP($A46,quarterly!$B$2:$CQ$153,COLUMN($BY:$BY)) -> 7261.2 | DZ46: =VLOOKUP($A46,quarterly!$B$2:$CQ$153,COLUMN($BZ:$BZ)) -> 3405.4 | EA46: =VLOOKUP($A46,quarterly!$B$2:$CQ$153,COLUMN($CA:$CA)) -> 3855.8 | EB46: =SUMIF(monthly!$D:R,$B46,monthly!R:R)/COUNTIF(monthly!$D:$D,$B46) -> 54.435 | EC46: =SUMIF(monthly!$D:S,$B46,monthly!S:S)/COUNTIF(monthly!$D:$D,$B46) -> 444.83167 | ED46: =SUMIF(monthly!$D:T,$B46,monthly!T:T)/COUNTIF(monthly!$D:$D,$B46) -> 3676.4967 | EE46: =SUMIF(monthly!$D:U,$B46,monthly!U:U)/COUNTIF(monthly!$D:$D,$B46) -> 1544.6625 | EF46: =SUMIF(monthly!$D:V,$B46,monthly!V:V)/COUNTIF(monthly!$D:$D,$B46) -> 224.73301 | EG46: =SUMIF(monthly!$D:W,$B46,monthly!W:W)/COUNTIF(monthly!$D:$D,$B46) -> 414.55 | EH46: =SUMIF(monthly!$D:X,$B46,monthly!X:X)/COUNTIF(monthly!$D:$D,$B46) -> 615.58583 | EI46: =SUMIF(monthly!$D:Y,$B46,monthly!Y:Y)/COUNTIF(monthly!$D:$D,$B46) -> 367.68667 | EJ46: =SUMIF(quarterly!$D:CK,$B46,quarterly!CK:CK)/COUNTIF(quarterly!$D:$D,$B46) -> 149.075 | EK46: =(EJ46/EJ45-1)*100 -> 2.6687328 | EL46: 90.432 | EM46: 0.473 | EN46: 3.203 | EO46: 7.383 | EP46: 1.934 | EQ46: 3.957 | ER46: 4.551 | ES46: 12889.416 | ET46: -12750.357
A47: 39052 | B47: _2006 | C47: 8823.1 | D47: 16896.5 | E47: =D47-H47 -> 11853.7 | F47: =C47-R47 -> 7792.7 | G47: 5327.3 | H47: 5042.8 | I47: 974.7 | J47: 337.7 | K47: 1437.2 | L47: 1039 | M47: 326.2 | N47: 579.4 | O47: 1203.6 | P47: 323.3 | Q47: 3318.2 | R47: 1030.4 | S47: 676.4 | T47: 135.2 | U47: 1027.9 | V47: 624.1 | W47: 232.8 | X47: 365.7 | Y47: 915 | Z47: 245.7 | AA47: 7959 | AB47: 2837.6 | AC47: 2302.6 | AD47: 350 | AE47: 13986.2 | AF47: 10538.9 | AG47: =HLOOKUP($A47,computation!$1:$1048576,ROW(computation!$49:$49)-ROW(computation!$1:$1)+1,0) -> 8823.1 | AH47: =HLOOKUP($A47,computation!$1:$1048576,ROW(computation!$51:$51)-ROW(computation!$1:$1)+1,0) -> 3858 | AI47: =HLOOKUP($A47,computation!$1:$1048576,ROW(computation!$53:$53)-ROW(computation!$1:$1)+1,0) -> 1984.3 | AJ47: =HLOOKUP($A47,computation!$1:$1048576,ROW(computation!$55:$55)-ROW(computation!$1:$1)+1,0) -> 1647.3 | AK47: =HLOOKUP($A47,computation!$1:$1048576,ROW(computation!$57:$57)-ROW(computation!$1:$1)+1,0) -> 250.8 | AL47: =HLOOKUP($A47,computation!$1:$1048576,ROW(computation!$59:$59)-ROW(computation!$1:$1)+1,0) -> 7187 | AM47: =HLOOKUP($A47,computation!$1:$1048576,ROW(computation!$61:$61)-ROW(computation!$1:$1)+1,0) -> 6104.3 | AN47: =D47/AG47*100 -> 191.50299 | AO47: =AA47/AH47*100 -> 206.2986 | AP47: =AB47/AI47*100 -> 143.00257 | AQ47: =AC47/AJ47*100 -> 139.78025 | AR47: =AD47/AK47*100 -> 139.55343 | AS47: =AE47/AL47*100 -> 194.60415 | AT47: =AF47/AM47*100 -> 172.64715 | AU47: 2550.9 | AV47: 11994.5 | AW47: 15530.4 | AX47: 1366.2 | AY47: -2462 | AZ47: 14434.6 | BA47: 814.725 | BB47: 337.7514 | BC47: =BA47-BB47 -> 476.9736 | BD47: =(BA47/BA46-1)*100 -> 2.3684624 | BE47: =(BB47/BB46-1)*100 -> 5.3403475 | BF47: =(BC47/BC46-1)*100 -> 0.36345628 | BG47: 118.3 | BH47: 111.14739 | BI47: 119.1229 | BJ47: =SUMIF(quarterly!$D:O,$B47,quarterly!O:O) -> 1354 | BK47: =SUMIF(quarterly!$D:P,$B47,quarterly!P:P) -> 3213 | BL47: =SUMIF(quarterly!$D:Q,$B47,quarterly!Q:Q) -> 13817 | BM47: =SUMIF(quarterly!$D:R,$B47,quarterly!R:R) -> -10603 | BN47: =SUMIF(quarterly!$D:S,$B47,quarterly!S:S) -> 6767 | BO47: =SUMIF(quarterly!$D:T,$B47,quarterly!T:T) -> 12851 | BP47: =SUMIF(quarterly!$D:U,$B47,quarterly!U:U) -> -6084 | BQ47: =SUMIF(quarterly!$D:V,$B47,quarterly!V:V) -> -3554 | BR47: =SUMIF(quarterly!$D:W,$B47,quarterly!W:W) -> 966 | BS47: =SUMIF(quarterly!$D:X,$B47,quarterly!X:X) -> -4519 | BT47: =SUMIF(quarterly!$D:Y,$B47,quarterly!Y:Y) -> -2462 | BU47: =SUMIF(quarterly!$D:Z,$B47,quarterly!Z:Z) -> 215 | BV47: =SUMIF(quarterly!$D:AA,$B47,quarterly!AA:AA) -> -2677 | BW47: =SUMIF(quarterly!$D:AB,$B47,quarterly!AB:AB) -> 603 | BX47: =SUMIF(quarterly!$D:AC,$B47,quarterly!AC:AC) -> 999 | BY47: =SUMIF(quarterly!$D:AD,$B47,quarterly!AD:AD) -> -396 | BZ47: =SUMIF(quarterly!$D:AE,$B47,quarterly!AE:AE) -> 135 | CA47: =SUMIF(quarterly!$D:AF,$B47,quarterly!AF:AF) -> 135 | CB47: =SUMIF(quarterly!$D:AG,$B47,quarterly!AG:AG) -> 0 | CC47: =SUMIF(quarterly!$D:AH,$B47,quarterly!AH:AH) -> 484 | CD47: =SUMIF(quarterly!$D:AI,$B47,quarterly!AI:AI) -> 1957.9 | CE47: =VLOOKUP($A47,monthly!$B$3:$Y$1260,COLUMN(monthly!$E:$E)) -> 4323.3 | CF47: =VLOOKUP($A47,monthly!$B$3:$Y$1260,COLUMN(monthly!$F:$F)) -> 4325.5 | CG47: =SUMIF(quarterly!$D:AL,$B47,quarterly!AL:AL) -> 12830.5 | CH47: =SUMIF(quarterly!$D:AM,$B47,quarterly!AM:AM) -> 2371.3 | CI47: =SUMIF(quarterly!$D:AN,$B47,quarterly!AN:AN) -> 10459.2 | CJ47: =SUMIF(quarterly!$D:AO,$B47,quarterly!AO:AO) -> 1653.3 | CK47: 6084.5 | CL47: 86.3 | CM47: 81.4 | CN47: 115.8 | CO47: 857.3 | CP47: 958.1 | CQ47: 255.7 | CR47: =VLOOKUP($A47,quarterly!$B$2:$CL$143,COLUMN(quarterly!$AV:$AV)) -> 6676.9 | CS47: =SUMIF(quarterly!$D:AX,$B47,quarterly!AX:AX) -> 149.1 | CT47: =SUMIF(quarterly!$D:AY,$B47,quarterly!AY:AY) -> -364.4 | CU47: =VLOOKUP($A47,monthly!$B$3:$Q$269,COLUMN($G:$G)) -> 7040.1969 | CV47: =VLOOKUP($A47,monthly!$B$3:$Q$269,COLUMN($H:$H)) -> 3790.3 | CW47: =VLOOKUP($A47,monthly!$B$3:$Q$269,COLUMN($I:$I)) -> 4648.4153 | CX47: =VLOOKUP($A47,monthly!$B$3:$Q$269,COLUMN($J:$J)) -> 2948.9 | CY47: =VLOOKUP($A47,monthly!$B$3:$Q$269,COLUMN($K:$K)) -> 962.40593 | CZ47: =VLOOKUP($A47,monthly!$B$3:$Q$269,COLUMN($L:$L)) -> 2072.3 | DA47: 1 | DB47: 10.2 | DC47: 3.0562347 | DD47: 2.3030861 | DE47: =SUMIF(quarterly!$D:BF,$B47,quarterly!BF:BF) -> 6311.5 | DF47: =SUMIF(quarterly!$D:BG,$B47,quarterly!BG:BG) -> 5373.6 | DG47: =SUMIF(quarterly!$D:BH,$B47,quarterly!BH:BH) -> 2418.6 | DH47: =SUMIF(quarterly!$D:BI,$B47,quarterly!BI:BI) -> 2955 | DI47: =SUMIF(quarterly!$D:BJ,$B47,quarterly!BJ:BJ) -> 4944.8 | DJ47: =SUMIF(quarterly!$D:BK,$B47,quarterly!BK:BK) -> 3823.5 | DK47: =SUMIF(quarterly!$D:BL,$B47,quarterly!BL:BL) -> 907 | DL47: =SUMIF(quarterly!$D:BM,$B47,quarterly!BM:BM) -> 550.6 | DM47: =SUMIF(quarterly!$D:BN,$B47,quarterly!BN:BN) -> 2365.9 | DN47: =SUMIF(quarterly!$D:BO,$B47,quarterly!BO:BO) -> 784.3 | DO47: =SUMIF(quarterly!$D:BP,$B47,quarterly!BP:BP) -> 337 | DP47: =SUMIF(quarterly!$D:BQ,$B47,quarterly!BQ:BQ) -> 428.8 | DQ47: =SUMIF(quarterly!$D:BR,$B47,quarterly!BR:BR) -> 0 | DR47: =SUMIF(quarterly!$D:BS,$B47,quarterly!BS:BS) -> 937.9 | DS47: =SUMIF(quarterly!$D:BT,$B47,quarterly!BT:BT) -> 5775.7 | DT47: =SUMIF(quarterly!$D:BU,$B47,quarterly!BU:BU) -> 3014.6 | DU47: =SUMIF(quarterly!$D:BV,$B47,quarterly!BV:BV) -> 1554.1 | DV47: =DE47-DS47 -> 535.8 | DW47: =SUMIF(quarterly!$D:BX,$B47,quarterly!BX:BX) -> -219 | DX47: =SUMIF(quarterly!$D:BY,$B47,quarterly!BY:BY) -> -316.8 | DY47: =VLOOKUP($A47,quarterly!$B$2:$CQ$153,COLUMN($BY:$BY)) -> 6676.9 | DZ47: =VLOOKUP($A47,quarterly!$B$2:$CQ$153,COLUMN($BZ:$BZ)) -> 3059 | EA47: =VLOOKUP($A47,quarterly!$B$2:$CQ$153,COLUMN($CA:$CA)) -> 3617.9 | EB47: =SUMIF(monthly!$D:R,$B47,monthly!R:R)/COUNTIF(monthly!$D:$D,$B47) -> 65.39 | EC47: =SUMIF(monthly!$D:S,$B47,monthly!S:S)/COUNTIF(monthly!$D:$D,$B47) -> 605.2175 | ED47: =SUMIF(monthly!$D:T,$B47,monthly!T:T)/COUNTIF(monthly!$D:$D,$B47) -> 6731.3517 | EE47: =SUMIF(monthly!$D:U,$B47,monthly!U:U)/COUNTIF(monthly!$D:$D,$B47) -> 1590.6192 | EF47: =SUMIF(monthly!$D:V,$B47,monthly!V:V)/COUNTIF(monthly!$D:$D,$B47) -> 224.03028 | EG47: =SUMIF(monthly!$D:W,$B47,monthly!W:W)/COUNTIF(monthly!$D:$D,$B47) -> 402.525 | EH47: =SUMIF(monthly!$D:X,$B47,monthly!X:X)/COUNTIF(monthly!$D:$D,$B47) -> 605.8025 | EI47: =SUMIF(monthly!$D:Y,$B47,monthly!Y:Y)/COUNTIF(monthly!$D:$D,$B47) -> 416.81333 | EJ47: =SUMIF(quarterly!$D:CK,$B47,quarterly!CK:CK)/COUNTIF(quarterly!$D:$D,$B47) -> 154.35 | EK47: =(EJ47/EJ46-1)*100 -> 3.5384873 | EL47: 91.312 | EM47: 0.973 | EN47: 2.554 | EO47: 8.641 | EP47: 2.039 | EQ47: 5.179 | ER47: 5.206 | ES47: 14856.783 | ET47: -14586.083
A48: 39417 | B48: _2007 | BA48: 822.15 | BB48: 339.90835 | BC48: =BA48-BB48 -> 482.24165 | BD48: =(BA48/BA47-1)*100 -> 0.91135046 | BE48: =(BB48/BB47-1)*100 -> 0.63861985 | BF48: =(BC48/BC47-1)*100 -> 1.1044747 | BG48: 130.62546 | BH48: 128.52619 | BI48: 131.1595 | BJ48: =SUMIF(quarterly!$D:O,$B48,quarterly!O:O) -> 550 | BK48: =SUMIF(quarterly!$D:P,$B48,quarterly!P:P) -> 1942 | BL48: =SUMIF(quarterly!$D:Q,$B48,quarterly!Q:Q) -> 15148 | BM48: =SUMIF(quarterly!$D:R,$B48,quarterly!R:R) -> -13206 | BN48: =SUMIF(quarterly!$D:S,$B48,quarterly!S:S) -> 6282 | BO48: =SUMIF(quarterly!$D:T,$B48,quarterly!T:T) -> 14079 | BP48: =SUMIF(quarterly!$D:U,$B48,quarterly!U:U) -> -7797 | BQ48: =SUMIF(quarterly!$D:V,$B48,quarterly!V:V) -> -4340 | BR48: =SUMIF(quarterly!$D:W,$B48,quarterly!W:W) -> 1069 | BS48: =SUMIF(quarterly!$D:X,$B48,quarterly!X:X) -> -5409 | BT48: =SUMIF(quarterly!$D:Y,$B48,quarterly!Y:Y) -> -2134 | BU48: =SUMIF(quarterly!$D:Z,$B48,quarterly!Z:Z) -> 310 | BV48: =SUMIF(quarterly!$D:AA,$B48,quarterly!AA:AA) -> -2444 | BW48: =SUMIF(quarterly!$D:AB,$B48,quarterly!AB:AB) -> 742 | BX48: =SUMIF(quarterly!$D:AC,$B48,quarterly!AC:AC) -> 1219 | BY48: =SUMIF(quarterly!$D:AD,$B48,quarterly!AD:AD) -> -477 | BZ48: =SUMIF(quarterly!$D:AE,$B48,quarterly!AE:AE) -> 113 | CA48: =SUMIF(quarterly!$D:AF,$B48,quarterly!AF:AF) -> 113 | CB48: =SUMIF(quarterly!$D:AG,$B48,quarterly!AG:AG) -> 0 | CC48: =SUMIF(quarterly!$D:AH,$B48,quarterly!AH:AH) -> 888 | CD48: =SUMIF(quarterly!$D:AI,$B48,quarterly!AI:AI) -> 1592 | CE48: =VLOOKUP($A48,monthly!$B$3:$Y$1260,COLUMN(monthly!$E:$E)) -> 5917.0337 | CF48: =VLOOKUP($A48,monthly!$B$3:$Y$1260,COLUMN(monthly!$F:$F)) -> 5919.3 | CG48: =SUMIF(quarterly!$D:AL,$B48,quarterly!AL:AL) -> 13874.9 | CH48: =SUMIF(quarterly!$D:AM,$B48,quarterly!AM:AM) -> 2964.3 | CI48: =SUMIF(quarterly!$D:AN,$B48,quarterly!AN:AN) -> 10910.6 | CJ48: =SUMIF(quarterly!$D:AO,$B48,quarterly!AO:AO) -> 2295.4 | CK48: 7796.9 | CL48: 88.125 | CM48: 81.05 | CN48: 128.125 | CO48: 911.625 | CP48: 1008.85 | CQ48: 369.675 | CR48: =VLOOKUP($A48,quarterly!$B$2:$CL$143,COLUMN(quarterly!$AV:$AV)) -> 6314.5 | CS48: =SUMIF(quarterly!$D:AX,$B48,quarterly!AX:AX) -> 52.7 | CT48: =SUMIF(quarterly!$D:AY,$B48,quarterly!AY:AY) -> -506.2 | CU48: =VLOOKUP($A48,monthly!$B$3:$Q$269,COLUMN($G:$G)) -> 8994.9022 | CV48: =VLOOKUP($A48,monthly!$B$3:$Q$269,COLUMN($H:$H)) -> 4923.2978 | CW48: =VLOOKUP($A48,monthly!$B$3:$Q$269,COLUMN($I:$I)) -> 7073.2 | CX48: =VLOOKUP($A48,monthly!$B$3:$Q$269,COLUMN($J:$J)) -> 3961.2 | CY48: =VLOOKUP($A48,monthly!$B$3:$Q$269,COLUMN($K:$K)) -> 171.2 | CZ48: =VLOOKUP($A48,monthly!$B$3:$Q$269,COLUMN($L:$L)) -> 2857.76 | DA48: 1.6 | DB48: 9.3 | DC48: 2.962963 | DD48: 2.4832381 | DE48: =SUMIF(quarterly!$D:BF,$B48,quarterly!BF:BF) -> 7028.6 | DF48: =SUMIF(quarterly!$D:BG,$B48,quarterly!BG:BG) -> 6287 | DG48: =SUMIF(quarterly!$D:BH,$B48,quarterly!BH:BH) -> 2758.9 | DH48: =SUMIF(quarterly!$D:BI,$B48,quarterly!BI:BI) -> 3528.1 | DI48: =SUMIF(quarterly!$D:BJ,$B48,quarterly!BJ:BJ) -> 5854 | DJ48: =SUMIF(quarterly!$D:BK,$B48,quarterly!BK:BK) -> 4491.3 | DK48: =SUMIF(quarterly!$D:BL,$B48,quarterly!BL:BL) -> 1006.9 | DL48: =SUMIF(quarterly!$D:BM,$B48,quarterly!BM:BM) -> 723.7 | DM48: =SUMIF(quarterly!$D:BN,$B48,quarterly!BN:BN) -> 2760.7 | DN48: =SUMIF(quarterly!$D:BO,$B48,quarterly!BO:BO) -> 958.5 | DO48: =SUMIF(quarterly!$D:BP,$B48,quarterly!BP:BP) -> 404.2 | DP48: =SUMIF(quarterly!$D:BQ,$B48,quarterly!BQ:BQ) -> 433 | DQ48: =SUMIF(quarterly!$D:BR,$B48,quarterly!BR:BR) -> 0 | DR48: =SUMIF(quarterly!$D:BS,$B48,quarterly!BS:BS) -> 741.6 | DS48: =SUMIF(quarterly!$D:BT,$B48,quarterly!BT:BT) -> 6552.4 | DT48: =SUMIF(quarterly!$D:BU,$B48,quarterly!BU:BU) -> 3498 | DU48: =SUMIF(quarterly!$D:BV,$B48,quarterly!BV:BV) -> 1327.6 | DV48: =DE48-DS48 -> 476.2 | DW48: =SUMIF(quarterly!$D:BX,$B48,quarterly!BX:BX) -> -397.3 | DX48: =SUMIF(quarterly!$D:BY,$B48,quarterly!BY:BY) -> -78.9 | DY48: =VLOOKUP($A48,quarterly!$B$2:$CQ$153,COLUMN($BY:$BY)) -> 6314.5 | DZ48: =VLOOKUP($A48,quarterly!$B$2:$CQ$153,COLUMN($BZ:$BZ)) -> 3168.833 | EA48: =VLOOKUP($A48,quarterly!$B$2:$CQ$153,COLUMN($CA:$CA)) -> 3145.7 | EB48: =SUMIF(monthly!$D:R,$B48,monthly!R:R)/COUNTIF(monthly!$D:$D,$B48) -> 72.7125 | EC48: =SUMIF(monthly!$D:S,$B48,monthly!S:S)/COUNTIF(monthly!$D:$D,$B48) -> 696.6625 | ED48: =SUMIF(monthly!$D:T,$B48,monthly!T:T)/COUNTIF(monthly!$D:$D,$B48) -> 7131.6308 | EE48: =SUMIF(monthly!$D:U,$B48,monthly!U:U)/COUNTIF(monthly!$D:$D,$B48) -> 1958.1108 | EF48: =SUMIF(monthly!$D:V,$B48,monthly!V:V)/COUNTIF(monthly!$D:$D,$B48) -> 242.27507 | EG48: =SUMIF(monthly!$D:W,$B48,monthly!W:W)/COUNTIF(monthly!$D:$D,$B48) -> 607.10833 | EH48: =SUMIF(monthly!$D:X,$B48,monthly!X:X)/COUNTIF(monthly!$D:$D,$B48) -> 917.67333 | EI48: =SUMIF(monthly!$D:Y,$B48,monthly!Y:Y)/COUNTIF(monthly!$D:$D,$B48) -> 719.12167 | EJ48: =SUMIF(quarterly!$D:CK,$B48,quarterly!CK:CK)/COUNTIF(quarterly!$D:$D,$B48) -> 157.95 | EK48: =(EJ48/EJ47-1)*100 -> 2.3323615 | EL48: 93.225 | EM48: 2.096 | EN48: 4.811 | EO48: 8.536 | EP48: 2.363 | EQ48: 5.106 | ER48: 5.339 | ES48: 17282.723 | ET48: -16869.896
A49: 39783 | B49: _2008 | BA49: 910.66766 | BB49: 396.45922 | BC49: =BA49-BB49 -> 514.20844 | BD49: =(BA49/BA48-1)*100 -> 10.766607 | BE49: =(BB49/BB48-1)*100 -> 16.637094 | BF49: =(BC49/BC48-1)*100 -> 6.6287911 | BG49: 140.925 | BH49: 137.81045 | BI49: 141.86503 | BJ49: =SUMIF(quarterly!$D:O,$B49,quarterly!O:O) -> 2145 | BK49: =SUMIF(quarterly!$D:P,$B49,quarterly!P:P) -> 3449 | BL49: =SUMIF(quarterly!$D:Q,$B49,quarterly!Q:Q) -> 16624 | BM49: =SUMIF(quarterly!$D:R,$B49,quarterly!R:R) -> -13206 | BN49: =SUMIF(quarterly!$D:S,$B49,quarterly!S:S) -> 7196 | BO49: =SUMIF(quarterly!$D:T,$B49,quarterly!T:T) -> 15644 | BP49: =SUMIF(quarterly!$D:U,$B49,quarterly!U:U) -> -8479 | BQ49: =SUMIF(quarterly!$D:V,$B49,quarterly!V:V) -> -3747 | BR49: =SUMIF(quarterly!$D:W,$B49,quarterly!W:W) -> 980 | BS49: =SUMIF(quarterly!$D:X,$B49,quarterly!X:X) -> -4727 | BT49: =SUMIF(quarterly!$D:Y,$B49,quarterly!Y:Y) -> -1740 | BU49: =SUMIF(quarterly!$D:Z,$B49,quarterly!Z:Z) -> 230 | BV49: =SUMIF(quarterly!$D:AA,$B49,quarterly!AA:AA) -> -1970 | BW49: =SUMIF(quarterly!$D:AB,$B49,quarterly!AB:AB) -> 436 | BX49: =SUMIF(quarterly!$D:AC,$B49,quarterly!AC:AC) -> 1060 | BY49: =SUMIF(quarterly!$D:AD,$B49,quarterly!AD:AD) -> -624 | BZ49: =SUMIF(quarterly!$D:AE,$B49,quarterly!AE:AE) -> 67 | CA49: =SUMIF(quarterly!$D:AF,$B49,quarterly!AF:AF) -> 87 | CB49: =SUMIF(quarterly!$D:AG,$B49,quarterly!AG:AG) -> -20 | CC49: =SUMIF(quarterly!$D:AH,$B49,quarterly!AH:AH) -> -2863 | CD49: =SUMIF(quarterly!$D:AI,$B49,quarterly!AI:AI) -> -597 | CE49: =VLOOKUP($A49,monthly!$B$3:$Y$1260,COLUMN(monthly!$E:$E)) -> 5318.1 | CF49: =VLOOKUP($A49,monthly!$B$3:$Y$1260,COLUMN(monthly!$F:$F)) -> 5320.2 | CG49: =SUMIF(quarterly!$D:AL,$B49,quarterly!AL:AL) -> 15423.4 | CH49: =SUMIF(quarterly!$D:AM,$B49,quarterly!AM:AM) -> 3567.9 | CI49: =SUMIF(quarterly!$D:AN,$B49,quarterly!AN:AN) -> 11855.5 | CJ49: =SUMIF(quarterly!$D:AO,$B49,quarterly!AO:AO) -> 2969 | CK49: 8478.7 | CL49: 94.05 | CM49: 81.25 | CN49: 155.9 | CO49: 1005.8 | CP49: 1116.875 | CQ49: 466.3 | CR49: =VLOOKUP($A49,quarterly!$B$2:$CL$143,COLUMN(quarterly!$AV:$AV)) -> 6765.7 | CS49: =SUMIF(quarterly!$D:AX,$B49,quarterly!AX:AX) -> 61.3 | CT49: =SUMIF(quarterly!$D:AY,$B49,quarterly!AY:AY) -> -468 | CU49: =VLOOKUP($A49,monthly!$B$3:$Q$269,COLUMN($G:$G)) -> 9636.8084 | CV49: =VLOOKUP($A49,monthly!$B$3:$Q$269,COLUMN($H:$H)) -> 5521.3644 | CW49: =VLOOKUP($A49,monthly!$B$3:$Q$269,COLUMN($I:$I)) -> 5882.7164 | CX49: =VLOOKUP($A49,monthly!$B$3:$Q$269,COLUMN($J:$J)) -> 5068.7948 | CY49: =VLOOKUP($A49,monthly!$B$3:$Q$269,COLUMN($K:$K)) -> -538.63016 | CZ49: =VLOOKUP($A49,monthly!$B$3:$Q$269,COLUMN($L:$L)) -> 4237.4926 | DA49: 1.6 | DB49: 8.8 | DC49: 2.6961445 | DD49: 2.2466861 | DE49: =SUMIF(quarterly!$D:BF,$B49,quarterly!BF:BF) -> 7073.3 | DF49: =SUMIF(quarterly!$D:BG,$B49,quarterly!BG:BG) -> 6038.7 | DG49: =SUMIF(quarterly!$D:BH,$B49,quarterly!BH:BH) -> 2314.2 | DH49: =SUMIF(quarterly!$D:BI,$B49,quarterly!BI:BI) -> 3724.5 | DI49: =SUMIF(quarterly!$D:BJ,$B49,quarterly!BJ:BJ) -> 5756.1 | DJ49: =SUMIF(quarterly!$D:BK,$B49,quarterly!BK:BK) -> 4352.6 | DK49: =SUMIF(quarterly!$D:BL,$B49,quarterly!BL:BL) -> 1108.8 | DL49: =SUMIF(quarterly!$D:BM,$B49,quarterly!BM:BM) -> 888.1 | DM49: =SUMIF(quarterly!$D:BN,$B49,quarterly!BN:BN) -> 2355.7 | DN49: =SUMIF(quarterly!$D:BO,$B49,quarterly!BO:BO) -> 992.7 | DO49: =SUMIF(quarterly!$D:BP,$B49,quarterly!BP:BP) -> 410.8 | DP49: =SUMIF(quarterly!$D:BQ,$B49,quarterly!BQ:BQ) -> 282.6 | DQ49: =SUMIF(quarterly!$D:BR,$B49,quarterly!BR:BR) -> 0 | DR49: =SUMIF(quarterly!$D:BS,$B49,quarterly!BS:BS) -> 1034.6 | DS49: =SUMIF(quarterly!$D:BT,$B49,quarterly!BT:BT) -> 7551.9 | DT49: =SUMIF(quarterly!$D:BU,$B49,quarterly!BU:BU) -> 3766.8 | DU49: =SUMIF(quarterly!$D:BV,$B49,quarterly!BV:BV) -> 1630.1 | DV49: =DE49-DS49 -> -478.6 | DW49: =SUMIF(quarterly!$D:BX,$B49,quarterly!BX:BX) -> -384.7 | DX49: =SUMIF(quarterly!$D:BY,$B49,quarterly!BY:BY) -> 863.2 | DY49: =VLOOKUP($A49,quarterly!$B$2:$CQ$153,COLUMN($BY:$BY)) -> 6765.7 | DZ49: =VLOOKUP($A49,quarterly!$B$2:$CQ$153,COLUMN($BZ:$BZ)) -> 3947.1 | EA49: =VLOOKUP($A49,quarterly!$B$2:$CQ$153,COLUMN($CA:$CA)) -> 2818.6 | EB49: =SUMIF(monthly!$D:R,$B49,monthly!R:R)/COUNTIF(monthly!$D:$D,$B49) -> 97.66 | EC49: =SUMIF(monthly!$D:S,$B49,monthly!S:S)/COUNTIF(monthly!$D:$D,$B49) -> 871.70583 | ED49: =SUMIF(monthly!$D:T,$B49,monthly!T:T)/COUNTIF(monthly!$D:$D,$B49) -> 6963.4825 | EE49: =SUMIF(monthly!$D:U,$B49,monthly!U:U)/COUNTIF(monthly!$D:$D,$B49) -> 2572.76 | EF49: =SUMIF(monthly!$D:V,$B49,monthly!V:V)/COUNTIF(monthly!$D:$D,$B49) -> 271.49164 | EG49: =SUMIF(monthly!$D:W,$B49,monthly!W:W)/COUNTIF(monthly!$D:$D,$B49) -> 815.68058 | EH49: =SUMIF(monthly!$D:X,$B49,monthly!X:X)/COUNTIF(monthly!$D:$D,$B49) -> 1222.785 | EI49: =SUMIF(monthly!$D:Y,$B49,monthly!Y:Y)/COUNTIF(monthly!$D:$D,$B49) -> 862.91833 | EJ49: =SUMIF(quarterly!$D:CK,$B49,quarterly!CK:CK)/COUNTIF(quarterly!$D:$D,$B49) -> 164.825 | EK49: =(EJ49/EJ48-1)*100 -> 4.3526432 | EL49: 99.389 | EM49: 6.612 | EN49: 2.243 | EO49: 1.782 | EP49: -1.202 | EQ49: 2.298 | ER49: 2.834 | ES49: 19732.679 | ET49: -19340.204
A50: 40148 | B50: _2009 | BA50: 973.625 | BB50: 424.89821 | BC50: =BA50-BB50 -> 548.72679 | BD50: =(BA50/BA49-1)*100 -> 6.9133166 | BE50: =(BB50/BB49-1)*100 -> 7.173246 | BF50: =(BC50/BC49-1)*100 -> 6.7129087 | BG50: 147.12836 | BH50: 141.76347 | BI50: 148.56916 | BJ50: =SUMIF(quarterly!$D:O,$B50,quarterly!O:O) -> -1611 | BK50: =SUMIF(quarterly!$D:P,$B50,quarterly!P:P) -> -367 | BL50: =SUMIF(quarterly!$D:Q,$B50,quarterly!Q:Q) -> 12612 | BM50: =SUMIF(quarterly!$D:R,$B50,quarterly!R:R) -> -12979 | BN50: =SUMIF(quarterly!$D:S,$B50,quarterly!S:S) -> 4192 | BO50: =SUMIF(quarterly!$D:T,$B50,quarterly!T:T) -> 12101 | BP50: =SUMIF(quarterly!$D:U,$B50,quarterly!U:U) -> -7909 | BQ50: =SUMIF(quarterly!$D:V,$B50,quarterly!V:V) -> -4559 | BR50: =SUMIF(quarterly!$D:W,$B50,quarterly!W:W) -> 511 | BS50: =SUMIF(quarterly!$D:X,$B50,quarterly!X:X) -> -5070 | BT50: =SUMIF(quarterly!$D:Y,$B50,quarterly!Y:Y) -> -1721 | BU50: =SUMIF(quarterly!$D:Z,$B50,quarterly!Z:Z) -> 128 | BV50: =SUMIF(quarterly!$D:AA,$B50,quarterly!AA:AA) -> -1849 | BW50: =SUMIF(quarterly!$D:AB,$B50,quarterly!AB:AB) -> 477 | BX50: =SUMIF(quarterly!$D:AC,$B50,quarterly!AC:AC) -> 1046 | BY50: =SUMIF(quarterly!$D:AD,$B50,quarterly!AD:AD) -> -569 | BZ50: =SUMIF(quarterly!$D:AE,$B50,quarterly!AE:AE) -> 74.2 | CA50: =SUMIF(quarterly!$D:AF,$B50,quarterly!AF:AF) -> 94.2 | CB50: =SUMIF(quarterly!$D:AG,$B50,quarterly!AG:AG) -> -20 | CC50: =SUMIF(quarterly!$D:AH,$B50,quarterly!AH:AH) -> 3219.7 | CD50: =SUMIF(quarterly!$D:AI,$B50,quarterly!AI:AI) -> 1725.3 | CE50: =VLOOKUP($A50,monthly!$B$3:$Y$1260,COLUMN(monthly!$E:$E)) -> 6551.7 | CF50: =VLOOKUP($A50,monthly!$B$3:$Y$1260,COLUMN(monthly!$F:$F)) -> 7046 | CG50: =SUMIF(quarterly!$D:AL,$B50,quarterly!AL:AL) -> 12079.8 | CH50: =SUMIF(quarterly!$D:AM,$B50,quarterly!AM:AM) -> 2935.4 | CI50: =SUMIF(quarterly!$D:AN,$B50,quarterly!AN:AN) -> 9144.4 | CJ50: =SUMIF(quarterly!$D:AO,$B50,quarterly!AO:AO) -> 2225.7 | CK50: 7761.4 | CL50: 94.4 | CM50: 84 | CN50: 142.3 | CO50: 694.5 | CP50: 759.7 | CQ50: 398.6 | CR50: =VLOOKUP($A50,quarterly!$B$2:$CL$143,COLUMN(quarterly!$AV:$AV)) -> 7014.8 | CS50: =SUMIF(quarterly!$D:AX,$B50,quarterly!AX:AX) -> 89.9 | CT50: =SUMIF(quarterly!$D:AY,$B50,quarterly!AY:AY) -> -152.2 | CU50: =VLOOKUP($A50,monthly!$B$3:$Q$269,COLUMN($G:$G)) -> 11733.565 | CV50: =VLOOKUP($A50,monthly!$B$3:$Q$269,COLUMN($H:$H)) -> 6234.4198 | CW50: =VLOOKUP($A50,monthly!$B$3:$Q$269,COLUMN($I:$I)) -> 7672.901 | CX50: =VLOOKUP($A50,monthly!$B$3:$Q$269,COLUMN($J:$J)) -> 5836.546 | CY50: =VLOOKUP($A50,monthly!$B$3:$Q$269,COLUMN($K:$K)) -> 413.55978 | CZ50: =VLOOKUP($A50,monthly!$B$3:$Q$269,COLUMN($L:$L)) -> 4929.1283 | DA50: 2.2 | DB50: 10.2 | DC50: 2.7487631 | DD50: 2.1496131 | DE50: =SUMIF(quarterly!$D:BF,$B50,quarterly!BF:BF) -> 6651.3 | DF50: =SUMIF(quarterly!$D:BG,$B50,quarterly!BG:BG) -> 5740.3 | DG50: =SUMIF(quarterly!$D:BH,$B50,quarterly!BH:BH) -> 1075.5 | DH50: =SUMIF(quarterly!$D:BI,$B50,quarterly!BI:BI) -> 4664.8 | DI50: =SUMIF(quarterly!$D:BJ,$B50,quarterly!BJ:BJ) -> 4974.5 | DJ50: =SUMIF(quarterly!$D:BK,$B50,quarterly!BK:BK) -> 3519.7 | DK50: =SUMIF(quarterly!$D:BL,$B50,quarterly!BL:BL) -> 1241.8 | DL50: =SUMIF(quarterly!$D:BM,$B50,quarterly!BM:BM) -> 1121.4 | DM50: =SUMIF(quarterly!$D:BN,$B50,quarterly!BN:BN) -> 1156.5 | DN50: =SUMIF(quarterly!$D:BO,$B50,quarterly!BO:BO) -> 1063.2 | DO50: =SUMIF(quarterly!$D:BP,$B50,quarterly!BP:BP) -> 391.6 | DP50: =SUMIF(quarterly!$D:BQ,$B50,quarterly!BQ:BQ) -> 244.8 | DQ50: =SUMIF(quarterly!$D:BR,$B50,quarterly!BR:BR) -> 521 | DR50: =SUMIF(quarterly!$D:BS,$B50,quarterly!BS:BS) -> 911 | DS50: =SUMIF(quarterly!$D:BT,$B50,quarterly!BT:BT) -> 6687.6 | DT50: =SUMIF(quarterly!$D:BU,$B50,quarterly!BU:BU) -> 4166.4 | DU50: =SUMIF(quarterly!$D:BV,$B50,quarterly!BV:BV) -> 2348.7 | DV50: =DE50-DS50 -> -36.3 | DW50: =SUMIF(quarterly!$D:BX,$B50,quarterly!BX:BX) -> -141 | DX50: =SUMIF(quarterly!$D:BY,$B50,quarterly!BY:BY) -> 177.4 | DY50: =VLOOKUP($A50,quarterly!$B$2:$CQ$153,COLUMN($BY:$BY)) -> 7014.8 | DZ50: =VLOOKUP($A50,quarterly!$B$2:$CQ$153,COLUMN($BZ:$BZ)) -> 4228.3 | EA50: =VLOOKUP($A50,quarterly!$B$2:$CQ$153,COLUMN($CA:$CA)) -> 2786.5 | EB50: =SUMIF(monthly!$D:R,$B50,monthly!R:R)/COUNTIF(monthly!$D:$D,$B50) -> 61.860271 | EC50: =SUMIF(monthly!$D:S,$B50,monthly!S:S)/COUNTIF(monthly!$D:$D,$B50) -> 972.97858 | ED50: =SUMIF(monthly!$D:T,$B50,monthly!T:T)/COUNTIF(monthly!$D:$D,$B50) -> 5160.6118 | EE50: =SUMIF(monthly!$D:U,$B50,monthly!U:U)/COUNTIF(monthly!$D:$D,$B50) -> 2890.3664 | EF50: =SUMIF(monthly!$D:V,$B50,monthly!V:V)/COUNTIF(monthly!$D:$D,$B50) -> 298.94915 | EG50: =SUMIF(monthly!$D:W,$B50,monthly!W:W)/COUNTIF(monthly!$D:$D,$B50) -> 479.6875 | EH50: =SUMIF(monthly!$D:X,$B50,monthly!X:X)/COUNTIF(monthly!$D:$D,$B50) -> 725.445 | EI50: =SUMIF(monthly!$D:Y,$B50,monthly!Y:Y)/COUNTIF(monthly!$D:$D,$B50) -> 682.72917 | EJ50: =SUMIF(quarterly!$D:CK,$B50,quarterly!CK:CK)/COUNTIF(quarterly!$D:$D,$B50) -> 167.825 | EK50: =(EJ50/EJ49-1)*100 -> 1.8201122 | EL50: 99.974 | EM50: 0.589 | EN50: 1.246 | EO50: -1.283 | EP50: -5.217 | EQ50: 0.196 | ER50: -0.577 | ES50: 15745.646 | ET50: -15365.506
A51: 40513 | B51: _2010 | DE51: 8244.5 | DF51: 6890.6 | DG51: 1731.8
A52: 40878 | B52: _2011 | DE52: 9328.1 | DF52: 7742.1 | DG52: 1884.1

Sheet quarterly
E2: Main Cateogry | F2: National Income Accounts and Prices | O2: External Sector Accounts and BOP | AZ2: Monetary Sector Accounts | BF2: Fiscal Sector Accounts | CC2: International Economic Indicators
E3: Subcategory | F3: Consumer price index | L3: Employment by industry | O3: Balance of payments | AJ3: NFA of Depository Corporations | AL3: Trade | AW3: External public debt | AZ3: Volume of Money | BE3: Commercial banks | BF3: Central Government Fiscal Operation | BZ3: Public debt outstanding | CC3: World commodity prices | CK3: Foreign inflation
E4: Series Description | F4: Consumer price index (1977=100) | G4: CPI - Food | H4: CPI - Non-food | I4: Inflation | J4: Inflation - food | K4: Inflation - non-food | L4: Employment (March 2002=100) | M4: Employment, Mineral | N4: Employment, Non-mineral | O4: Current account balance | P4: Trade balance | Q4: Credit (exports) | R4: Debit (Imports) | S4: Goods balance | T4: Credit (exports) | U4: Debit (Imports) | V4: Service balance | W4: Credit | X4: Debit | Y4: Income balance | Z4: Credit | AA4: Debit | AB4: Transfers balance | AC4: Credit | AD4: Debit | AE4: Capital account balance | AF4: Credit | AG4: Debit | AH4: Financial account balance | AI4: Overall balance | AJ4: BPNG Holdings of Gold and Foreign Exchange | AK4: International Reserves | AL4: Total exports | AM4: Non-mineral exports | AN4: Mineral exports | AO4: Agricultural exports | AP4: Total imports | AQ4: Export volume index | AR4: Mineral export volume index | AS4: Non-mineral export volume index | AT4: Export price index | AU4: Mineral export price index | AV4: Non-mineral export price index | AW4: Total public external debt | AX4: Drawdowns | AY4: Principal repayments | AZ4: Broad money | BA4: Narrow money | BB4: Net foreign assets | BC4: Domestic claims on private sector | BD4: Domestic claims on government | BE4: Assets: Loans to private sector | BF4: Total revenue and grants | BG4: Government revenue | BH4: Mineral revenue | BI4: Non-mineral revenue | BJ4: Tax revenue | BK4: Tax on income and profits | BL4: Personal tax | BM4: Company tax | BN4: Other taxes | BO4: Tax on goods and services | BP4: Tax on international trade | BQ4: Non-tax revenue | BR4: Injection from trust accounts | BS4: Foreign grants and tax credits | BT4: Government expenditure | BU4: Recurrent | BV4: Development | BW4: Government fiscal balance | BX4: External financing | BY4: Domestic financing | BZ4: Total public debt outstanding | CA4: Domestic debt outstanding | CB4: External debt outstanding | CC4: Crude oil | CD4: Gold | CE4: Copper | CF4: Cocoa | CG4: Coffee | CH4: Copra | CI4: Copra Oil | CJ4: Palm Oil | CK4: Consumer price index : Australia
E5: Mnemonic | F5: CPI | G5: CPIF | H5: CPINF | I5: INF | J5: INFF | K5: INFNF | L5: EMP | M5: EMPM | N5: EMPNM | O5: CAB | P5: TRB | Q5: TRBX | R5: TRBM | S5: GOB | T5: GOBX | U5: GOBM | V5: SEB | W5: SEBC | X5: SEBD | Y5: INB | Z5: INBC | AA5: INBD | AB5: TFB | AC5: TFBC | AD5: TFBD | AE5: CPB | AF5: CPBC | AG5: CPBD | AH5: FAB | AI5: OVB | AJ5: GFX | AK5: IRES | AL5: XGST_N | AM5: XNM_N | AN5: XMI_N | AO5: XAG_N | AP5: MGST_N | AQ5: XGS_V | AR5: XMI_V | AS5: XNM_V | AT5: XGS_P | AU5: XMN_P | AV5: XNM_P | AW5: DEBTX | AX5: DRW | AY5: PRE | AZ5: BRO | BA5: NAR | BB5: NFA | BC5: CLP | BD5: CLG | BE5: LOA | BF5: REVG | BG5: REV | BH5: REVM | BI5: REVNM | BJ5: TAX | BK5: TAXY | BL5: TAXP | BM5: TAXB | BN5: TAXO | BO5: TAXGS | BP5: TAXIT | BQ5: NTAX | BR5: INJ | BS5: GRA | BT5: EXP | BU5: EXPR | BV5: EXPD | BW5: FBAL | BX5: EXF | BY5: DOF | BZ5: DEBT | CA5: DEBTD | CB5: DEBTX | CC5: CROIL | CD5: GOLD | CE5: COP | CF5: COC | CG5: COF | CH5: COP | CI5: CPOIL | CJ5: PLOIL | CK5: CPIAU
E6: Unit | F6: Index | G6: Index | H6: Index | I6: % | J6: % | K6: % | L6: Index | M6: Index | N6: Index | O6: K Million | P6: K Million | Q6: K Million | R6: K Million | S6: K Million | T6: K Million | U6: K Million | V6: K Million | W6: K Million | X6: K Million | Y6: K Million | Z6: K Million | AA6: K Million | AB6: K Million | AC6: K Million | AD6: K Million | AE6: K Million | AF6: K Million | AG6: K Million | AH6: K Million | AI6: K Million | AJ6: K Million | AK6: K Million | AL6: K Million, fob | AM6: K Million, fob | AN6: K Million, fob | AO6: K Million, fob | AP6: K Million, fob | AQ6: index | AR6: index | AS6: index | AT6: Index | AU6: index | AV6: index | AW6: K million | AX6: K million | AY6: K million | AZ6: K million | BA6: K million | BB6: K million | BC6: K million | BD6: K million | BE6: K million | BF6: K million | BG6: K million | BH6: K million | BI6: K million | BJ6: K million | BK6: K million | BL6: K million | BM6: K million | BN6: K million | BO6: K million | BP6: K million | BQ6: K million | BR6: K million | BS6: K million | BT6: K million | BU6: K million | BV6: K million | BW6: K million | BX6: K million | BY6: K million | BZ6: K million | CA6: K million | CB6: K million | CC6: Dated Brent, US$ per barrel | CD6: US$/oz | CE6: US$/t | CF6: ¢/kg | CG6: ¢/kg | CH6: $/mt | CI6: $/mt | CJ6: $/mt | CK6: Index
E7: Frequency | F7: quarterly | G7: quarterly | H7: quarterly | I7: quarterly | J7: quarterly | K7: quarterly | L7: quarterly | M7: quarterly | N7: quarterly | O7: quarterly | P7: quarterly | Q7: quarterly | R7: quarterly | S7: quarterly | T7: quarterly | U7: quarterly | V7: quarterly | W7: quarterly | X7: quarterly | Y7: quarterly | Z7: quarterly | AA7: quarterly | AB7: quarterly | AC7: quarterly | AD7: quarterly | AE7: quarterly | AF7: quarterly | AG7: quarterly | AH7: quarterly | AI7: quarterly | AJ7: monthly | AK7: monthly | AL7: quarterly | AM7: quarterly | AN7: quarterly | AO7: quarterly | AP7: annual | AQ7: quarterly | AR7: quarterly | AS7: quarterly | AT7: quarterly | AU7: quarterly | AV7: quarterly | AW7: quarterly | AX7: quarterly | AY7: quarterly | AZ7: monthly | BA7: monthly | BB7: monthly | BC7: monthly | BD7: monthly | BE7: monthly | BF7: quarterly | BG7: quarterly | BH7: quarterly | BI7: quarterly | BJ7: quarterly | BK7: quarterly | BL7: quarterly | BM7: quarterly | BN7: quarterly | BO7: quarterly | BP7: quarterly | BQ7: quarterly | BR7: quarterly | BS7: quarterly | BT7: quarterly | BU7: quarterly | BV7: quarterly | BW7: quarterly | BX7: quarterly | BY7: quarterly | BZ7: quarterly | CA7: quarterly | CB7: quarterly | CC7: monthly | CD7: monthly | CE7: monthly | CF7: monthly | CG7: monthly | CH7: monthly | CI7: monthly | CJ7: monthly | CK7: quarterly
C8: Quarter | D8: Year | BF8: REVG=a+m | BG8: a=d+k+l | BH8: b | BI8: c=a-b | BJ8: d=e+i+j | BK8: e=f+g+h | BL8: f | BM8: g | BN8: h | BO8: i | BP8: j | BQ8: k | BR8: l | BS8: m | BT8: n | BU8: o | BV8: p | BW8: q=REVG-n
B9: 28185 | C9: =RIGHT(LEFT(E9,2),1) -> 1 | D9: =RIGHT(E9,5) -> _1977 | E9: Q1_1977 | F9: 97.9 | G9: 39.49974 | H9: =F9-G9 -> 58.40026 | CK9: 35.3
B10: 28277 | C10: =RIGHT(LEFT(E10,2),1) -> 2 | D10: =RIGHT(E10,5) -> _1977 | E10: Q2_1977 | F10: 98.4 | G10: 40.39932 | H10: =F10-G10 -> 58.00068 | I10: =(F10/F9-1)*100 -> 0.51072523 | J10: =(G10/G9-1)*100 -> 2.2774327 | K10: =(H10/H9-1)*100 -> -0.68420928 | CK10: 36.1
B11: 28369 | C11: =RIGHT(LEFT(E11,2),1) -> 3 | D11: =RIGHT(E11,5) -> _1977 | E11: Q3_1977 | F11: 100.8 | G11: 41.54424 | H11: =F11-G11 -> 59.25576 | I11: =(F11/F10-1)*100 -> 2.4390244 | J11: =(G11/G10-1)*100 -> 2.8340081 | K11: =(H11/H10-1)*100 -> 2.1639057 | CK11: 36.8
B12: 28460 | C12: =RIGHT(LEFT(E12,2),1) -> 4 | D12: =RIGHT(E12,5) -> _1977 | E12: Q4_1977 | F12: 102.8 | G12: 42.1167 | H12: =F12-G12 -> 60.6833 | I12: =(F12/F11-1)*100 -> 1.984127 | J12: =(G12/G11-1)*100 -> 1.3779528 | K12: =(H12/H11-1)*100 -> 2.409116 | CK12: 37.7
B13: 28550 | C13: =RIGHT(LEFT(E13,2),1) -> 1 | D13: =RIGHT(E13,5) -> _1978 | E13: Q1_1978 | F13: 103.6 | G13: 41.78958 | H13: =F13-G13 -> 61.81042 | I13: =(F13/F12-1)*100 -> 0.77821012 | J13: =(G13/G12-1)*100 -> -0.77669903 | K13: =(H13/H12-1)*100 -> 1.8573809 | CK13: 38.2
B14: 28642 | C14: =RIGHT(LEFT(E14,2),1) -> 2 | D14: =RIGHT(E14,5) -> _1978 | E14: Q2_1978 | F14: 104.1 | G14: 42.1167 | H14: =F14-G14 -> 61.9833 | I14: =(F14/F13-1)*100 -> 0.48262548 | J14: =(G14/G13-1)*100 -> 0.78277886 | K14: =(H14/H13-1)*100 -> 0.27969394 | CK14: 39
B15: 28734 | C15: =RIGHT(LEFT(E15,2),1) -> 3 | D15: =RIGHT(E15,5) -> _1978 | E15: Q3_1978 | F15: 106.4 | G15: 43.3434 | H15: =F15-G15 -> 63.0566 | I15: =(F15/F14-1)*100 -> 2.209414 | J15: =(G15/G14-1)*100 -> 2.9126214 | K15: =(H15/H14-1)*100 -> 1.7315954 | CK15: 39.7
B16: 28825 | C16: =RIGHT(LEFT(E16,2),1) -> 4 | D16: =RIGHT(E16,5) -> _1978 | E16: Q4_1978 | F16: 109 | G16: 42.97539 | H16: =F16-G16 -> 66.02461 | I16: =(F16/F15-1)*100 -> 2.443609 | J16: =(G16/G15-1)*100 -> -0.8490566 | K16: =(H16/H15-1)*100 -> 4.7068982 | CK16: 40.6
B17: 28915 | C17: =RIGHT(LEFT(E17,2),1) -> 1 | D17: =RIGHT(E17,5) -> _1979 | E17: Q1_1979 | F17: 108.3 | G17: 42.32115 | H17: =F17-G17 -> 65.97885 | I17: =(F17/F16-1)*100 -> -0.64220183 | J17: =(G17/G16-1)*100 -> -1.5223597 | K17: =(H17/H16-1)*100 -> -0.06930749 | CK17: 41.3
B18: 29007 | C18: =RIGHT(LEFT(E18,2),1) -> 2 | D18: =RIGHT(E18,5) -> _1979 | E18: Q2_1979 | F18: 109.5 | G18: 43.3434 | H18: =F18-G18 -> 66.1566 | I18: =(F18/F17-1)*100 -> 1.1080332 | J18: =(G18/G17-1)*100 -> 2.4154589 | K18: =(H18/H17-1)*100 -> 0.26940451 | CK18: 42.4
B19: 29099 | C19: =RIGHT(LEFT(E19,2),1) -> 3 | D19: =RIGHT(E19,5) -> _1979 | E19: Q3_1979 | F19: 112.2 | G19: 45.26523 | H19: =F19-G19 -> 66.93477 | I19: =(F19/F18-1)*100 -> 2.4657534 | J19: =(G19/G18-1)*100 -> 4.4339623 | K19: =(H19/H18-1)*100 -> 1.1762545 | CK19: 43.4
B20: 29190 | C20: =RIGHT(LEFT(E20,2),1) -> 4 | D20: =RIGHT(E20,5) -> _1979 | E20: Q4_1979 | F20: 117.6 | G20: 47.10528 | H20: =F20-G20 -> 70.49472 | I20: =(F20/F19-1)*100 -> 4.8128342 | J20: =(G20/G19-1)*100 -> 4.0650407 | K20: =(H20/H19-1)*100 -> 5.3185362 | CK20: 44.7
B21: 29281 | C21: =RIGHT(LEFT(E21,2),1) -> 1 | D21: =RIGHT(E21,5) -> _1980 | E21: Q1_1980 | F21: 121 | G21: 49.14978 | H21: =F21-G21 -> 71.85022 | I21: =(F21/F20-1)*100 -> 2.8911565 | J21: =(G21/G20-1)*100 -> 4.3402778 | K21: =(H21/H20-1)*100 -> 1.922839 | CK21: 45.7
... B60: 32843 | C60: =RIGHT(LEFT(E60,2),1) -> 4 | D60: =RIGHT(E60,5) -> _1989 | E60: Q4_1989 | F60: 208.103 | G60: 78.611025 | H60: =F60-G60 -> 129.49198 | I60: =(F60/F59-1)*100 -> 1.1819791 | J60: =(G60/G59-1)*100 -> 0.71983906 | K60: =(H60/H59-1)*100 -> 1.4646061 | CK60: 99.2
B61: 32933 | C61: =RIGHT(LEFT(E61,2),1) -> 1 | D61: =RIGHT(E61,5) -> _1990 | E61: Q1_1990 | F61: 214.3 | G61: 80.893914 | H61: =F61-G61 -> 133.40609 | I61: =(F61/F60-1)*100 -> 2.9778523 | J61: =(G61/G60-1)*100 -> 2.9040312 | K61: =(H61/H60-1)*100 -> 3.0226671 | M61: 72.441539 | N61: 99.3 | AL61: 209.3 | AM61: =AL61-AN61 -> 99.1 | AN61: 110.2 | AO61: 40.7 | AW61: 1321.6 | AX61: 33.8 | AY61: -27.3 | BZ61: 1321.6 | CA61: 378 | CB61: 943.6 | CK61: 100.9
B62: 33025 | C62: =RIGHT(LEFT(E62,2),1) -> 2 | D62: =RIGHT(E62,5) -> _1990 | E62: Q2_1990 | F62: 219.6 | G62: 84.39696 | H62: =F62-G62 -> 135.20304 | I62: =(F62/F61-1)*100 -> 2.4731685 | J62: =(G62/G61-1)*100 -> 4.3304201 | K62: =(H62/H61-1)*100 -> 1.3469803 | M62: 68.79729 | N62: 100.8 | AL62: 269.8 | AM62: =AL62-AN62 -> 113.4 | AN62: 156.4 | AO62: 65.5 | AW62: 1347.1 | AX62: 54.5 | AY62: -15.5 | BZ62: 1347.1 | CA62: 366.9 | CB62: 980.2 | CK62: 102.5
B63: 33117 | C63: =RIGHT(LEFT(E63,2),1) -> 3 | D63: =RIGHT(E63,5) -> _1990 | E63: Q3_1990 | F63: 222.4 | G63: 86.147461 | H63: =F63-G63 -> 136.25254 | I63: =(F63/F62-1)*100 -> 1.2750455 | J63: =(G63/G62-1)*100 -> 2.0741279 | K63: =(H63/H62-1)*100 -> 0.77623928 | M63: 69.394523 | N63: 98.9 | AL63: 283.8 | AM63: =AL63-AN63 -> 90.6 | AN63: 193.2 | AO63: 63.8 | AW63: 1379.8 | AX63: 33.2 | AY63: -27.8 | BZ63: 1379.8 | CA63: 364.5 | CB63: 1015.3 | CK63: 103.3
B64: 33208 | C64: =RIGHT(LEFT(E64,2),1) -> 4 | D64: =RIGHT(E64,5) -> _1990 | E64: Q4_1990 | F64: 226.6 | G64: 87.87261 | H64: =F64-G64 -> 138.72739 | I64: =(F64/F63-1)*100 -> 1.8884892 | J64: =(G64/G63-1)*100 -> 2.0025536 | K64: =(H64/H63-1)*100 -> 1.8163705 | M64: 66.236229 | N64: 96.1 | AL64: 359.5 | AM64: =AL64-AN64 -> 61.8 | AN64: 297.7 | AO64: 34.6 | AW64: 1407.2 | AX64: 85.5 | AY64: -64.3 | BZ64: 1407.2 | CA64: 407.5 | CB64: 999.7 | CK64: 106
B65: 33298 | C65: =RIGHT(LEFT(E65,2),1) -> 1 | D65: =RIGHT(E65,5) -> _1991 | E65: Q1_1991 | F65: 232.3 | G65: 88.52685 | H65: =F65-G65 -> 143.77315 | I65: =(F65/F64-1)*100 -> 2.5154457 | J65: =(G65/G64-1)*100 -> 0.74453234 | K65: =(H65/H64-1)*100 -> 3.6371765 | M65: 67.19272 | N65: 94.7 | AL65: 241.9 | AM65: =AL65-AN65 -> 75.3 | AN65: 166.6 | AO65: 32.9 | AW65: 1490.9 | AX65: 28.4 | AY65: -27.3 | BZ65: 1490.9 | CA65: 447.9 | CB65: 1043 | CK65: 105.8
B66: 33390 | C66: =RIGHT(LEFT(E66,2),1) -> 2 | D66: =RIGHT(E66,5) -> _1991 | E66: Q2_1991 | F66: 234.5 | G66: 90.61224 | H66: =F66-G66 -> 143.88776 | I66: =(F66/F65-1)*100 -> 0.94705123 | J66: =(G66/G65-1)*100 -> 2.3556582 | K66: =(H66/H65-1)*100 -> 0.079715858 | M66: 66.62088 | N66: 96 | AL66: 395.9 | AM66: =AL66-AN66 -> 105.7 | AN66: 290.2 | AO66: 62.3 | AW66: 1554.2 | AX66: 23.7 | AY66: -18.3 | BZ66: 1554.2 | CA66: 480.8 | CB66: 1073.4 | CK66: 106
B67: 33482 | C67: =RIGHT(LEFT(E67,2),1) -> 3 | D67: =RIGHT(E67,5) -> _1991 | E67: Q3_1991 | F67: 238.1 | G67: 93.10653 | H67: =F67-G67 -> 144.99347 | I67: =(F67/F66-1)*100 -> 1.5351812 | J67: =(G67/G66-1)*100 -> 2.7527076 | K67: =(H67/H66-1)*100 -> 0.76845313 | M67: 70.074163 | N67: 93.8 | AL67: 374.6 | AM67: =AL67-AN67 -> 110 | AN67: 264.6 | AO67: 62 | AW67: 1593.1 | AX67: 16.5 | AY67: -34.3 | BZ67: 1593.1 | CA67: 556.8 | CB67: 1036.3 | CK67: 106.6
B68: 33573 | C68: =RIGHT(LEFT(E68,2),1) -> 4 | D68: =RIGHT(E68,5) -> _1991 | E68: Q4_1991 | F68: 239.5 | G68: 93.43365 | H68: =F68-G68 -> 146.06635 | I68: =(F68/F67-1)*100 -> 0.58798824 | J68: =(G68/G67-1)*100 -> 0.35133948 | K68: =(H68/H67-1)*100 -> 0.73995056 | M68: 70.652921 | N68: 95.7 | AL68: 378.1 | AM68: =AL68-AN68 -> 94.2 | AN68: 283.9 | AO68: 47.4 | AW68: 1566.7 | AX68: 88.8 | AY68: -114.1 | BZ68: 1566.7 | CA68: 555.9 | CB68: 1010.8 | CK68: 107.6
B69: 33664 | C69: =RIGHT(LEFT(E69,2),1) -> 1 | D69: =RIGHT(E69,5) -> _1992 | E69: Q1_1992 | F69: 242.5 | G69: 92.8203 | H69: =F69-G69 -> 149.6797 | I69: =(F69/F68-1)*100 -> 1.2526096 | J69: =(G69/G68-1)*100 -> -0.65645514 | K69: =(H69/H68-1)*100 -> 2.473773 | M69: 72.783505 | N69: 100.2 | AL69: 336.3 | AM69: =AL69-AN69 -> 103 | AN69: 233.3 | AO69: 45.1 | AW69: 1706.2 | AX69: 98 | AY69: -10.8 | BZ69: 1706.2 | CA69: 613.9 | CB69: 1092.3 | CK69: 107.6
B70: 33756 | C70: =RIGHT(LEFT(E70,2),1) -> 2 | D70: =RIGHT(E70,5) -> _1992 | E70: Q2_1992 | F70: 244.5 | G70: 93.6381 | H70: =F70-G70 -> 150.8619 | I70: =(F70/F69-1)*100 -> 0.82474227 | J70: =(G70/G69-1)*100 -> 0.88105727 | K70: =(H70/H69-1)*100 -> 0.78981986 | M70: 76.632302 | N70: 97.3 | AL70: 388.1 | AM70: =AL70-AN70 -> 130.9 | AN70: 257.2 | AO70: 67.7 | AW70: 1730.7 | AX70: 14 | AY70: -24.5 | BZ70: 1730.7 | CA70: 613.9 | CB70: 1116.8 | CK70: 107.3
B71: 33848 | C71: =RIGHT(LEFT(E71,2),1) -> 3 | D71: =RIGHT(E71,5) -> _1992 | E71: Q3_1992 | F71: 246.7 | G71: 94.98747 | H71: =F71-G71 -> 151.71253 | I71: =(F71/F70-1)*100 -> 0.8997955 | J71: =(G71/G70-1)*100 -> 1.441048 | K71: =(H71/H70-1)*100 -> 0.5638468 | M71: 73.539519 | N71: 99 | AL71: 542.2 | AM71: =AL71-AN71 -> 128.9 | AN71: 413.3 | AO71: 66.5 | AW71: 1782.6 | AX71: 2.8 | AY71: -17.2 | BZ71: 1782.6 | CA71: 638.9 | CB71: 1143.7 | CK71: 107.4
B72: 33939 | C72: =RIGHT(LEFT(E72,2),1) -> 4 | D72: =RIGHT(E72,5) -> _1992 | E72: Q4_1992 | F72: 251.4 | G72: 96.13239 | H72: =F72-G72 -> 155.26761 | I72: =(F72/F71-1)*100 -> 1.905148 | J72: =(G72/G71-1)*100 -> 1.2053379 | K72: =(H72/H71-1)*100 -> 2.3433002 | M72: 72.09622 | N72: 96.2 | AL72: 596 | AM72: =AL72-AN72 -> 128.3 | AN72: 467.7 | AO72: 44.3 | AW72: 1945.2 | AX72: 7 | AY72: -12 | BZ72: 1945.2 | CA72: 824.4 | CB72: 1120.8 | CK72: 107.9
... B89: 35490 | C89: =RIGHT(LEFT(E89,2),1) -> 1 | D89: =RIGHT(E89,5) -> _1997 | E89: Q1_1997 | F89: 354.2 | G89: 134.85522 | H89: =F89-G89 -> 219.34478 | I89: =(F89/F88-1)*100 -> 0.96921323 | J89: =(G89/G88-1)*100 -> 0.97979179 | K89: =(H89/H88-1)*100 -> 0.96271053 | M89: 80.343643 | N89: 105 | AL89: 817.4 | AM89: =AL89-AN89 -> 238.7 | AN89: 578.7 | AO89: 129.3 | AW89: 3844.551 | AX89: 54.67 | AY89: -29.47 | BZ89: 3844.551 | CA89: 1999.636 | CB89: 1844.915 | CK89: 120.5
B90: 35582 | C90: =RIGHT(LEFT(E90,2),1) -> 2 | D90: =RIGHT(E90,5) -> _1997 | E90: Q2_1997 | F90: 358.8 | G90: 139.59846 | H90: =F90-G90 -> 219.20154 | I90: =(F90/F89-1)*100 -> 1.2987013 | J90: =(G90/G89-1)*100 -> 3.5172832 | K90: =(H90/H89-1)*100 -> -0.065303583 | M90: 78.419244 | N90: 109 | O90: -7 | P90: 290 | Q90: 848 | R90: -558 | AI90: -2 | AL90: 843 | AM90: =AL90-AN90 -> 379.7 | AN90: 463.3 | AO90: 251.4 | AW90: 3909.719 | AX90: 32.5 | AY90: -34.7 | BZ90: 3909.719 | CA90: 2011.5 | CB90: 1898.219 | CK90: 120.2
B91: 35674 | C91: =RIGHT(LEFT(E91,2),1) -> 3 | D91: =RIGHT(E91,5) -> _1997 | E91: Q3_1997 | F91: 364.9 | G91: 143.68746 | H91: =F91-G91 -> 221.21254 | I91: =(F91/F90-1)*100 -> 1.7001115 | J91: =(G91/G90-1)*100 -> 2.9291154 | K91: =(H91/H90-1)*100 -> 0.91742056 | M91: 82.268041 | N91: 104.1 | O91: -45 | P91: 259 | Q91: 786 | R91: -527 | AI91: -49 | AL91: 780.7 | AM91: =AL91-AN91 -> 352.6 | AN91: 428.1 | AO91: 244.3 | AW91: 3931 | AX91: 27.6 | AY91: -90.4 | BZ91: 3931 | CA91: 2092.9 | CB91: 1838.1 | CK91: 119.7
B92: 35765 | C92: =RIGHT(LEFT(E92,2),1) -> 4 | D92: =RIGHT(E92,5) -> _1997 | E92: Q4_1997 | F92: 369.5 | G92: 144.79149 | H92: =F92-G92 -> 224.70851 | I92: =(F92/F91-1)*100 -> 1.2606193 | J92: =(G92/G91-1)*100 -> 0.76835515 | K92: =(H92/H91-1)*100 -> 1.580367 | M92: 94.570447 | N92: 101 | O92: -234 | P92: 75 | Q92: 623 | R92: -548 | AI92: -52 | AL92: 618.2 | AM92: =AL92-AN92 -> 249.4 | AN92: 368.8 | AO92: 152.2 | AW92: 4418 | AX92: 53.5 | AY92: -51.47 | BZ92: 4418 | CA92: 2251.7 | CB92: 2166.3 | CK92: 120
B93: 35855 | C93: =RIGHT(LEFT(E93,2),1) -> 1 | D93: =RIGHT(E93,5) -> _1998 | E93: Q1_1998 | F93: 382.7 | G93: 148.75782 | H93: =F93-G93 -> 233.94218 | I93: =(F93/F92-1)*100 -> 3.5723951 | J93: =(G93/G92-1)*100 -> 2.7393392 | K93: =(H93/H92-1)*100 -> 4.1091768 | M93: 92.646048 | N93: 99.3 | O93: -85 | P93: 141 | Q93: 659 | R93: -518 | AI93: -284 | AL93: 654.7 | AM93: =AL93-AN93 -> 218.1 | AN93: 436.6 | AO93: 168.1 | AW93: 4630.304 | AX93: 45.6 | AY93: -55.1 | BZ93: 4630.304 | CA93: 2223.904 | CB93: 2406.4 | CK93: 120.3
B94: 35947 | C94: =RIGHT(LEFT(E94,2),1) -> 2 | D94: =RIGHT(E94,5) -> _1998 | E94: Q2_1998 | F94: 392.6 | G94: 154.03263 | H94: =F94-G94 -> 238.56737 | I94: =(F94/F93-1)*100 -> 2.5868827 | J94: =(G94/G93-1)*100 -> 3.5459043 | K94: =(H94/H93-1)*100 -> 1.9770654 | M94: 94.707904 | N94: 100.7 | O94: 32 | P94: 417 | Q94: 949 | R94: -532 | AI94: 92 | AL94: 944.4 | AM94: =AL94-AN94 -> 275.5 | AN94: 668.9 | AO94: 227.5 | AW94: 4747.9 | AX94: 30.8 | AY94: -60 | BZ94: 4747.9 | CA94: 2217.7 | CB94: 2530.2 | CK94: 121
B95: 36039 | C95: =RIGHT(LEFT(E95,2),1) -> 3 | D95: =RIGHT(E95,5) -> _1998 | E95: Q3_1998 | F95: 418.7 | G95: 165.52272 | H95: =F95-G95 -> 253.17728 | I95: =(F95/F94-1)*100 -> 6.6479878 | J95: =(G95/G94-1)*100 -> 7.4595169 | K95: =(H95/H94-1)*100 -> 6.1240186 | M95: 93.333333 | N95: 102.7 | O95: 147 | P95: 489 | Q95: 1095 | R95: -606 | AI95: 15 | AL95: 1089.5 | AM95: =AL95-AN95 -> 435.2 | AN95: 654.3 | AO95: 395.7 | AW95: 4927.9 | AX95: 50.7 | AY95: -37.1 | BZ95: 4927.9 | CA95: 2217.7 | CB95: 2710.2 | CK95: 121.3
B96: 36130 | C96: =RIGHT(LEFT(E96,2),1) -> 4 | D96: =RIGHT(E96,5) -> _1998 | E96: Q4_1998 | F96: 450.1 | G96: 169.81617 | H96: =F96-G96 -> 280.28383 | I96: =(F96/F95-1)*100 -> 7.4994029 | J96: =(G96/G95-1)*100 -> 2.5938735 | K96: =(H96/H95-1)*100 -> 10.706549 | M96: 93.058419 | N96: 106.7 | O96: 30 | P96: 429 | Q96: 1004 | R96: -575 | AI96: -99 | AL96: 999.1 | AM96: =AL96-AN96 -> 306.8 | AN96: 692.3 | AO96: 228.9 | AW96: 5195.008 | AX96: 32.2 | AY96: -51 | BZ96: 5195.008 | CA96: 2473.008 | CB96: 2722 | CK96: 121.9
B97: 36220 | C97: =RIGHT(LEFT(E97,2),1) -> 1 | D97: =RIGHT(E97,5) -> _1999 | E97: Q1_1999 | F97: 437.2 | G97: 171.69711 | H97: =F97-G97 -> 265.50289 | I97: =(F97/F96-1)*100 -> -2.8660298 | J97: =(G97/G96-1)*100 -> 1.107633 | K97: =(H97/H96-1)*100 -> -5.2735614 | M97: 94.845361 | N97: 102.7 | O97: -148 | P97: 311 | Q97: 868 | R97: -557 | AI97: -65 | AL97: 862.9 | AM97: =AL97-AN97 -> 295.7 | AN97: 567.2 | AO97: 238.9 | AW97: 5532.545 | AX97: 6.8 | AY97: -37.4 | BZ97: 5532.545 | CA97: 2602.145 | CB97: 2930.4 | CK97: 121.8
B98: 36312 | C98: =RIGHT(LEFT(E98,2),1) -> 2 | D98: =RIGHT(E98,5) -> _1999 | E98: Q2_1999 | F98: 447.8 | G98: 175.45899 | H98: =F98-G98 -> 272.34101 | I98: =(F98/F97-1)*100 -> 2.4245197 | J98: =(G98/G97-1)*100 -> 2.1909979 | K98: =(H98/H97-1)*100 -> 2.5755351 | M98: 94.226804 | N98: 104.1 | O98: 33 | P98: 495 | Q98: 1208 | R98: -713 | AI98: -98 | AL98: 1202.7 | AM98: =AL98-AN98 -> 444.8 | AN98: 757.9 | AO98: 342.7 | AW98: 5697.8 | AX98: 4.2 | AY98: -52.5 | BZ98: 5697.8 | CA98: 2586.2 | CB98: 3111.6 | CK98: 122.3
B99: 36404 | C99: =RIGHT(LEFT(E99,2),1) -> 3 | D99: =RIGHT(E99,5) -> _1999 | E99: Q3_1999 | F99: 495.1 | G99: 197.9076 | H99: =F99-G99 -> 297.1924 | I99: =(F99/F98-1)*100 -> 10.562751 | J99: =(G99/G98-1)*100 -> 12.79422 | K99: =(H99/H98-1)*100 -> 9.1251002 | M99: 93.402062 | N99: 106.9 | O99: 356 | P99: 768 | Q99: 1453 | R99: -685 | AI99: 86 | AL99: 1499 | AM99: =AL99-AN99 -> 431.4 | AN99: 1067.6 | AO99: 366.2 | AW99: 6563.988 | AX99: 22.2 | AY99: -59 | BZ99: 6563.988 | CA99: 2650.988 | CB99: 3913 | CK99: 123.4
B100: 36495 | C100: =RIGHT(LEFT(E100,2),1) -> 4 | D100: =RIGHT(E100,5) -> _1999 | E100: Q4_1999 | F100: 509.5 | G100: 201.62859 | H100: =F100-G100 -> 307.87141 | I100: =(F100/F99-1)*100 -> 2.9085033 | J100: =(G100/G99-1)*100 -> 1.8801653 | K100: =(H100/H99-1)*100 -> 3.5932985 | M100: 95.463918 | N100: 105.9 | O100: 164 | P100: 696 | Q100: 1401 | R100: -705 | AI100: 237 | AL100: 1420.7 | AM100: =AL100-AN100 -> 289.4 | AN100: 1131.3 | AO100: 217.2 | AW100: 5656.3 | AX100: 190 | AY100: -81.5 | BZ100: 5656.3 | CA100: 2021.3 | CB100: 3635 | CK100: 124.1
B101: 36586 | C101: =RIGHT(LEFT(E101,2),1) -> 1 | D101: =RIGHT(E101,5) -> _2000 | E101: Q1_2000 | F101: 522.9 | G101: 205.84026 | H101: =F101-G101 -> 317.05974 | I101: =(F101/F100-1)*100 -> 2.6300294 | J101: =(G101/G100-1)*100 -> 2.0888258 | K101: =(H101/H100-1)*100 -> 2.98447 | M101: 99.587629 | N101: 105 | O101: 353 | P101: 796 | Q101: 1554 | R101: -758 | AI101: -91 | AL101: 1549.2 | AM101: =AL101-AN101 -> 334.6 | AN101: 1214.6 | AO101: 253.1 | AW101: 5597.8 | AX101: 135.8 | AY101: -55.6 | BZ101: 5597.8 | CA101: 2015.3 | CB101: 3582.5 | CC101: =SUMIF(monthly!$C:R,E101,monthly!R:R)/COUNTIF(monthly!$C:$C,E101) -> 26.773333 | CD101: =SUMIF(monthly!$C:S,$E101,monthly!S:S)/COUNTIF(monthly!$C:$C,$E101) -> 290.21667 | CE101: =SUMIF(monthly!$C:T,$E101,monthly!T:T)/COUNTIF(monthly!$C:$C,$E101) -> 1796.8933 | CF101: =SUMIF(monthly!$C:U,$E101,monthly!U:U)/COUNTIF(monthly!$C:$C,$E101) -> 901.71667 | CG101: =SUMIF(monthly!$C:V,$E101,monthly!V:V)/COUNTIF(monthly!$C:$C,$E101) -> 202.31442 | CK101: 125.2
B102: 36678 | C102: =RIGHT(LEFT(E102,2),1) -> 2 | D102: =RIGHT(E102,5) -> _2000 | E102: Q2_2000 | F102: 545.6 | G102: 209.80659 | H102: =F102-G102 -> 335.79341 | I102: =(F102/F101-1)*100 -> 4.3411742 | J102: =(G102/G101-1)*100 -> 1.9268971 | K102: =(H102/H101-1)*100 -> 5.9085616 | M102: 104.94845 | N102: 107.5 | O102: 161 | P102: 758 | Q102: 1388 | R102: -630 | AI102: 166 | AL102: 1332.1 | AM102: =AL102-AN102 -> 342.2 | AN102: 989.9 | AO102: 265.5 | AW102: 5126.9 | AX102: 147.5 | AY102: -84.2 | BZ102: 5126.9 | CA102: 1774.6 | CB102: 3352.3 | CC102: =SUMIF(monthly!$C:R,E102,monthly!R:R)/COUNTIF(monthly!$C:$C,E102) -> 26.54 | CD102: =SUMIF(monthly!$C:S,$E102,monthly!S:S)/COUNTIF(monthly!$C:$C,$E102) -> 280.3 | CE102: =SUMIF(monthly!$C:T,$E102,monthly!T:T)/COUNTIF(monthly!$C:$C,$E102) -> 1739.6933 | CF102: =SUMIF(monthly!$C:U,$E102,monthly!U:U)/COUNTIF(monthly!$C:$C,$E102) -> 923.2 | CG102: =SUMIF(monthly!$C:V,$E102,monthly!V:V)/COUNTIF(monthly!$C:$C,$E102) -> 175.87601 | CK102: 126.2
B103: 36770 | C103: =RIGHT(LEFT(E103,2),1) -> 3 | D103: =RIGHT(E103,5) -> _2000 | E103: Q3_2000 | F103: 555.5 | G103: 215.24496 | H103: =F103-G103 -> 340.25504 | I103: =(F103/F102-1)*100 -> 1.8145161 | J103: =(G103/G102-1)*100 -> 2.5920873 | K103: =(H103/H102-1)*100 -> 1.328683 | M103: 105.7732 | N103: 107.7 | O103: 324 | P103: 734 | Q103: 1393 | R103: -659 | AI103: 26 | AL103: 1387.9 | AM103: =AL103-AN103 -> 304.9 | AN103: 1083 | AO103: 221.8 | AW103: 5085.6 | AX103: 149.6 | AY103: -71.6 | BZ103: 5085.6 | CA103: 1705.6 | CB103: 3380 | CC103: =SUMIF(monthly!$C:R,E103,monthly!R:R)/COUNTIF(monthly!$C:$C,E103) -> 30.34 | CD103: =SUMIF(monthly!$C:S,$E103,monthly!S:S)/COUNTIF(monthly!$C:$C,$E103) -> 276.56667 | CE103: =SUMIF(monthly!$C:T,$E103,monthly!T:T)/COUNTIF(monthly!$C:$C,$E103) -> 1874.05 | CF103: =SUMIF(monthly!$C:U,$E103,monthly!U:U)/COUNTIF(monthly!$C:$C,$E103) -> 909.21 | CG103: =SUMIF(monthly!$C:V,$E103,monthly!V:V)/COUNTIF(monthly!$C:$C,$E103) -> 152.68098 | CK103: 130.9
B104: 36861 | C104: =RIGHT(LEFT(E104,2),1) -> 4 | D104: =RIGHT(E104,5) -> _2000 | E104: Q4_2000 | F104: 560.3 | G104: 217.16679 | H104: =F104-G104 -> 343.13321 | I104: =(F104/F103-1)*100 -> 0.86408641 | J104: =(G104/G103-1)*100 -> 0.89285714 | K104: =(H104/H103-1)*100 -> 0.84588607 | M104: 103.23024 | N104: 105.8 | O104: 135 | P104: 746 | Q104: 1478 | R104: -732 | AI104: 258 | AL104: 1472.5 | AM104: =AL104-AN104 -> 316.3 | AN104: 1156.2 | AO104: 215.1 | AW104: 6066.3 | AX104: 163.7 | AY104: -80.8 | BZ104: 6066.3 | CA104: 1783.3 | CB104: 4283 | CC104: =SUMIF(monthly!$C:R,E104,monthly!R:R)/COUNTIF(monthly!$C:$C,E104) -> 29.576667 | CD104: =SUMIF(monthly!$C:S,$E104,monthly!S:S)/COUNTIF(monthly!$C:$C,$E104) -> 269.15333 | CE104: =SUMIF(monthly!$C:T,$E104,monthly!T:T)/COUNTIF(monthly!$C:$C,$E104) -> 1847.4567 | CF104: =SUMIF(monthly!$C:U,$E104,monthly!U:U)/COUNTIF(monthly!$C:$C,$E104) -> 881.49667 | CG104: =SUMIF(monthly!$C:V,$E104,monthly!V:V)/COUNTIF(monthly!$C:$C,$E104) -> 137.82043 | CK104: 131.3
B105: 36951 | C105: =RIGHT(LEFT(E105,2),1) -> 1 | D105: =RIGHT(E105,5) -> _2001 | E105: Q1_2001 | F105: 569.3 | G105: 217.9437 | H105: =F105-G105 -> 351.3563 | I105: =(F105/F104-1)*100 -> 1.6062823 | J105: =(G105/G104-1)*100 -> 0.35774807 | K105: =(H105/H104-1)*100 -> 2.3964716 | M105: 98.900344 | N105: 102.9 | O105: 335 | P105: 807 | Q105: 1613 | R105: -806 | AI105: -30 | AL105: 1607.7 | AM105: =AL105-AN105 -> 251.5 | AN105: 1356.2 | AO105: 160.6 | AQ105: 96.2 | AR105: 94.5 | AS105: 93.3 | AT105: 350.5 | AU105: 382.3 | AV105: 170 | AW105: 6004.4 | AX105: 80.1 | AY105: -87.3 | BZ105: 6004.4 | CA105: 2047.3 | CB105: 3957.1 | CC105: =SUMIF(monthly!$C:R,E105,monthly!R:R)/COUNTIF(monthly!$C:$C,E105) -> 25.816667 | CD105: =SUMIF(monthly!$C:S,$E105,monthly!S:S)/COUNTIF(monthly!$C:$C,$E105) -> 263.47 | CE105: =SUMIF(monthly!$C:T,$E105,monthly!T:T)/COUNTIF(monthly!$C:$C,$E105) -> 1765.1167 | CF105: =SUMIF(monthly!$C:U,$E105,monthly!U:U)/COUNTIF(monthly!$C:$C,$E105) -> 1082.76 | CG105: =SUMIF(monthly!$C:V,$E105,monthly!V:V)/COUNTIF(monthly!$C:$C,$E105) -> 129.63665 | CK105: 132.7
B106: 37043 | C106: =RIGHT(LEFT(E106,2),1) -> 2 | D106: =RIGHT(E106,5) -> _2001 | E106: Q2_2001 | F106: 588.6 | G106: 226.40793 | H106: =F106-G106 -> 362.19207 | I106: =(F106/F105-1)*100 -> 3.3901282 | J106: =(G106/G105-1)*100 -> 3.8836773 | K106: =(H106/H105-1)*100 -> 3.0839834 | M106: 95.463918 | N106: 100.1 | O106: 274 | P106: 834 | Q106: 1491 | R106: -657 | AI106: 213 | AL106: 1486.2 | AM106: =AL106-AN106 -> 326.5 | AN106: 1159.7 | AO106: 223.1 | AQ106: 91.9 | AR106: 90.8 | AS106: 93.2 | AT106: 332.2 | AU106: 362.6 | AV106: 164.4 | AW106: 6185.5 | AX106: 84.4 | AY106: -75.5 | BZ106: 6185.5 | CA106: 2033 | CB106: 4152.5 | CC106: =SUMIF(monthly!$C:R,E106,monthly!R:R)/COUNTIF(monthly!$C:$C,E106) -> 27.24 | CD106: =SUMIF(monthly!$C:S,$E106,monthly!S:S)/COUNTIF(monthly!$C:$C,$E106) -> 267.68667 | CE106: =SUMIF(monthly!$C:T,$E106,monthly!T:T)/COUNTIF(monthly!$C:$C,$E106) -> 1653.7633 | CF106: =SUMIF(monthly!$C:U,$E106,monthly!U:U)/COUNTIF(monthly!$C:$C,$E106) -> 1044.7967 | CG106: =SUMIF(monthly!$C:V,$E106,monthly!V:V)/COUNTIF(monthly!$C:$C,$E106) -> 129.81356 | CK106: 133.8
B107: 37135 | C107: =RIGHT(LEFT(E107,2),1) -> 3 | D107: =RIGHT(E107,5) -> _2001 | E107: Q3_2001 | F107: 611.2 | G107: 240.71943 | H107: =F107-G107 -> 370.48057 | I107: =(F107/F106-1)*100 -> 3.8396194 | J107: =(G107/G106-1)*100 -> 6.3211125 | K107: =(H107/H106-1)*100 -> 2.2884267 | M107: 97.66323 | N107: 99.3 | O107: 310 | P107: 837 | Q107: 1659 | R107: -822 | AI107: 257 | AL107: 1653.9 | AM107: =AL107-AN107 -> 314.8 | AN107: 1339.1 | AO107: 224.5 | AQ107: 93.1 | AR107: 90.5 | AS107: 107.3 | AT107: 351.4 | AU107: 385 | AV107: 172.8 | AW107: 6542.9 | AX107: 103.2 | AY107: -99.1 | BZ107: 6542.9 | CA107: 1976.7 | CB107: 4566.2 | CC107: =SUMIF(monthly!$C:R,E107,monthly!R:R)/COUNTIF(monthly!$C:$C,E107) -> 25.25 | CD107: =SUMIF(monthly!$C:S,$E107,monthly!S:S)/COUNTIF(monthly!$C:$C,$E107) -> 274.44667 | CE107: =SUMIF(monthly!$C:T,$E107,monthly!T:T)/COUNTIF(monthly!$C:$C,$E107) -> 1473.6267 | CF107: =SUMIF(monthly!$C:U,$E107,monthly!U:U)/COUNTIF(monthly!$C:$C,$E107) -> 1008 | CG107: =SUMIF(monthly!$C:V,$E107,monthly!V:V)/COUNTIF(monthly!$C:$C,$E107) -> 115.22821 | CK107: 134.2
B108: 37226 | C108: =RIGHT(LEFT(E108,2),1) -> 4 | D108: =RIGHT(E108,5) -> _2001 | E108: Q4_2001 | F108: 618.3 | G108: 244.27686 | H108: =F108-G108 -> 374.02314 | I108: =(F108/F107-1)*100 -> 1.1616492 | J108: =(G108/G107-1)*100 -> 1.4778325 | K108: =(H108/H107-1)*100 -> 0.95620939 | M108: 95.738832 | N108: 100.3 | O108: 24 | P108: 462 | Q108: 1342 | R108: -880 | AI108: 268 | AL108: 1337 | AM108: =AL108-AN108 -> 296.4 | AN108: 1040.6 | AO108: 192.9 | AQ108: 73.4 | AR108: 71.7 | AS108: 82.9 | AT108: 337.6 | AU108: 362.8 | AV108: 200.7 | AW108: 7409.1 | AX108: 355.5 | AY108: -93.9 | BZ108: 7409.1 | CA108: 2115.1 | CB108: 5294 | CC108: =SUMIF(monthly!$C:R,E108,monthly!R:R)/COUNTIF(monthly!$C:$C,E108) -> 19.34 | CD108: =SUMIF(monthly!$C:S,$E108,monthly!S:S)/COUNTIF(monthly!$C:$C,$E108) -> 278.35667 | CE108: =SUMIF(monthly!$C:T,$E108,monthly!T:T)/COUNTIF(monthly!$C:$C,$E108) -> 1428.1733 | CF108: =SUMIF(monthly!$C:U,$E108,monthly!U:U)/COUNTIF(monthly!$C:$C,$E108) -> 1217.9467 | CG108: =SUMIF(monthly!$C:V,$E108,monthly!V:V)/COUNTIF(monthly!$C:$C,$E108) -> 112.10278 | CK108: 135.4
B109: 37316 | C109: =RIGHT(LEFT(E109,2),1) -> 1 | D109: =RIGHT(E109,5) -> _2002 | E109: Q1_2002 | F109: 629 | G109: 252.65931 | H109: =F109-G109 -> 376.34069 | I109: =(F109/F108-1)*100 -> 1.7305515 | J109: =(G109/G108-1)*100 -> 3.4315367 | K109: =(H109/H108-1)*100 -> 0.61962744 | L109: 100 | M109: 100 | N109: 100 | O109: -128.8 | P109: =S109+V109 -> 18.8 | Q109: =T109+W109 -> 1493.8 | R109: =U109+X109 -> -1475 | S109: 452 | T109: 1359 | U109: -907 | V109: -433.2 | W109: 134.8 | X109: -568 | Y109: -175.9 | Z109: 17 | AA109: -192.9 | AB109: 28.3 | AC109: 78.1 | AD109: -49.8 | AE109: 0 | AF109: 0 | AG109: 0 | AH109: 90.2 | AI109: -52.6 | AJ109: =VLOOKUP($B109,monthly!$B$3:$Y$260,COLUMN($E:$E)) -> 1484.3142 | AK109: =VLOOKUP($B109,monthly!$B$3:$Y$260,COLUMN($F:$F)) -> 1514.9224 | AL109: 1354.2 | AM109: =AL109-AN109 -> 312.3 | AN109: 1041.9 | AO109: 184.8 | AQ109: 82.3 | AR109: 82.8 | AS109: 79.8 | AT109: 307.9 | AU109: 326.2 | AV109: 210.5 | AW109: 7116.8 | AX109: 73.1 | AY109: -82.3 | AZ109: =VLOOKUP($B109,monthly!$B$3:$Y$269,COLUMN(G:G)) -> 3474.9693 | BA109: =VLOOKUP($B109,monthly!$B$3:$Y$269,COLUMN($H:$H)) -> 1495.904 | BB109: =VLOOKUP($B109,monthly!$B$3:$Y$269,COLUMN($I:$I)) -> 1402.6507 | BC109: =VLOOKUP($B109,monthly!$B$3:$Y$269,COLUMN($J:$J)) -> 1804.2718 | BD109: =VLOOKUP($B109,monthly!$B$3:$Y$269,COLUMN($K:$K)) -> 1222.3204 | BE109: =VLOOKUP($B109,monthly!$B$3:$Y$269,COLUMN($L:$L)) -> 1316.419 | BZ109: 7116.8 | CA109: 2286.6 | CB109: 4830.2 | CC109: =SUMIF(monthly!$C:R,E109,monthly!R:R)/COUNTIF(monthly!$C:$C,E109) -> 21.156667 | CD109: =SUMIF(monthly!$C:S,$E109,monthly!S:S)/COUNTIF(monthly!$C:$C,$E109) -> 290.4 | CE109: =SUMIF(monthly!$C:T,$E109,monthly!T:T)/COUNTIF(monthly!$C:$C,$E109) -> 1558.9967 | CF109: =SUMIF(monthly!$C:U,$E109,monthly!U:U)/COUNTIF(monthly!$C:$C,$E109) -> 1489.45 | CG109: =SUMIF(monthly!$C:V,$E109,monthly!V:V)/COUNTIF(monthly!$C:$C,$E109) -> 120.71246 | CK109: 136.6
B110: 37408 | C110: =RIGHT(LEFT(E110,2),1) -> 2 | D110: =RIGHT(E110,5) -> _2002 | E110: Q2_2002 | F110: 644.1 | G110: 265.58055 | H110: =F110-G110 -> 378.51945 | I110: =(F110/F109-1)*100 -> 2.4006359 | J110: =(G110/G109-1)*100 -> 5.1140961 | K110: =(H110/H109-1)*100 -> 0.57893288 | L110: 101.6 | M110: 100 | N110: 101.8 | O110: -64.6 | P110: =S110+V110 -> 199.5 | Q110: =T110+W110 -> 1908.5 | R110: =U110+X110 -> -1709 | S110: 609 | T110: 1677 | U110: -1068 | V110: -409.5 | W110: 231.5 | X110: -641 | Y110: -332.4 | Z110: 38.3 | AA110: -370.7 | AB110: 68.3 | AC110: 114.6 | AD110: -46.3 | AE110: 0 | AF110: 0 | AG110: 0 | AH110: 309.6 | AI110: 263.6 | AJ110: =VLOOKUP($B110,monthly!$B$3:$Y$260,COLUMN($E:$E)) -> 1798.2809 | AK110: =VLOOKUP($B110,monthly!$B$3:$Y$260,COLUMN($F:$F)) -> 1828.9942 | AL110: 1671.9 | AM110: =AL110-AN110 -> 371.9 | AN110: 1300 | AO110: 261.1 | AQ110: 89 | AR110: 86 | AS110: 103.2 | AT110: 369.8 | AU110: 394.2 | AV110: 243.2 | AW110: 7320.9 | AX110: 61.7 | AY110: -78.3 | AZ110: =VLOOKUP($B110,monthly!$B$3:$Y$269,COLUMN(G:G)) -> 3533.1422 | BA110: =VLOOKUP($B110,monthly!$B$3:$Y$269,COLUMN($H:$H)) -> 1543.0871 | BB110: =VLOOKUP($B110,monthly!$B$3:$Y$269,COLUMN($I:$I)) -> 1722.5506 | BC110: =VLOOKUP($B110,monthly!$B$3:$Y$269,COLUMN($J:$J)) -> 1812.5046 | BD110: =VLOOKUP($B110,monthly!$B$3:$Y$269,COLUMN($K:$K)) -> 993.3209 | BE110: =VLOOKUP($B110,monthly!$B$3:$Y$269,COLUMN($L:$L)) -> 1296.652 | BZ110: 7320.9 | CA110: 2253 | CB110: 5067.9 | CC110: =SUMIF(monthly!$C:R,E110,monthly!R:R)/COUNTIF(monthly!$C:$C,E110) -> 25.07 | CD110: =SUMIF(monthly!$C:S,$E110,monthly!S:S)/COUNTIF(monthly!$C:$C,$E110) -> 312.78333 | CE110: =SUMIF(monthly!$C:T,$E110,monthly!T:T)/COUNTIF(monthly!$C:$C,$E110) -> 1612.06 | CF110: =SUMIF(monthly!$C:U,$E110,monthly!U:U)/COUNTIF(monthly!$C:$C,$E110) -> 1609.77 | CG110: =SUMIF(monthly!$C:V,$E110,monthly!V:V)/COUNTIF(monthly!$C:$C,$E110) -> 117.52806 | CK110: 137.6
B111: 37500 | C111: =RIGHT(LEFT(E111,2),1) -> 3 | D111: =RIGHT(E111,5) -> _2002 | E111: Q3_2002 | F111: 686.071 | G111: 281.97744 | H111: =F111-G111 -> 404.09356 | I111: =(F111/F110-1)*100 -> 6.5162242 | J111: =(G111/G110-1)*100 -> 6.17398 | K111: =(H111/H110-1)*100 -> 6.7563529 | L111: 102.8 | M111: 98.2 | N111: 103.2 | O111: -318.7 | P111: =S111+V111 -> -174 | Q111: =T111+W111 -> 1719 | R111: =U111+X111 -> -1893 | S111: 452 | T111: 1571 | U111: -1119 | V111: -626 | W111: 148 | X111: -774 | Y111: -164.7 | Z111: 22 | AA111: -186.7 | AB111: 20 | AC111: 84.8 | AD111: -64.8 | AE111: 0 | AF111: 0 | AG111: 0 | AH111: 33.9 | AI111: -292.1 | AJ111: =VLOOKUP($B111,monthly!$B$3:$Y$260,COLUMN($E:$E)) -> 1501.2625 | AK111: =VLOOKUP($B111,monthly!$B$3:$Y$260,COLUMN($F:$F)) -> 1530.1664 | AL111: 1565.6 | AM111: =AL111-AN111 -> 427.5 | AN111: 1138.1 | AO111: 316.9 | AQ111: 76.1 | AR111: 68.1 | AS111: 109.1 | AT111: 405.3 | AU111: 432.9 | AV111: 291.4 | AW111: 7898.5 | AX111: 61.3 | AY111: -94.7 | AZ111: =VLOOKUP($B111,monthly!$B$3:$Y$269,COLUMN(G:G)) -> 3470.2981 | BA111: =VLOOKUP($B111,monthly!$B$3:$Y$269,COLUMN($H:$H)) -> 1521.0842 | BB111: =VLOOKUP($B111,monthly!$B$3:$Y$269,COLUMN($I:$I)) -> 1505.466 | BC111: =VLOOKUP($B111,monthly!$B$3:$Y$269,COLUMN($J:$J)) -> 1841.5006 | BD111: =VLOOKUP($B111,monthly!$B$3:$Y$269,COLUMN($K:$K)) -> 1163.8898 | BE111: =VLOOKUP($B111,monthly!$B$3:$Y$269,COLUMN($L:$L)) -> 1323.44 | BZ111: 7898.5 | CA111: 2393.8 | CB111: 5504.7 | CC111: =SUMIF(monthly!$C:R,E111,monthly!R:R)/COUNTIF(monthly!$C:$C,E111) -> 26.913333 | CD111: =SUMIF(monthly!$C:S,$E111,monthly!S:S)/COUNTIF(monthly!$C:$C,$E111) -> 314.23333 | CE111: =SUMIF(monthly!$C:T,$E111,monthly!T:T)/COUNTIF(monthly!$C:$C,$E111) -> 1516.7133 | CF111: =SUMIF(monthly!$C:U,$E111,monthly!U:U)/COUNTIF(monthly!$C:$C,$E111) -> 1999.56 | CG111: =SUMIF(monthly!$C:V,$E111,monthly!V:V)/COUNTIF(monthly!$C:$C,$E111) -> 106.59887 | CK111: 138.5
B112: 37591 | C112: =RIGHT(LEFT(E112,2),1) -> 4 | D112: =RIGHT(E112,5) -> _2002 | E112: Q4_2002 | F112: 709.874 | G112: 287.7691 | H112: =F112-G112 -> 422.1049 | I112: =(F112/F111-1)*100 -> 3.469466 | J112: =(G112/G111-1)*100 -> 2.0539443 | K112: =(H112/H111-1)*100 -> 4.4572204 | L112: 103.2 | M112: 96.9 | N112: 103.8 | O112: 9.6 | P112: =S112+V112 -> 135 | Q112: =T112+W112 -> 1895 | R112: =U112+X112 -> -1760 | S112: 677 | T112: 1780 | U112: -1103 | V112: -542 | W112: 115 | X112: -657 | Y112: -114.5 | Z112: 28.9 | AA112: -143.4 | AB112: -10.9 | AC112: 56.7 | AD112: -67.6 | AE112: 0 | AF112: 0 | AG112: 0 | AH112: -113.6 | AI112: -158.1 | AJ112: =VLOOKUP($B112,monthly!$B$3:$Y$260,COLUMN($E:$E)) -> 1350.3883 | AK112: =VLOOKUP($B112,monthly!$B$3:$Y$260,COLUMN($F:$F)) -> 1376.5081 | AL112: 1775.4 | AM112: =AL112-AN112 -> 481.4 | AN112: 1294 | AO112: 322.1 | AQ112: 83.5 | AR112: 75.2 | AS112: 113.7 | AT112: 424.2 | AU112: 450.1 | AV112: 339.7 | AW112: 8365.3 | AX112: 60.9 | AY112: -108.4 | AZ112: =VLOOKUP($B112,monthly!$B$3:$Y$269,COLUMN(G:G)) -> 3569.1939 | BA112: =VLOOKUP($B112,monthly!$B$3:$Y$269,COLUMN($H:$H)) -> 1598.6767 | BB112: =VLOOKUP($B112,monthly!$B$3:$Y$269,COLUMN($I:$I)) -> 1421.2665 | BC112: =VLOOKUP($B112,monthly!$B$3:$Y$269,COLUMN($J:$J)) -> 1780.194 | BD112: =VLOOKUP($B112,monthly!$B$3:$Y$269,COLUMN($K:$K)) -> 1365.9509 | BE112: =VLOOKUP($B112,monthly!$B$3:$Y$269,COLUMN($L:$L)) -> 1251.824 | BZ112: 8365.3 | CA112: 2588.3 | CB112: 5777 | CC112: =SUMIF(monthly!$C:R,E112,monthly!R:R)/COUNTIF(monthly!$C:$C,E112) -> 26.856667 | CD112: =SUMIF(monthly!$C:S,$E112,monthly!S:S)/COUNTIF(monthly!$C:$C,$E112) -> 322.71333 | CE112: =SUMIF(monthly!$C:T,$E112,monthly!T:T)/COUNTIF(monthly!$C:$C,$E112) -> 1553.39 | CF112: =SUMIF(monthly!$C:U,$E112,monthly!U:U)/COUNTIF(monthly!$C:$C,$E112) -> 2017.39 | CG112: =SUMIF(monthly!$C:V,$E112,monthly!V:V)/COUNTIF(monthly!$C:$C,$E112) -> 129.7939 | CK112: 139.5
B113: 37681 | C113: =RIGHT(LEFT(E113,2),1) -> 1 | D113: =RIGHT(E113,5) -> _2003 | E113: Q1_2003 | F113: 758.914 | G113: 312.58647 | H113: =F113-G113 -> 446.32753 | I113: =(F113/F112-1)*100 -> 6.9082682 | J113: =(G113/G112-1)*100 -> 8.6240558 | K113: =(H113/H112-1)*100 -> 5.7385338 | L113: 104.3 | M113: 98.5 | N113: 104.9 | O113: 407 | P113: =S113+V113 -> 344 | Q113: =T113+W113 -> 2236 | R113: =U113+X113 -> -1892 | S113: 955 | T113: 2038 | U113: -1083 | V113: -611 | W113: 198 | X113: -809 | Y113: -205 | Z113: 9 | AA113: -214 | AB113: 268 | AC113: 332 | AD113: -64 | AE113: 0 | AF113: 0 | AG113: 0 | AH113: -537.7 | AI113: -155.6 | AJ113: =VLOOKUP($B113,monthly!$B$3:$Y$260,COLUMN($E:$E)) -> 1200.7115 | AK113: =VLOOKUP($B113,monthly!$B$3:$Y$260,COLUMN($F:$F)) -> 1221.7364 | AL113: 2033.3 | AM113: =AL113-AN113 -> 441.8 | AN113: 1591.5 | AO113: 289.6 | AQ113: 97.9 | AR113: 95.6 | AS113: 106.1 | AT113: 444 | AU113: 475.5 | AV113: 331.5 | AW113: 7802.7 | AX113: 35 | AY113: -112 | AZ113: =VLOOKUP($B113,monthly!$B$3:$Y$269,COLUMN(G:G)) -> 3440.3974 | BA113: =VLOOKUP($B113,monthly!$B$3:$Y$269,COLUMN($H:$H)) -> 1521.8072 | BB113: =VLOOKUP($B113,monthly!$B$3:$Y$269,COLUMN($I:$I)) -> 1307.3039 | BC113: =VLOOKUP($B113,monthly!$B$3:$Y$269,COLUMN($J:$J)) -> 1755.7555 | BD113: =VLOOKUP($B113,monthly!$B$3:$Y$269,COLUMN($K:$K)) -> 1335.3677 | BE113: =VLOOKUP($B113,monthly!$B$3:$Y$269,COLUMN($L:$L)) -> 1269.215 | BZ113: 7802.7 | CA113: 2762.6 | CB113: 5040.1 | CC113: =SUMIF(monthly!$C:R,E113,monthly!R:R)/COUNTIF(monthly!$C:$C,E113) -> 31.426667 | CD113: =SUMIF(monthly!$C:S,$E113,monthly!S:S)/COUNTIF(monthly!$C:$C,$E113) -> 352.12667 | CE113: =SUMIF(monthly!$C:T,$E113,monthly!T:T)/COUNTIF(monthly!$C:$C,$E113) -> 1662.7167 | CF113: =SUMIF(monthly!$C:U,$E113,monthly!U:U)/COUNTIF(monthly!$C:$C,$E113) -> 2136.7767 | CG113: =SUMIF(monthly!$C:V,$E113,monthly!V:V)/COUNTIF(monthly!$C:$C,$E113) -> 127.42853 | CK113: 141.3
B114: 37773 | C114: =RIGHT(LEFT(E114,2),1) -> 2 | D114: =RIGHT(E114,5) -> _2003 | E114: Q2_2003 | F114: 766.152 | G114: 305.25693 | H114: =F114-G114 -> 460.89507 | I114: =(F114/F113-1)*100 -> 0.95373125 | J114: =(G114/G113-1)*100 -> -2.3448016 | K114: =(H114/H113-1)*100 -> 3.263866 | L114: 109 | M114: 97.5 | N114: 110 | O114: -388 | P114: =S114+V114 -> 203 | Q114: =T114+W114 -> 2098 | R114: =U114+X114 -> -1895 | S114: 803 | T114: 1875 | U114: -1072 | V114: -600 | W114: 223 | X114: -823 | Y114: -887 | Z114: 28 | AA114: -915 | AB114: 296 | AC114: 348 | AD114: -52 | AE114: 0 | AF114: 0 | AG114: 0 | AH114: 471 | AI114: 59.9 | AJ114: =VLOOKUP($B114,monthly!$B$3:$Y$260,COLUMN($E:$E)) -> 1262.7697 | AK114: =VLOOKUP($B114,monthly!$B$3:$Y$260,COLUMN($F:$F)) -> 1281.7398 | AL114: 1869.7 | AM114: =AL114-AN114 -> 520.3 | AN114: 1349.4 | AO114: 385.3 | AQ114: 92.3 | AR114: 82.9 | AS114: 124.5 | AT114: 405 | AU114: 433.9 | AV114: 306.4 | AW114: 7792.6 | AX114: 33.5 | AY114: -108.7 | AZ114: =VLOOKUP($B114,monthly!$B$3:$Y$269,COLUMN(G:G)) -> 3377.3107 | BA114: =VLOOKUP($B114,monthly!$B$3:$Y$269,COLUMN($H:$H)) -> 1656.3749 | BB114: =VLOOKUP($B114,monthly!$B$3:$Y$269,COLUMN($I:$I)) -> 1303.2973 | BC114: =VLOOKUP($B114,monthly!$B$3:$Y$269,COLUMN($J:$J)) -> 1741.2837 | BD114: =VLOOKUP($B114,monthly!$B$3:$Y$269,COLUMN($K:$K)) -> 1331.7859 | BE114: =VLOOKUP($B114,monthly!$B$3:$Y$269,COLUMN($L:$L)) -> 1261.485 | BZ114: 7792.6 | CA114: 2946.2 | CB114: 4846.4 | CC114: =SUMIF(monthly!$C:R,E114,monthly!R:R)/COUNTIF(monthly!$C:$C,E114) -> 26.126667 | CD114: =SUMIF(monthly!$C:S,$E114,monthly!S:S)/COUNTIF(monthly!$C:$C,$E114) -> 346.79667 | CE114: =SUMIF(monthly!$C:T,$E114,monthly!T:T)/COUNTIF(monthly!$C:$C,$E114) -> 1641.36 | CF114: =SUMIF(monthly!$C:U,$E114,monthly!U:U)/COUNTIF(monthly!$C:$C,$E114) -> 1746.8233 | CG114: =SUMIF(monthly!$C:V,$E114,monthly!V:V)/COUNTIF(monthly!$C:$C,$E114) -> 126.35396 | CK114: 141.3
B115: 37865 | C115: =RIGHT(LEFT(E115,2),1) -> 3 | D115: =RIGHT(E115,5) -> _2003 | E115: Q3_2003 | F115: 766.829 | G115: 306.94651 | H115: =F115-G115 -> 459.88249 | I115: =(F115/F114-1)*100 -> 0.088363667 | J115: =(G115/G114-1)*100 -> 0.55349268 | K115: =(H115/H114-1)*100 -> -0.21969747 | L115: 108.7 | M115: 97.7 | N115: 109.7 | O115: 221 | P115: =S115+V115 -> 445 | Q115: =T115+W115 -> 2156 | R115: =U115+X115 -> -1711 | S115: 921 | T115: 1922 | U115: -1001 | V115: -476 | W115: 234 | X115: -710 | Y115: -306 | Z115: 10 | AA115: -316 | AB115: 82 | AC115: 207 | AD115: -125 | AE115: 0 | AF115: 0 | AG115: 0 | AH115: -103 | AI115: 153.9 | AJ115: =VLOOKUP($B115,monthly!$B$3:$Y$260,COLUMN($E:$E)) -> 1455.81 | AK115: =VLOOKUP($B115,monthly!$B$3:$Y$260,COLUMN($F:$F)) -> 1471.9818 | AL115: 1917 | AM115: =AL115-AN115 -> 492 | AN115: 1425 | AO115: 369 | AQ115: 98.6 | AR115: 91.8 | AS115: 123.1 | AT115: 384.9 | AU115: 418.2 | AV115: 264.6 | AW115: 7519.2 | AX115: 36.2 | AY115: -115.4 | AZ115: =VLOOKUP($B115,monthly!$B$3:$Y$269,COLUMN(G:G)) -> 3329.322 | BA115: =VLOOKUP($B115,monthly!$B$3:$Y$269,COLUMN($H:$H)) -> 1609.474 | BB115: =VLOOKUP($B115,monthly!$B$3:$Y$269,COLUMN($I:$I)) -> 1402.7914 | BC115: =VLOOKUP($B115,monthly!$B$3:$Y$269,COLUMN($J:$J)) -> 1727.7156 | BD115: =VLOOKUP($B115,monthly!$B$3:$Y$269,COLUMN($K:$K)) -> 1212.5708 | BE115: =VLOOKUP($B115,monthly!$B$3:$Y$269,COLUMN($L:$L)) -> 1271.061 | BZ115: 7519.2 | CA115: 2816.1 | CB115: 4703.1 | CC115: =SUMIF(monthly!$C:R,E115,monthly!R:R)/COUNTIF(monthly!$C:$C,E115) -> 28.443333 | CD115: =SUMIF(monthly!$C:S,$E115,monthly!S:S)/COUNTIF(monthly!$C:$C,$E115) -> 363.24667 | CE115: =SUMIF(monthly!$C:T,$E115,monthly!T:T)/COUNTIF(monthly!$C:$C,$E115) -> 1753.0767 | CF115: =SUMIF(monthly!$C:U,$E115,monthly!U:U)/COUNTIF(monthly!$C:$C,$E115) -> 1582.6033 | CG115: =SUMIF(monthly!$C:V,$E115,monthly!V:V)/COUNTIF(monthly!$C:$C,$E115) -> 125.41044 | CK115: 142.1
B116: 37956 | C116: =RIGHT(LEFT(E116,2),1) -> 4 | D116: =RIGHT(E116,5) -> _2003 | E116: Q4_2003 | F116: 769.808 | G116: 307.51938 | H116: =F116-G116 -> 462.28862 | I116: =(F116/F115-1)*100 -> 0.38848296 | J116: =(G116/G115-1)*100 -> 0.18663477 | K116: =(H116/H115-1)*100 -> 0.52320563 | L116: 108.5 | M116: 96.7 | N116: 109.5 | O116: 256 | P116: =S116+V116 -> 356 | Q116: =T116+W116 -> 2181 | R116: =U116+X116 -> -1825 | S116: 932 | T116: 2007 | U116: -1075 | V116: -576 | W116: 174 | X116: -750 | Y116: -301 | Z116: 11 | AA116: -312 | AB116: 201 | AC116: 250 | AD116: -49 | AE116: 0 | AF116: 0 | AG116: 0 | AH116: -15 | AI116: 294.9 | AJ116: =VLOOKUP($B116,monthly!$B$3:$Y$260,COLUMN($E:$E)) -> 1728.3179 | AK116: =VLOOKUP($B116,monthly!$B$3:$Y$260,COLUMN($F:$F)) -> 1742.6513 | AL116: 2002.1 | AM116: =AL116-AN116 -> 478 | AN116: 1524.1 | AO116: 346.9 | AQ116: 104.9 | AR116: 104.2 | AS116: 108 | AT116: 395.4 | AU116: 426.3 | AV116: 268.3 | AW116: 7924 | AX116: 36.3 | AY116: -110.8 | AZ116: =VLOOKUP($B116,monthly!$B$3:$Y$269,COLUMN(G:G)) -> 3410.4992 | BA116: =VLOOKUP($B116,monthly!$B$3:$Y$269,COLUMN($H:$H)) -> 1706.5163 | BB116: =VLOOKUP($B116,monthly!$B$3:$Y$269,COLUMN($I:$I)) -> 1621.1052 | BC116: =VLOOKUP($B116,monthly!$B$3:$Y$269,COLUMN($J:$J)) -> 1707.4158 | BD116: =VLOOKUP($B116,monthly!$B$3:$Y$269,COLUMN($K:$K)) -> 1252.9771 | BE116: =VLOOKUP($B116,monthly!$B$3:$Y$269,COLUMN($L:$L)) -> 1302.142 | BZ116: 7924 | CA116: 3022.9 | CB116: 4901.1 | CC116: =SUMIF(monthly!$C:R,E116,monthly!R:R)/COUNTIF(monthly!$C:$C,E116) -> 29.413333 | CD116: =SUMIF(monthly!$C:S,$E116,monthly!S:S)/COUNTIF(monthly!$C:$C,$E116) -> 392.14 | CE116: =SUMIF(monthly!$C:T,$E116,monthly!T:T)/COUNTIF(monthly!$C:$C,$E116) -> 2060.3 | CF116: =SUMIF(monthly!$C:U,$E116,monthly!U:U)/COUNTIF(monthly!$C:$C,$E116) -> 1546.09 | CG116: =SUMIF(monthly!$C:V,$E116,monthly!V:V)/COUNTIF(monthly!$C:$C,$E116) -> 124.37518 | CK116: 142.8
